Workbook
Name Auxiliar: #REF!
Name Auxiliar: #REF!
Name Auxiliar: #REF!
Name CUSTO_VALE_TRANSPORTE: #REF!
Name CUSTO_VALE_TRANSPORTE: #REF!
Name CUSTO_VALE_TRANSPORTE: #REF!
Name ecwece4c: #REF!
Name ecwece4c: #REF!
Name ecwece4c: #REF!
Name MOMB4: '[1]SERVENTE MANUTENCAO'!$I$144
Name MONA1: #REF!
Name MONA1: #REF!
Name MONA1: #REF!
Name MONA2: #REF!
Name MONA2: #REF!
Name MONA2: #REF!
Name MONA3: [2]HIDRAULICO!$I$138
Name MONA4: '[2]SERVENTE (AUX PRODUCAO)'!$I$138
Name MONA5: #REF!
Name MONA5: #REF!
Name MONA5: #REF!
Name MONA6: #REF!
Name MONA6: #REF!
Name MONA6: #REF!
Name MONA7: #REF!
Name MONA7: #REF!
Name MONA7: #REF!
Name MONA8: [2]MECANICO_REFRIGERACAO!$I$138
Name MONB1: #REF!
Name MONB1: #REF!
Name MONB1: #REF!
Name MONB2: #REF!
Name MONB2: #REF!
Name MONB2: #REF!
Name MONB3: [2]HIDRAULICO!$I$144
Name MONB4: '[2]SERVENTE (AUX PRODUCAO)'!$I$144
Name MONB5: #REF!
Name MONB5: #REF!
Name MONB5: #REF!
Name MONB6: #REF!
Name MONB6: #REF!
Name MONB6: #REF!
Name MONB7: #REF!
Name MONB7: #REF!
Name MONB7: #REF!
Name MONB8: [2]MECANICO_REFRIGERACAO!$I$144
Name MONC1: #REF!
Name MONC1: #REF!
Name MONC1: #REF!
Name MONC2: #REF!
Name MONC2: #REF!
Name MONC2: #REF!
Name MONC3: [2]HIDRAULICO!$I$148
Name MONC4: '[2]SERVENTE (AUX PRODUCAO)'!$I$148
Name MONC5: #REF!
Name MONC5: #REF!
Name MONC5: #REF!
Name MONC6: #REF!
Name MONC6: #REF!
Name MONC6: #REF!

Sheet Copeiro - Porto Alegre
A1: PLANILHA DE CUSTOS E FORMAÇÃO DE PREÇOS DE SERVIÇOS CONTINUADOS COM DEDICAÇÃO EXCLUSIVA DE MÃO DE OBRA (ANEXO III - DECRETO 52.768 de 15.12.2015)
A2: PROCESSO: | C2: 25/2000-0110551-4 | E2: REGIME DE TRIBUTAÇÃO: LUCRO PRESUMIDO
A3: LICITAÇÃO/EDITAL | E3: ABERTURA:
A5: Cargo/Função: | D5: Copeiro | G5: =IF(D6="12x36","Regime de trabalho:","Quantidade de HORAS/MÊS") -> Quantidade de HORAS/MÊS | I5: =IF(D6="12x36",D6,5*D6) -> 200
A6: =IF(D6="12x36","Regime de trabalho:","Regime de trabalho (horas semanais):") -> Regime de trabalho (horas semanais): | D6: 40
A7: Convenção Coletiva de Trabalho: | D7: RS000041/2026 | G7: INSALUBRIDADE (10%, 20%, 40%) | I7: 0.2
A8: Origem do salário: | D8: CCT
A9: Cidade: | D9: Porto Alegre | G9: PERICULOSIDADE (30%) | I9: Não aplicável
A10: Salário Normativo | G10: Vlr. do salário e nº de horas correspondentes | H10: 220 | I10: 1765.86
A11: ISS | G11: =D9 -> Porto Alegre | H11: Alíquota | I11: 0.05
A12: Tarifa Transporte | G12: CCT | H12: Vr. Unitário | I12: 5.3
H13: Dias | I13: 22
H14: Desconto | I14: 0.06
A15: Auxílio Alimentação | G15: CCT | H15: Vr. Unitário | I15: 27.15
H16: Dias | I16: 22
H17: Desconto | I17: 0.19
A18: Auxílio Lanche | G18: CCT | H18: Vr. Unitário | I18: Não aplicável
H19: Dias | I19: Não aplicável
H20: Desconto | I20: Não aplicável
A21: Prêmio Assiduidade / Cesta Básica (quando houver) | G21: CCT | H21: Valor mensal | I21: 80
A22: Plano de Benefício Social Familiar (apenas para a CCT SEEAC/SINDASSEIO) | G22: CCT | H22: Valor mensal | I22: 25.52
A23: Outros benefícios que refletem na planilha de custos, caso constem na CCT. | G23: CCT | H23: Valor mensal | I23: Não aplicável
A24: Adicional de Supervisor (37%) | H24: Porcentagem | I24: Não aplicável
A25: Base de cálculo da insalubridade | H25: Valor | I25: =I38 -> 1605.3273
A26: Quantitativo de horas trabalhadas em feriados no mês (estimado) - Não aplicável para postos 12x36 | H26: Horas por mês | I26: Não aplicável
H27: Acréscimo da hora extra | I27: Não aplicável
A28: Hora Intervalar (somente para postos 12x36, quando for o caso) | H28: Horas por mês | I28: Não aplicável
A29: Sem fornecimento de materiais ou apenas fornecimento de EPIs ou uniformes, utilizar 10%. Com fornecimento de materiais ou equipamentos, utilizar 20%. (Decreto 52.768/2015, alterado pelo Decreto 53.424/2017) | H29: Porcentagem | I29: 0.2
I30: Não aplicável
A36: MONTANTE A
A37: I | B37: Remuneração - Grupo I | H37: % | I37: Valor Mensal/unidade de serviço (R$)
A38: 1 | B38: Salário | H38: =I38/$I$46 -> 0.83333333 | I38: =IF(D6="12x36",I10,I10/H10*I5) -> 1605.3273
A39: =A38+1 -> 2 | B39: Adicional Periculosidade 30% (Ver súmulas 364, 132 e 191 do TST) | H39: =I39/$I$46 -> 0 | I39: =IF(I9=30%,I38*I9,0) -> 0
A40: =A39+1 -> 3 | B40: Adicional Insalubridade 10% (Ver súmula 228 e 139 TST) (1) | H40: =I40/$I$46 -> 0 | I40: =IF(I7=10%,I25*I7,0) -> 0
A41: =A40+1 -> 4 | B41: Adicional Insalubridade 20% (Ver súmula 228 e 139 TST) (1) | H41: =I41/$I$46 -> 0.16666667 | I41: =IF(I7=20%,I25*I7,0) -> 321.06545
A42: =A41+1 -> 5 | B42: Adicional Insalubridade 40% (Ver súmula 228 e 139 TST) (1) | H42: =I42/$I$46 -> 0 | I42: =IF(I7=40%,I25*I7,0) -> 0
A43: =A42+1 -> 6 | B43: Adicional de Supervisor (IN 05/2017 MPOG SLTI) | H43: =I43/$I$46 -> 0 | I43: =IF(I24="Não aplicável",0,I38*I24) -> 0
A44: =A43+1 -> 7 | B44: Feriados | H44: =I44/$I$46 -> 0 | I44: =IF(I26="Não aplicável",0,(I38+I39+I40+I41+I42+I43)/I5*I26*(1+I27)) -> 0
A45: =A44+1 -> 8 | B45: DSR = número total das horas extras do mês / número de dias úteis X domingos e feriados do mês X valor da hora extra com acréscimo | H45: =I45/$I$46 -> 0 | I45: =IF(I26="Não aplicável",0,I26/I13*5*(I10/H10*(1+I27))) -> 0
A46: Total de Remuneração | H46: =SUM(H38:H45) -> 1 | I46: =SUM(I38:I45) -> 1926.3927
A47: (1) | B47: Para posto de trabalho que tenha a necessidade de pagamento de adicional de insalubridade, a planilha de custos irá prever o salário proporcional como base de cálculo da insalubridade, conforme Pareceres da PGE nº 21.858/26 e 18.200/2020 e Promoção da PGE disposta no processo administrativo nº 20/2000-0034874-2. Porém, será permitida à licitante a alteração da base de cálculo na planilha de custos para que seja previsto o salário normativo do cargo ou o salário mínimo nacional (o que se aplicar mais benéfico). Uma vez caracterizada a condição insalubre, deve a empresa contratada pagar ao empregado o respectivo adicional na sua integralidade, independentemente da jornada de trabalho do empregado.
A57: II | B57: Encargos Sociais - Grupo II: Obrigações Sociais | H57: % | I57: Valor Mensal/unidade de serviço (R$)
A58: 1 | B58: INSS (art. 22, inc. I, Lei nº 8.212/91) | H58: 0.2 | I58: =$I$46*H58 -> 385.27855
A59: 2 | B59: SESI ou SESC (art. 30, Lei nº 8.036/90) | H59: 0.015 | I59: =$I$46*H59 -> 28.895891
A60: 3 | B60: SENAI ou SENAC (Decreto-Lei nº 2.318/86) | H60: 0.01 | I60: =$I$46*H60 -> 19.263927
A61: 4 | B61: INCRA (art. 15I, Lei Complementar nº 011/71) | H61: 0.002 | I61: =$I$46*H61 -> 3.8527855
A62: 5 | B62: SALÁRIO EDUCAÇÃO (art. , inc. I, Decreto nº 87.043/82) | H62: 0.025 | I62: =$I$46*H62 -> 48.159818
A63: 6 | B63: FGTS (art. 15, Lei nº 8.036/90) | H63: 0.08 | I63: =$I$46*H63 -> 154.11142
A64: 7 | B64: SEG. ACIDENTE DO TRABALHO 1%, 2% e 3% (art. 22, inc. II, alíneas "b" e "c", da Lei nº 8.212/91) (2) | H64: 0.03 | I64: =$I$46*H64 -> 57.791782
A65: 8 | B65: SEBRAE (§ 3º, art. 8º, Lei nº 8.029/90) | H65: 0.006 | I65: =$I$46*H65 -> 11.558356
A66: Total do Grupo II | H66: =SUM(H58:H65) -> 0.368 | I66: =SUM(I58:I65) -> 708.91252
A67: (2) | B67: Os percentuais para o SAT podem variar de 0,50% a 6,00% em função do Fator de Acidente Previdenciário (FAP), Decreto nº 6.957/2009
B68: Deverá obrigatoriamente acompanhar a proposta de preços e a planilha de custos e formação de preços a prova do Fator Acidentário de Prevenção – FAP por meio de impressão de consulta ao site do Ministério da Previdência Social (que pode ser obtido no endereço eletrônico http://www2.dataprev.gov.br/fap/fap.htm), independentemente de alteração da alíquota da parcela do Seguro Acidente de Trabalho disposta no Quadro II da referida planilha.
A69: III | B69: Encargos Sociais - Grupo III: Tempo Não Trabalhado | H69: % | I69: Valor Mensal/unidade de serviço (R$)
A70: 1 | B70: FÉRIAS GOZADAS + ADICIONAL DE FÉRIAS | H70: 0.119314 | I70: =$I$46*H70 -> 229.84562
A71: 2 | B71: FALTAS ABONADAS (3) | H71: 0.020479 | I71: =$I$46*H71 -> 39.450597
A72: 3 | B72: FALTAS LEGAIS (4) | H72: 0.012123 | I72: =$I$46*H72 -> 23.353659
A73: 4 | B73: LICENÇA MATERNIDADE | H73: 0.011436 | I73: =$I$46*H73 -> 22.030227
A74: 5 | B74: LICENÇA PATERNIDADE | H74: 0.000174 | I74: =$I$46*H74 -> 0.33519233
A75: 6 | B75: ACIDENTE DE TRABALHO | H75: 0.000442 | I75: =$I$46*H75 -> 0.85146559
A76: 7 | B76: AVISO PRÉVIO TRABALHADO | H76: 0.000185 | I76: =$I$46*H76 -> 0.35638265
A77: 8 | B77: 13º SALÁRIO | H77: 0.09079 | I77: =$I$46*H77 -> 174.8972
A78: Total do Grupo III | H78: =SUM(H70:H77) -> 0.254943 | I78: =SUM(I70:I77) -> 491.12034
A79: (3) | B79: Faltas Justificadas por Auxílio Doença
A80: (4) | B80: Faltas Legais - Art. 473 CLT
A81: IV | B81: Encargos Sociais - Grupo IV: Indenizações | H81: % | I81: Valor Mensal/unidade de serviço (R$)
A82: 1 | B82: INDENIZAÇÕES | H82: 0.048321 | I82: =$I$46*H82 -> 93.085223
A83: 2 | B83: FGTS SOBRE INDENIZAÇÕES | H83: 0.003511 | I83: =$I$46*H83 -> 6.7635649
A84: 3 | B84: INDENIZAÇÃO COMPENSATÓRIA POR DEMISSÃO SEM JUSTA CAUSA | H84: 0.019328 | I84: =$I$46*H84 -> 37.233319
A85: Total do Grupo IV | H85: =SUM(H82:H84) -> 0.07116 | I85: =SUM(I82:I84) -> 137.08211
A87: V | B87: Encargos Sociais - Grupo V: Incidências | H87: % | I87: Valor Mensal/unidade de serviço (R$)
A88: 1 | B88: INCIDÊNCIA GRUPO II (Obrigações Sociais) X GRUPO III (Tempo Não Trabalhado) | H88: =(H66*H78) -> 0.093819024 | I88: =$I$46*H88 -> 180.73229
A89: Total do Grupo V | H89: =SUM(H88:H88) -> 0.093819024 | I89: =I88 -> 180.73229
A91: TOTAL DOS ENCARGOS SOCIAIS (II + III + IV + V) | H91: =H66+H78+H85+H89 -> 0.78792202 | I91: =I66+I78+I85+I89 -> 1517.8473
A93: VI | B93: Demais custos relativos à Norma Coletiva ou Disposições Legais - Grupo VI | H93: % | I93: Valor Mensal/unidade de serviço (R$)
A94: 1 | B94: Auxílio Alimentação | H94: =I94/$I$46 -> 0.25114972 | I94: =I114 -> 483.813
A95: =A94+1 -> 2 | B95: Auxílio Lanche | H95: =I95/$I$46 -> 0 | I95: =I110 -> 0
A96: =A95+1 -> 3 | B96: Plano de Saúde | H96: =I96/$I$46 -> 0 | I96: 0
A97: =A96+1 -> 4 | B97: Vale-Transporte⁽⁵⁾ | H97: =I97/$I$46 -> 0.071055274 | I97: =I106 -> 136.88036
A98: =A97+1 -> 5 | B98: Adicional Intervalar | H98: =I98/$I$46 -> 0 | I98: =IF(I28="Não aplicável",0,((I10/H10)*1.5*I28)) -> 0
A99: 6 | B99: Prêmio Assiduidade (quando houver) | H99: =I99/$I$46 -> 0.041528396 | I99: =IF(I21="Não aplicável",0,I21) -> 80
A100: 7 | B100: Plano de Benefício Social Familiar (apenas para a CCT SEEAC/SINDASSEIO) | H100: =I100/$I$46 -> 0.013247558 | I100: =IF(I22="Não aplicável",0,I22) -> 25.52
A101: 8 | B101: Outros | H101: =I101/$I$46 -> 0 | I101: =IF(I23="Não aplicável",0,I23) -> 0
A102: Total do Grupo VI | H102: =SUM(H94:H101) -> 0.37698095 | I102: =SUM(I94:I101) -> 726.21336
A103: (5) | B103: O valor do vale-transporte pode variar de acordo com o modal fornecido pelo empregador.
A104: MEMÓRIA DE CÁLCULO DO VALE TRANSPORTE
A105: Valor Unitário | C105: Dias de Trabalho | D105: Vale p/dia | E105: Custo total | F105: Base de cálculo | G105: Percentual de desconto | H105: Valor desconto | I105: Custo efetivo
A106: =IF(I12="Não aplicável",0,I12) -> 5.3 | C106: =IF(I13="Não aplicável",0,I13) -> 22 | D106: 2 | E106: =A106*C106*D106 -> 233.2 | F106: =I38 -> 1605.3273 | G106: =IF(I14="Não aplicável",0,I14) -> 0.06 | H106: =F106*G106 -> 96.319636 | I106: =IF((E106-H106)>0,E106-H106,0) -> 136.88036
A108: MEMÓRIA DE CÁLCULO DO VALE LANCHE
A109: Valor Unitário | C109: Dias por mês | D109: Vale p/dia | E109: Custo total | F109: Base de cálculo | G109: Percentual de desconto | H109: Valor desconto | I109: Custo efetivo
A110: =IF(I18="Não aplicável",0,I18) -> 0 | C110: =IF(I19="Não aplicável",0,I19) -> 0 | D110: 1 | E110: =A110*C110*D110 -> 0 | F110: =E110 -> 0 | G110: =IF(I20="Não aplicável",0,I20) -> 0 | H110: =F110*G110 -> 0 | I110: =E110-H110 -> 0
A112: MEMÓRIA DE CÁLCULO DO | F112: =A15 -> Auxílio Alimentação
A113: Valor Unitário | C113: Dias por mês | D113: Vale p/dia | E113: Custo total | F113: Base de cálculo | G113: Percentual de desconto | H113: =H105 -> Valor desconto | I113: Custo efetivo
A114: =IF(I15="Não aplicável",0,I15) -> 27.15 | C114: =IF(I16="Não aplicável",0,I16) -> 22 | D114: 1 | E114: =A114*C114*D114 -> 597.3 | F114: =E114 -> 597.3 | G114: =IF(I17="Não aplicável",0,I17) -> 0.19 | H114: =F114*G114 -> 113.487 | I114: =E114-H114 -> 483.813
A116: TOTAL DO MONTANTE A (I + II + III+ IV + V +VI) | H116: =H46+H91+H102 -> 2.164903 | I116: =I46+I91+I102 -> 4170.4533
A118: MONTANTE B
A119: I | B119: Despesas Diretas | H119: % | I119: Valor Mensal/unidade de serviço (R$)
A120: 1 | B120: Transporte (6) | H120: =I120/$I$132 -> 0 | I120: 0
A121: 2 | B121: Uniformes/EPI (6a) | H121: =I121/$I$132 -> 0 | I121: =IF(F130=10%,G130,0) -> 0
A122: 3 | B122: Seguro de vida | H122: =I122/$I$132 -> 0 | I122: 0
...

Sheet Almoxarife - Porto Alegre
A1: PLANILHA DE CUSTOS E FORMAÇÃO DE PREÇOS DE SERVIÇOS CONTINUADOS COM DEDICAÇÃO EXCLUSIVA DE MÃO DE OBRA (ANEXO III - DECRETO 52.768 de 15.12.2015)
A2: PROCESSO: | C2: 25/2000-0110551-4 | E2: REGIME DE TRIBUTAÇÃO: LUCRO PRESUMIDO
A3: LICITAÇÃO/EDITAL | E3: ABERTURA:
A5: Cargo/Função: | D5: Almoxarife | G5: =IF(D6="12x36","Regime de trabalho:","Quantidade de HORAS/MÊS") -> Quantidade de HORAS/MÊS | I5: =IF(D6="12x36",D6,5*D6) -> 200
A6: =IF(D6="12x36","Regime de trabalho:","Regime de trabalho (horas semanais):") -> Regime de trabalho (horas semanais): | D6: 40
A7: Convenção Coletiva de Trabalho: | D7: RS000041/2026 | G7: INSALUBRIDADE (10%, 20%, 40%) | I7: 0.2
A8: Origem do salário: | D8: CCT
A9: Cidade: | D9: Porto Alegre | G9: PERICULOSIDADE (30%) | I9: Não aplicável
A10: Salário Normativo | G10: Vlr. do salário e nº de horas correspondentes | H10: 220 | I10: 2120.93
A11: ISS | G11: =D9 -> Porto Alegre | H11: Alíquota | I11: 0.05
A12: Tarifa Transporte | G12: CCT | H12: Vr. Unitário | I12: 5.3
H13: Dias | I13: 22
H14: Desconto | I14: 0.06
A15: Auxílio Alimentação | G15: CCT | H15: Vr. Unitário | I15: 27.15
H16: Dias | I16: 22
H17: Desconto | I17: 0.19
A18: Auxílio Lanche | G18: CCT | H18: Vr. Unitário | I18: Não aplicável
H19: Dias | I19: Não aplicável
H20: Desconto | I20: Não aplicável
A21: Prêmio Assiduidade / Cesta Básica (quando houver) | G21: CCT | H21: Valor mensal | I21: 80
A22: Plano de Benefício Social Familiar (apenas para a CCT SEEAC/SINDASSEIO) | G22: CCT | H22: Valor mensal | I22: 25.52
A23: Outros benefícios que refletem na planilha de custos, caso constem na CCT. | G23: CCT | H23: Valor mensal | I23: Não aplicável
A24: Adicional de Supervisor (37%) | H24: Porcentagem | I24: Não aplicável
A25: Base de cálculo da insalubridade | H25: Valor | I25: =I38 -> 1928.1182
A26: Quantitativo de horas trabalhadas em feriados no mês (estimado) - Não aplicável para postos 12x36 | H26: Horas por mês | I26: Não aplicável
H27: Acréscimo da hora extra | I27: Não aplicável
A28: Hora Intervalar (somente para postos 12x36, quando for o caso) | H28: Horas por mês | I28: Não aplicável
A29: Sem fornecimento de materiais ou apenas fornecimento de EPIs ou uniformes, utilizar 10%. Com fornecimento de materiais ou equipamentos, utilizar 20%. (Decreto 52.768/2015, alterado pelo Decreto 53.424/2017) | H29: Porcentagem | I29: 0.2
I30: Não aplicável
A36: MONTANTE A
A37: I | B37: Remuneração - Grupo I | H37: % | I37: Valor Mensal/unidade de serviço (R$)
A38: 1 | B38: Salário | H38: =I38/$I$46 -> 0.83333333 | I38: =IF(D6="12x36",I10,I10/H10*I5) -> 1928.1182
A39: =A38+1 -> 2 | B39: Adicional Periculosidade 30% (Ver súmulas 364, 132 e 191 do TST) | H39: =I39/$I$46 -> 0 | I39: =IF(I9=30%,I38*I9,0) -> 0
A40: =A39+1 -> 3 | B40: Adicional Insalubridade 10% (Ver súmula 228 e 139 TST) (1) | H40: =I40/$I$46 -> 0 | I40: =IF(I7=10%,I25*I7,0) -> 0
A41: =A40+1 -> 4 | B41: Adicional Insalubridade 20% (Ver súmula 228 e 139 TST) (1) | H41: =I41/$I$46 -> 0.16666667 | I41: =IF(I7=20%,I25*I7,0) -> 385.62364
A42: =A41+1 -> 5 | B42: Adicional Insalubridade 40% (Ver súmula 228 e 139 TST) (1) | H42: =I42/$I$46 -> 0 | I42: =IF(I7=40%,I25*I7,0) -> 0
A43: =A42+1 -> 6 | B43: Adicional de Supervisor (IN 05/2017 MPOG SLTI) | H43: =I43/$I$46 -> 0 | I43: =IF(I24="Não aplicável",0,I38*I24) -> 0
A44: =A43+1 -> 7 | B44: Feriados | H44: =I44/$I$46 -> 0 | I44: =IF(I26="Não aplicável",0,(I38+I39+I40+I41+I42+I43)/I5*I26*(1+I27)) -> 0
A45: =A44+1 -> 8 | B45: DSR = número total das horas extras do mês / número de dias úteis X domingos e feriados do mês X valor da hora extra com acréscimo | H45: =I45/$I$46 -> 0 | I45: =IF(I26="Não aplicável",0,I26/I13*5*(I10/H10*(1+I27))) -> 0
A46: Total de Remuneração | H46: =SUM(H38:H45) -> 1 | I46: =SUM(I38:I45) -> 2313.7418
A47: (1) | B47: Para posto de trabalho que tenha a necessidade de pagamento de adicional de insalubridade, a planilha de custos irá prever o salário proporcional como base de cálculo da insalubridade, conforme Pareceres da PGE nº 21.858/26 e 18.200/2020 e Promoção da PGE disposta no processo administrativo nº 20/2000-0034874-2. Porém, será permitida à licitante a alteração da base de cálculo na planilha de custos para que seja previsto o salário normativo do cargo ou o salário mínimo nacional (o que se aplicar mais benéfico). Uma vez caracterizada a condição insalubre, deve a empresa contratada pagar ao empregado o respectivo adicional na sua integralidade, independentemente da jornada de trabalho do empregado.
A57: II | B57: Encargos Sociais - Grupo II: Obrigações Sociais | H57: % | I57: Valor Mensal/unidade de serviço (R$)
A58: 1 | B58: INSS (art. 22, inc. I, Lei nº 8.212/91) | H58: 0.2 | I58: =$I$46*H58 -> 462.74836
A59: 2 | B59: SESI ou SESC (art. 30, Lei nº 8.036/90) | H59: 0.015 | I59: =$I$46*H59 -> 34.706127
A60: 3 | B60: SENAI ou SENAC (Decreto-Lei nº 2.318/86) | H60: 0.01 | I60: =$I$46*H60 -> 23.137418
A61: 4 | B61: INCRA (art. 15I, Lei Complementar nº 011/71) | H61: 0.002 | I61: =$I$46*H61 -> 4.6274836
A62: 5 | B62: SALÁRIO EDUCAÇÃO (art. , inc. I, Decreto nº 87.043/82) | H62: 0.025 | I62: =$I$46*H62 -> 57.843545
A63: 6 | B63: FGTS (art. 15, Lei nº 8.036/90) | H63: 0.08 | I63: =$I$46*H63 -> 185.09935
A64: 7 | B64: SEG. ACIDENTE DO TRABALHO 1%, 2% e 3% (art. 22, inc. II, alíneas "b" e "c", da Lei nº 8.212/91) (2) | H64: 0.03 | I64: =$I$46*H64 -> 69.412255
A65: 8 | B65: SEBRAE (§ 3º, art. 8º, Lei nº 8.029/90) | H65: 0.006 | I65: =$I$46*H65 -> 13.882451
A66: Total do Grupo II | H66: =SUM(H58:H65) -> 0.368 | I66: =SUM(I58:I65) -> 851.45699
A67: (2) | B67: Os percentuais para o SAT podem variar de 0,50% a 6,00% em função do Fator de Acidente Previdenciário (FAP), Decreto nº 6.957/2009
B68: Deverá obrigatoriamente acompanhar a proposta de preços e a planilha de custos e formação de preços a prova do Fator Acidentário de Prevenção – FAP por meio de impressão de consulta ao site do Ministério da Previdência Social (que pode ser obtido no endereço eletrônico http://www2.dataprev.gov.br/fap/fap.htm), independentemente de alteração da alíquota da parcela do Seguro Acidente de Trabalho disposta no Quadro II da referida planilha.
A69: III | B69: Encargos Sociais - Grupo III: Tempo Não Trabalhado | H69: % | I69: Valor Mensal/unidade de serviço (R$)
A70: 1 | B70: FÉRIAS GOZADAS + ADICIONAL DE FÉRIAS | H70: 0.119314 | I70: =$I$46*H70 -> 276.06179
A71: 2 | B71: FALTAS ABONADAS (3) | H71: 0.020479 | I71: =$I$46*H71 -> 47.383119
A72: 3 | B72: FALTAS LEGAIS (4) | H72: 0.012123 | I72: =$I$46*H72 -> 28.049492
A73: 4 | B73: LICENÇA MATERNIDADE | H73: 0.011436 | I73: =$I$46*H73 -> 26.459951
A74: 5 | B74: LICENÇA PATERNIDADE | H74: 0.000174 | I74: =$I$46*H74 -> 0.40259108
A75: 6 | B75: ACIDENTE DE TRABALHO | H75: 0.000442 | I75: =$I$46*H75 -> 1.0226739
A76: 7 | B76: AVISO PRÉVIO TRABALHADO | H76: 0.000185 | I76: =$I$46*H76 -> 0.42804224
A77: 8 | B77: 13º SALÁRIO | H77: 0.09079 | I77: =$I$46*H77 -> 210.06462
A78: Total do Grupo III | H78: =SUM(H70:H77) -> 0.254943 | I78: =SUM(I70:I77) -> 589.87228
A79: (3) | B79: Faltas Justificadas por Auxílio Doença
A80: (4) | B80: Faltas Legais - Art. 473 CLT
A81: IV | B81: Encargos Sociais - Grupo IV: Indenizações | H81: % | I81: Valor Mensal/unidade de serviço (R$)
A82: 1 | B82: INDENIZAÇÕES | H82: 0.048321 | I82: =$I$46*H82 -> 111.80232
A83: 2 | B83: FGTS SOBRE INDENIZAÇÕES | H83: 0.003511 | I83: =$I$46*H83 -> 8.1235475
A84: 3 | B84: INDENIZAÇÃO COMPENSATÓRIA POR DEMISSÃO SEM JUSTA CAUSA | H84: 0.019328 | I84: =$I$46*H84 -> 44.720002
A85: Total do Grupo IV | H85: =SUM(H82:H84) -> 0.07116 | I85: =SUM(I82:I84) -> 164.64587
A87: V | B87: Encargos Sociais - Grupo V: Incidências | H87: % | I87: Valor Mensal/unidade de serviço (R$)
A88: 1 | B88: INCIDÊNCIA GRUPO II (Obrigações Sociais) X GRUPO III (Tempo Não Trabalhado) | H88: =(H66*H78) -> 0.093819024 | I88: =$I$46*H88 -> 217.073
A89: Total do Grupo V | H89: =SUM(H88:H88) -> 0.093819024 | I89: =I88 -> 217.073
A91: TOTAL DOS ENCARGOS SOCIAIS (II + III + IV + V) | H91: =H66+H78+H85+H89 -> 0.78792202 | I91: =I66+I78+I85+I89 -> 1823.0481
A93: VI | B93: Demais custos relativos à Norma Coletiva ou Disposições Legais - Grupo VI | H93: % | I93: Valor Mensal/unidade de serviço (R$)
A94: 1 | B94: Auxílio Alimentação | H94: =I94/$I$46 -> 0.20910414 | I94: =I114 -> 483.813
A95: =A94+1 -> 2 | B95: Auxílio Lanche | H95: =I95/$I$46 -> 0 | I95: =I110 -> 0
A96: =A95+1 -> 3 | B96: Plano de Saúde | H96: =I96/$I$46 -> 0 | I96: 0
A97: =A96+1 -> 4 | B97: Vale-Transporte⁽⁵⁾ | H97: =I97/$I$46 -> 0.050789119 | I97: =I106 -> 117.51291
A98: =A97+1 -> 5 | B98: Adicional Intervalar | H98: =I98/$I$46 -> 0 | I98: =IF(I28="Não aplicável",0,((I10/H10)*1.5*I28)) -> 0
A99: 6 | B99: Prêmio Assiduidade (quando houver) | H99: =I99/$I$46 -> 0.034576027 | I99: =IF(I21="Não aplicável",0,I21) -> 80
A100: 7 | B100: Plano de Benefício Social Familiar (apenas para a CCT SEEAC/SINDASSEIO) | H100: =I100/$I$46 -> 0.011029753 | I100: =IF(I22="Não aplicável",0,I22) -> 25.52
A101: 8 | B101: Outros | H101: =I101/$I$46 -> 0 | I101: =IF(I23="Não aplicável",0,I23) -> 0
A102: Total do Grupo VI | H102: =SUM(H94:H101) -> 0.30549904 | I102: =SUM(I94:I101) -> 706.84591
A103: (5) | B103: O valor do vale-transporte pode variar de acordo com o modal fornecido pelo empregador.
A104: MEMÓRIA DE CÁLCULO DO VALE TRANSPORTE
A105: Valor Unitário | C105: Dias de Trabalho | D105: Vale p/dia | E105: Custo total | F105: Base de cálculo | G105: Percentual de desconto | H105: Valor desconto | I105: Custo efetivo
A106: =IF(I12="Não aplicável",0,I12) -> 5.3 | C106: =IF(I13="Não aplicável",0,I13) -> 22 | D106: 2 | E106: =A106*C106*D106 -> 233.2 | F106: =I38 -> 1928.1182 | G106: =IF(I14="Não aplicável",0,I14) -> 0.06 | H106: =F106*G106 -> 115.68709 | I106: =IF((E106-H106)>0,E106-H106,0) -> 117.51291
A108: MEMÓRIA DE CÁLCULO DO VALE LANCHE
A109: Valor Unitário | C109: Dias por mês | D109: Vale p/dia | E109: Custo total | F109: Base de cálculo | G109: Percentual de desconto | H109: Valor desconto | I109: Custo efetivo
A110: =IF(I18="Não aplicável",0,I18) -> 0 | C110: =IF(I19="Não aplicável",0,I19) -> 0 | D110: 1 | E110: =A110*C110*D110 -> 0 | F110: =E110 -> 0 | G110: =IF(I20="Não aplicável",0,I20) -> 0 | H110: =F110*G110 -> 0 | I110: =E110-H110 -> 0
A112: MEMÓRIA DE CÁLCULO DO | F112: =A15 -> Auxílio Alimentação
A113: Valor Unitário | C113: Dias por mês | D113: Vale p/dia | E113: Custo total | F113: Base de cálculo | G113: Percentual de desconto | H113: =H105 -> Valor desconto | I113: Custo efetivo
A114: =IF(I15="Não aplicável",0,I15) -> 27.15 | C114: =IF(I16="Não aplicável",0,I16) -> 22 | D114: 1 | E114: =A114*C114*D114 -> 597.3 | F114: =E114 -> 597.3 | G114: =IF(I17="Não aplicável",0,I17) -> 0.19 | H114: =F114*G114 -> 113.487 | I114: =E114-H114 -> 483.813
A116: TOTAL DO MONTANTE A (I + II + III+ IV + V +VI) | H116: =H46+H91+H102 -> 2.0934211 | I116: =I46+I91+I102 -> 4843.6359
A118: MONTANTE B
A119: I | B119: Despesas Diretas | H119: % | I119: Valor Mensal/unidade de serviço (R$)
A120: 1 | B120: Transporte (6) | H120: =I120/$I$132 -> 0 | I120: 0
A121: 2 | B121: Uniformes/EPI (6a) | H121: =I121/$I$132 -> 0 | I121: =IF(F130=10%,G130,0) -> 0
A122: 3 | B122: Seguro de vida | H122: =I122/$I$132 -> 0 | I122: 0
...

Sheet Administrativo - Porto Alegre
A1: PLANILHA DE CUSTOS E FORMAÇÃO DE PREÇOS DE SERVIÇOS CONTINUADOS COM DEDICAÇÃO EXCLUSIVA DE MÃO DE OBRA (ANEXO III - DECRETO 52.768 de 15.12.2015)
A2: PROCESSO: | C2: 25/2000-0110551-4 | E2: REGIME DE TRIBUTAÇÃO: LUCRO PRESUMIDO
A3: LICITAÇÃO/EDITAL | E3: ABERTURA:
A5: Cargo/Função: | D5: Assistente Administrativo | G5: =IF(D6="12x36","Regime de trabalho:","Quantidade de HORAS/MÊS") -> Quantidade de HORAS/MÊS | I5: =IF(D6="12x36",D6,5*D6) -> 200
A6: =IF(D6="12x36","Regime de trabalho:","Regime de trabalho (horas semanais):") -> Regime de trabalho (horas semanais): | D6: 40
A7: Convenção Coletiva de Trabalho: | D7: RS000041/2026 | G7: INSALUBRIDADE (10%, 20%, 40%) | I7: Não aplicável
A8: Origem do salário: | D8: CCT
A9: Cidade: | D9: Porto Alegre | G9: PERICULOSIDADE (30%) | I9: Não aplicável
A10: Salário Normativo | G10: Vlr. do salário e nº de horas correspondentes | H10: 220 | I10: 2307.83
A11: ISS | G11: =D9 -> Porto Alegre | H11: Alíquota | I11: 0.05
A12: Tarifa Transporte | G12: CCT | H12: Vr. Unitário | I12: 5.3
H13: Dias | I13: 22
H14: Desconto | I14: 0.06
A15: Auxílio Alimentação | G15: CCT | H15: Vr. Unitário | I15: 27.15
H16: Dias | I16: 22
H17: Desconto | I17: 0.19
A18: Auxílio Lanche | G18: CCT | H18: Vr. Unitário | I18: Não aplicável
H19: Dias | I19: Não aplicável
H20: Desconto | I20: Não aplicável
A21: Prêmio Assiduidade / Cesta Básica (quando houver) | G21: CCT | H21: Valor mensal | I21: 80
A22: Plano de Benefício Social Familiar (apenas para a CCT SEEAC/SINDASSEIO) | G22: CCT | H22: Valor mensal | I22: 25.52
A23: Outros benefícios que refletem na planilha de custos, caso constem na CCT. | G23: CCT | H23: Valor mensal | I23: Não aplicável
A24: Adicional de Supervisor (37%) | H24: Porcentagem | I24: Não aplicável
A25: Base de cálculo da insalubridade | H25: Valor | I25: =I38 -> 2098.0273
A26: Quantitativo de horas trabalhadas em feriados no mês (estimado) - Não aplicável para postos 12x36 | H26: Horas por mês | I26: Não aplicável
H27: Acréscimo da hora extra | I27: Não aplicável
A28: Hora Intervalar (somente para postos 12x36, quando for o caso) | H28: Horas por mês | I28: Não aplicável
A29: Sem fornecimento de materiais ou apenas fornecimento de EPIs ou uniformes, utilizar 10%. Com fornecimento de materiais ou equipamentos, utilizar 20%. (Decreto 52.768/2015, alterado pelo Decreto 53.424/2017) | H29: Porcentagem | I29: 0.1
I30: Não aplicável
A36: MONTANTE A
A37: I | B37: Remuneração - Grupo I | H37: % | I37: Valor Mensal/unidade de serviço (R$)
A38: 1 | B38: Salário | H38: =I38/$I$46 -> 1 | I38: =IF(D6="12x36",I10,I10/H10*I5) -> 2098.0273
A39: =A38+1 -> 2 | B39: Adicional Periculosidade 30% (Ver súmulas 364, 132 e 191 do TST) | H39: =I39/$I$46 -> 0 | I39: =IF(I9=30%,I38*I9,0) -> 0
A40: =A39+1 -> 3 | B40: Adicional Insalubridade 10% (Ver súmula 228 e 139 TST) (1) | H40: =I40/$I$46 -> 0 | I40: =IF(I7=10%,I25*I7,0) -> 0
A41: =A40+1 -> 4 | B41: Adicional Insalubridade 20% (Ver súmula 228 e 139 TST) (1) | H41: =I41/$I$46 -> 0 | I41: =IF(I7=20%,I25*I7,0) -> 0
A42: =A41+1 -> 5 | B42: Adicional Insalubridade 40% (Ver súmula 228 e 139 TST) (1) | H42: =I42/$I$46 -> 0 | I42: =IF(I7=40%,I25*I7,0) -> 0
A43: =A42+1 -> 6 | B43: Adicional de Supervisor (IN 05/2017 MPOG SLTI) | H43: =I43/$I$46 -> 0 | I43: =IF(I24="Não aplicável",0,I38*I24) -> 0
A44: =A43+1 -> 7 | B44: Feriados | H44: =I44/$I$46 -> 0 | I44: =IF(I26="Não aplicável",0,(I38+I39+I40+I41+I42+I43)/I5*I26*(1+I27)) -> 0
A45: =A44+1 -> 8 | B45: DSR = número total das horas extras do mês / número de dias úteis X domingos e feriados do mês X valor da hora extra com acréscimo | H45: =I45/$I$46 -> 0 | I45: =IF(I26="Não aplicável",0,I26/I13*5*(I10/H10*(1+I27))) -> 0
A46: Total de Remuneração | H46: =SUM(H38:H45) -> 1 | I46: =SUM(I38:I45) -> 2098.0273
A47: (1) | B47: Para posto de trabalho que tenha a necessidade de pagamento de adicional de insalubridade, a planilha de custos irá prever o salário proporcional como base de cálculo da insalubridade, conforme Pareceres da PGE nº 21.858/26 e 18.200/2020 e Promoção da PGE disposta no processo administrativo nº 20/2000-0034874-2. Porém, será permitida à licitante a alteração da base de cálculo na planilha de custos para que seja previsto o salário normativo do cargo ou o salário mínimo nacional (o que se aplicar mais benéfico). Uma vez caracterizada a condição insalubre, deve a empresa contratada pagar ao empregado o respectivo adicional na sua integralidade, independentemente da jornada de trabalho do empregado.
A57: II | B57: Encargos Sociais - Grupo II: Obrigações Sociais | H57: % | I57: Valor Mensal/unidade de serviço (R$)
A58: 1 | B58: INSS (art. 22, inc. I, Lei nº 8.212/91) | H58: 0.2 | I58: =$I$46*H58 -> 419.60545
A59: 2 | B59: SESI ou SESC (art. 30, Lei nº 8.036/90) | H59: 0.015 | I59: =$I$46*H59 -> 31.470409
A60: 3 | B60: SENAI ou SENAC (Decreto-Lei nº 2.318/86) | H60: 0.01 | I60: =$I$46*H60 -> 20.980273
A61: 4 | B61: INCRA (art. 15I, Lei Complementar nº 011/71) | H61: 0.002 | I61: =$I$46*H61 -> 4.1960545
A62: 5 | B62: SALÁRIO EDUCAÇÃO (art. , inc. I, Decreto nº 87.043/82) | H62: 0.025 | I62: =$I$46*H62 -> 52.450682
A63: 6 | B63: FGTS (art. 15, Lei nº 8.036/90) | H63: 0.08 | I63: =$I$46*H63 -> 167.84218
A64: 7 | B64: SEG. ACIDENTE DO TRABALHO 1%, 2% e 3% (art. 22, inc. II, alíneas "b" e "c", da Lei nº 8.212/91) (2) | H64: 0.03 | I64: =$I$46*H64 -> 62.940818
A65: 8 | B65: SEBRAE (§ 3º, art. 8º, Lei nº 8.029/90) | H65: 0.006 | I65: =$I$46*H65 -> 12.588164
A66: Total do Grupo II | H66: =SUM(H58:H65) -> 0.368 | I66: =SUM(I58:I65) -> 772.07404
A67: (2) | B67: Os percentuais para o SAT podem variar de 0,50% a 6,00% em função do Fator de Acidente Previdenciário (FAP), Decreto nº 6.957/2009
B68: Deverá obrigatoriamente acompanhar a proposta de preços e a planilha de custos e formação de preços a prova do Fator Acidentário de Prevenção – FAP por meio de impressão de consulta ao site do Ministério da Previdência Social (que pode ser obtido no endereço eletrônico http://www2.dataprev.gov.br/fap/fap.htm), independentemente de alteração da alíquota da parcela do Seguro Acidente de Trabalho disposta no Quadro II da referida planilha.
A69: III | B69: Encargos Sociais - Grupo III: Tempo Não Trabalhado | H69: % | I69: Valor Mensal/unidade de serviço (R$)
A70: 1 | B70: FÉRIAS GOZADAS + ADICIONAL DE FÉRIAS | H70: 0.119314 | I70: =$I$46*H70 -> 250.32403
A71: 2 | B71: FALTAS ABONADAS (3) | H71: 0.020479 | I71: =$I$46*H71 -> 42.965501
A72: 3 | B72: FALTAS LEGAIS (4) | H72: 0.012123 | I72: =$I$46*H72 -> 25.434385
A73: 4 | B73: LICENÇA MATERNIDADE | H73: 0.011436 | I73: =$I$46*H73 -> 23.99304
A74: 5 | B74: LICENÇA PATERNIDADE | H74: 0.000174 | I74: =$I$46*H74 -> 0.36505675
A75: 6 | B75: ACIDENTE DE TRABALHO | H75: 0.000442 | I75: =$I$46*H75 -> 0.92732805
A76: 7 | B76: AVISO PRÉVIO TRABALHADO | H76: 0.000185 | I76: =$I$46*H76 -> 0.38813505
A77: 8 | B77: 13º SALÁRIO | H77: 0.09079 | I77: =$I$46*H77 -> 190.4799
A78: Total do Grupo III | H78: =SUM(H70:H77) -> 0.254943 | I78: =SUM(I70:I77) -> 534.87737
A79: (3) | B79: Faltas Justificadas por Auxílio Doença
A80: (4) | B80: Faltas Legais - Art. 473 CLT
A81: IV | B81: Encargos Sociais - Grupo IV: Indenizações | H81: % | I81: Valor Mensal/unidade de serviço (R$)
A82: 1 | B82: INDENIZAÇÕES | H82: 0.048321 | I82: =$I$46*H82 -> 101.37878
A83: 2 | B83: FGTS SOBRE INDENIZAÇÕES | H83: 0.003511 | I83: =$I$46*H83 -> 7.3661738
A84: 3 | B84: INDENIZAÇÃO COMPENSATÓRIA POR DEMISSÃO SEM JUSTA CAUSA | H84: 0.019328 | I84: =$I$46*H84 -> 40.550671
A85: Total do Grupo IV | H85: =SUM(H82:H84) -> 0.07116 | I85: =SUM(I82:I84) -> 149.29562
A87: V | B87: Encargos Sociais - Grupo V: Incidências | H87: % | I87: Valor Mensal/unidade de serviço (R$)
A88: 1 | B88: INCIDÊNCIA GRUPO II (Obrigações Sociais) X GRUPO III (Tempo Não Trabalhado) | H88: =(H66*H78) -> 0.093819024 | I88: =$I$46*H88 -> 196.83487
A89: Total do Grupo V | H89: =SUM(H88:H88) -> 0.093819024 | I89: =I88 -> 196.83487
A91: TOTAL DOS ENCARGOS SOCIAIS (II + III + IV + V) | H91: =H66+H78+H85+H89 -> 0.78792202 | I91: =I66+I78+I85+I89 -> 1653.0819
A93: VI | B93: Demais custos relativos à Norma Coletiva ou Disposições Legais - Grupo VI | H93: % | I93: Valor Mensal/unidade de serviço (R$)
A94: 1 | B94: Auxílio Alimentação | H94: =I94/$I$46 -> 0.23060377 | I94: =I114 -> 483.813
A95: =A94+1 -> 2 | B95: Auxílio Lanche | H95: =I95/$I$46 -> 0 | I95: =I110 -> 0
A96: =A95+1 -> 3 | B96: Plano de Saúde | H96: =I96/$I$46 -> 0 | I96: 0
A97: =A96+1 -> 4 | B97: Vale-Transporte⁽⁵⁾ | H97: =I97/$I$46 -> 0.051152035 | I97: =I106 -> 107.31836
A98: =A97+1 -> 5 | B98: Adicional Intervalar | H98: =I98/$I$46 -> 0 | I98: =IF(I28="Não aplicável",0,((I10/H10)*1.5*I28)) -> 0
A99: 6 | B99: Prêmio Assiduidade (quando houver) | H99: =I99/$I$46 -> 0.038131058 | I99: =IF(I21="Não aplicável",0,I21) -> 80
A100: 7 | B100: Plano de Benefício Social Familiar (apenas para a CCT SEEAC/SINDASSEIO) | H100: =I100/$I$46 -> 0.012163808 | I100: =IF(I22="Não aplicável",0,I22) -> 25.52
A101: 8 | B101: Outros | H101: =I101/$I$46 -> 0 | I101: =IF(I23="Não aplicável",0,I23) -> 0
A102: Total do Grupo VI | H102: =SUM(H94:H101) -> 0.33205067 | I102: =SUM(I94:I101) -> 696.65136
A103: (5) | B103: O valor do vale-transporte pode variar de acordo com o modal fornecido pelo empregador.
A104: MEMÓRIA DE CÁLCULO DO VALE TRANSPORTE
A105: Valor Unitário | C105: Dias de Trabalho | D105: Vale p/dia | E105: Custo total | F105: Base de cálculo | G105: Percentual de desconto | H105: Valor desconto | I105: Custo efetivo
A106: =IF(I12="Não aplicável",0,I12) -> 5.3 | C106: =IF(I13="Não aplicável",0,I13) -> 22 | D106: 2 | E106: =A106*C106*D106 -> 233.2 | F106: =I38 -> 2098.0273 | G106: =IF(I14="Não aplicável",0,I14) -> 0.06 | H106: =F106*G106 -> 125.88164 | I106: =IF((E106-H106)>0,E106-H106,0) -> 107.31836
A108: MEMÓRIA DE CÁLCULO DO VALE LANCHE
A109: Valor Unitário | C109: Dias por mês | D109: Vale p/dia | E109: Custo total | F109: Base de cálculo | G109: Percentual de desconto | H109: Valor desconto | I109: Custo efetivo
A110: =IF(I18="Não aplicável",0,I18) -> 0 | C110: =IF(I19="Não aplicável",0,I19) -> 0 | D110: 1 | E110: =A110*C110*D110 -> 0 | F110: =E110 -> 0 | G110: =IF(I20="Não aplicável",0,I20) -> 0 | H110: =F110*G110 -> 0 | I110: =E110-H110 -> 0
A112: MEMÓRIA DE CÁLCULO DO | F112: =A15 -> Auxílio Alimentação
A113: Valor Unitário | C113: Dias por mês | D113: Vale p/dia | E113: Custo total | F113: Base de cálculo | G113: Percentual de desconto | H113: =H105 -> Valor desconto | I113: Custo efetivo
A114: =IF(I15="Não aplicável",0,I15) -> 27.15 | C114: =IF(I16="Não aplicável",0,I16) -> 22 | D114: 1 | E114: =A114*C114*D114 -> 597.3 | F114: =E114 -> 597.3 | G114: =IF(I17="Não aplicável",0,I17) -> 0.19 | H114: =F114*G114 -> 113.487 | I114: =E114-H114 -> 483.813
A116: TOTAL DO MONTANTE A (I + II + III+ IV + V +VI) | H116: =H46+H91+H102 -> 2.1199727 | I116: =I46+I91+I102 -> 4447.7605
A118: MONTANTE B
A119: I | B119: Despesas Diretas | H119: % | I119: Valor Mensal/unidade de serviço (R$)
A120: 1 | B120: Transporte (6) | H120: =I120/$I$132 -> 0 | I120: 0
A121: 2 | B121: Uniformes/EPI (6a) | H121: =I121/$I$132 -> 0.1 | I121: =IF(F130=10%,G130,0) -> 434.04422
A122: 3 | B122: Seguro de vida | H122: =I122/$I$132 -> 0 | I122: 0
...

Sheet Recepção - Porto Alegre
A1: PLANILHA DE CUSTOS E FORMAÇÃO DE PREÇOS DE SERVIÇOS CONTINUADOS COM DEDICAÇÃO EXCLUSIVA DE MÃO DE OBRA (ANEXO III - DECRETO 52.768 de 15.12.2015)
A2: PROCESSO: | C2: 25/2000-0110551-4 | E2: REGIME DE TRIBUTAÇÃO: LUCRO PRESUMIDO
A3: LICITAÇÃO/EDITAL | E3: ABERTURA:
A5: Cargo/Função: | D5: Recepção | G5: =IF(D6="12x36","Regime de trabalho:","Quantidade de HORAS/MÊS") -> Quantidade de HORAS/MÊS | I5: =IF(D6="12x36",D6,5*D6) -> 200
A6: =IF(D6="12x36","Regime de trabalho:","Regime de trabalho (horas semanais):") -> Regime de trabalho (horas semanais): | D6: 40
A7: Convenção Coletiva de Trabalho: | D7: RS000041/2026 | G7: INSALUBRIDADE (10%, 20%, 40%) | I7: Não aplicável
A8: Origem do salário: | D8: CCT
A9: Cidade: | D9: Porto Alegre | G9: PERICULOSIDADE (30%) | I9: Não aplicável
A10: Salário Normativo | G10: Vlr. do salário e nº de horas correspondentes | H10: 220 | I10: 1996.44
A11: ISS | G11: =D9 -> Porto Alegre | H11: Alíquota | I11: 0.025
A12: Tarifa Transporte | G12: CCT | H12: Vr. Unitário | I12: 5.3
H13: Dias | I13: 22
H14: Desconto | I14: 0.06
A15: Auxílio Alimentação | G15: CCT | H15: Vr. Unitário | I15: 27.15
H16: Dias | I16: 22
H17: Desconto | I17: 0.19
A18: Auxílio Lanche | G18: CCT | H18: Vr. Unitário | I18: Não aplicável
H19: Dias | I19: Não aplicável
H20: Desconto | I20: Não aplicável
A21: Prêmio Assiduidade / Cesta Básica (quando houver) | G21: CCT | H21: Valor mensal | I21: 80
A22: Plano de Benefício Social Familiar (apenas para a CCT SEEAC/SINDASSEIO) | G22: CCT | H22: Valor mensal | I22: 25.52
A23: Outros benefícios que refletem na planilha de custos, caso constem na CCT. | G23: CCT | H23: Valor mensal | I23: Não aplicável
A24: Adicional de Supervisor (37%) | H24: Porcentagem | I24: Não aplicável
A25: Base de cálculo da insalubridade | H25: Valor | I25: =I38 -> 1814.9455
A26: Quantitativo de horas trabalhadas em feriados no mês (estimado) - Não aplicável para postos 12x36 | H26: Horas por mês | I26: Não aplicável
H27: Acréscimo da hora extra | I27: Não aplicável
A28: Hora Intervalar (somente para postos 12x36, quando for o caso) | H28: Horas por mês | I28: Não aplicável
A29: Sem fornecimento de materiais ou apenas fornecimento de EPIs ou uniformes, utilizar 10%. Com fornecimento de materiais ou equipamentos, utilizar 20%. (Decreto 52.768/2015, alterado pelo Decreto 53.424/2017) | H29: Porcentagem | I29: 0.1
I30: Não aplicável
A36: MONTANTE A
A37: I | B37: Remuneração - Grupo I | H37: % | I37: Valor Mensal/unidade de serviço (R$)
A38: 1 | B38: Salário | H38: =I38/$I$46 -> 1 | I38: =IF(D6="12x36",I10,I10/H10*I5) -> 1814.9455
A39: =A38+1 -> 2 | B39: Adicional Periculosidade 30% (Ver súmulas 364, 132 e 191 do TST) | H39: =I39/$I$46 -> 0 | I39: =IF(I9=30%,I38*I9,0) -> 0
A40: =A39+1 -> 3 | B40: Adicional Insalubridade 10% (Ver súmula 228 e 139 TST) (1) | H40: =I40/$I$46 -> 0 | I40: =IF(I7=10%,I25*I7,0) -> 0
A41: =A40+1 -> 4 | B41: Adicional Insalubridade 20% (Ver súmula 228 e 139 TST) (1) | H41: =I41/$I$46 -> 0 | I41: =IF(I7=20%,I25*I7,0) -> 0
A42: =A41+1 -> 5 | B42: Adicional Insalubridade 40% (Ver súmula 228 e 139 TST) (1) | H42: =I42/$I$46 -> 0 | I42: =IF(I7=40%,I25*I7,0) -> 0
A43: =A42+1 -> 6 | B43: Adicional de Supervisor (IN 05/2017 MPOG SLTI) | H43: =I43/$I$46 -> 0 | I43: =IF(I24="Não aplicável",0,I38*I24) -> 0
A44: =A43+1 -> 7 | B44: Feriados | H44: =I44/$I$46 -> 0 | I44: =IF(I26="Não aplicável",0,(I38+I39+I40+I41+I42+I43)/I5*I26*(1+I27)) -> 0
A45: =A44+1 -> 8 | B45: DSR = número total das horas extras do mês / número de dias úteis X domingos e feriados do mês X valor da hora extra com acréscimo | H45: =I45/$I$46 -> 0 | I45: =IF(I26="Não aplicável",0,I26/I13*5*(I10/H10*(1+I27))) -> 0
A46: Total de Remuneração | H46: =SUM(H38:H45) -> 1 | I46: =SUM(I38:I45) -> 1814.9455
A47: (1) | B47: Para posto de trabalho que tenha a necessidade de pagamento de adicional de insalubridade, a planilha de custos irá prever o salário proporcional como base de cálculo da insalubridade, conforme Pareceres da PGE nº 21.858/26 e 18.200/2020 e Promoção da PGE disposta no processo administrativo nº 20/2000-0034874-2. Porém, será permitida à licitante a alteração da base de cálculo na planilha de custos para que seja previsto o salário normativo do cargo ou o salário mínimo nacional (o que se aplicar mais benéfico). Uma vez caracterizada a condição insalubre, deve a empresa contratada pagar ao empregado o respectivo adicional na sua integralidade, independentemente da jornada de trabalho do empregado.
A57: II | B57: Encargos Sociais - Grupo II: Obrigações Sociais | H57: % | I57: Valor Mensal/unidade de serviço (R$)
A58: 1 | B58: INSS (art. 22, inc. I, Lei nº 8.212/91) | H58: 0.2 | I58: =$I$46*H58 -> 362.98909
A59: 2 | B59: SESI ou SESC (art. 30, Lei nº 8.036/90) | H59: 0.015 | I59: =$I$46*H59 -> 27.224182
A60: 3 | B60: SENAI ou SENAC (Decreto-Lei nº 2.318/86) | H60: 0.01 | I60: =$I$46*H60 -> 18.149455
A61: 4 | B61: INCRA (art. 15I, Lei Complementar nº 011/71) | H61: 0.002 | I61: =$I$46*H61 -> 3.6298909
A62: 5 | B62: SALÁRIO EDUCAÇÃO (art. , inc. I, Decreto nº 87.043/82) | H62: 0.025 | I62: =$I$46*H62 -> 45.373636
A63: 6 | B63: FGTS (art. 15, Lei nº 8.036/90) | H63: 0.08 | I63: =$I$46*H63 -> 145.19564
A64: 7 | B64: SEG. ACIDENTE DO TRABALHO 1%, 2% e 3% (art. 22, inc. II, alíneas "b" e "c", da Lei nº 8.212/91) (2) | H64: 0.03 | I64: =$I$46*H64 -> 54.448364
A65: 8 | B65: SEBRAE (§ 3º, art. 8º, Lei nº 8.029/90) | H65: 0.006 | I65: =$I$46*H65 -> 10.889673
A66: Total do Grupo II | H66: =SUM(H58:H65) -> 0.368 | I66: =SUM(I58:I65) -> 667.89993
A67: (2) | B67: Os percentuais para o SAT podem variar de 0,50% a 6,00% em função do Fator de Acidente Previdenciário (FAP), Decreto nº 6.957/2009
B68: Deverá obrigatoriamente acompanhar a proposta de preços e a planilha de custos e formação de preços a prova do Fator Acidentário de Prevenção – FAP por meio de impressão de consulta ao site do Ministério da Previdência Social (que pode ser obtido no endereço eletrônico http://www2.dataprev.gov.br/fap/fap.htm), independentemente de alteração da alíquota da parcela do Seguro Acidente de Trabalho disposta no Quadro II da referida planilha.
A69: III | B69: Encargos Sociais - Grupo III: Tempo Não Trabalhado | H69: % | I69: Valor Mensal/unidade de serviço (R$)
A70: 1 | B70: FÉRIAS GOZADAS + ADICIONAL DE FÉRIAS | H70: 0.119314 | I70: =$I$46*H70 -> 216.5484
A71: 2 | B71: FALTAS ABONADAS (3) | H71: 0.020479 | I71: =$I$46*H71 -> 37.168268
A72: 3 | B72: FALTAS LEGAIS (4) | H72: 0.012123 | I72: =$I$46*H72 -> 22.002584
A73: 4 | B73: LICENÇA MATERNIDADE | H73: 0.011436 | I73: =$I$46*H73 -> 20.755716
A74: 5 | B74: LICENÇA PATERNIDADE | H74: 0.000174 | I74: =$I$46*H74 -> 0.31580051
A75: 6 | B75: ACIDENTE DE TRABALHO | H75: 0.000442 | I75: =$I$46*H75 -> 0.80220589
A76: 7 | B76: AVISO PRÉVIO TRABALHADO | H76: 0.000185 | I76: =$I$46*H76 -> 0.33576491
A77: 8 | B77: 13º SALÁRIO | H77: 0.09079 | I77: =$I$46*H77 -> 164.7789
A78: Total do Grupo III | H78: =SUM(H70:H77) -> 0.254943 | I78: =SUM(I70:I77) -> 462.70764
A79: (3) | B79: Faltas Justificadas por Auxílio Doença
A80: (4) | B80: Faltas Legais - Art. 473 CLT
A81: IV | B81: Encargos Sociais - Grupo IV: Indenizações | H81: % | I81: Valor Mensal/unidade de serviço (R$)
A82: 1 | B82: INDENIZAÇÕES | H82: 0.048321 | I82: =$I$46*H82 -> 87.699979
A83: 2 | B83: FGTS SOBRE INDENIZAÇÕES | H83: 0.003511 | I83: =$I$46*H83 -> 6.3722735
A84: 3 | B84: INDENIZAÇÃO COMPENSATÓRIA POR DEMISSÃO SEM JUSTA CAUSA | H84: 0.019328 | I84: =$I$46*H84 -> 35.079266
A85: Total do Grupo IV | H85: =SUM(H82:H84) -> 0.07116 | I85: =SUM(I82:I84) -> 129.15152
A87: V | B87: Encargos Sociais - Grupo V: Incidências | H87: % | I87: Valor Mensal/unidade de serviço (R$)
A88: 1 | B88: INCIDÊNCIA GRUPO II (Obrigações Sociais) X GRUPO III (Tempo Não Trabalhado) | H88: =(H66*H78) -> 0.093819024 | I88: =$I$46*H88 -> 170.27641
A89: Total do Grupo V | H89: =SUM(H88:H88) -> 0.093819024 | I89: =I88 -> 170.27641
A91: TOTAL DOS ENCARGOS SOCIAIS (II + III + IV + V) | H91: =H66+H78+H85+H89 -> 0.78792202 | I91: =I66+I78+I85+I89 -> 1430.0355
A93: VI | B93: Demais custos relativos à Norma Coletiva ou Disposições Legais - Grupo VI | H93: % | I93: Valor Mensal/unidade de serviço (R$)
A94: 1 | B94: Auxílio Alimentação | H94: =I94/$I$46 -> 0.26657165 | I94: =I114 -> 483.813
A95: =A94+1 -> 2 | B95: Auxílio Lanche | H95: =I95/$I$46 -> 0 | I95: =I110 -> 0
A96: =A95+1 -> 3 | B96: Plano de Saúde | H96: =I96/$I$46 -> 0 | I96: 0
A97: =A96+1 -> 4 | B97: Vale-Transporte⁽⁵⁾ | H97: =I97/$I$46 -> 0.06848871 | I97: =I106 -> 124.30327
A98: =A97+1 -> 5 | B98: Adicional Intervalar | H98: =I98/$I$46 -> 0 | I98: =IF(I28="Não aplicável",0,((I10/H10)*1.5*I28)) -> 0
A99: 6 | B99: Prêmio Assiduidade (quando houver) | H99: =I99/$I$46 -> 0.04407846 | I99: =IF(I21="Não aplicável",0,I21) -> 80
A100: 7 | B100: Plano de Benefício Social Familiar (apenas para a CCT SEEAC/SINDASSEIO) | H100: =I100/$I$46 -> 0.014061029 | I100: =IF(I22="Não aplicável",0,I22) -> 25.52
A101: 8 | B101: Outros | H101: =I101/$I$46 -> 0 | I101: =IF(I23="Não aplicável",0,I23) -> 0
A102: Total do Grupo VI | H102: =SUM(H94:H101) -> 0.39319985 | I102: =SUM(I94:I101) -> 713.63627
A103: (5) | B103: O valor do vale-transporte pode variar de acordo com o modal fornecido pelo empregador.
A104: MEMÓRIA DE CÁLCULO DO VALE TRANSPORTE
A105: Valor Unitário | C105: Dias de Trabalho | D105: Vale p/dia | E105: Custo total | F105: Base de cálculo | G105: Percentual de desconto | H105: Valor desconto | I105: Custo efetivo
A106: =IF(I12="Não aplicável",0,I12) -> 5.3 | C106: =IF(I13="Não aplicável",0,I13) -> 22 | D106: 2 | E106: =A106*C106*D106 -> 233.2 | F106: =I38 -> 1814.9455 | G106: =IF(I14="Não aplicável",0,I14) -> 0.06 | H106: =F106*G106 -> 108.89673 | I106: =IF((E106-H106)>0,E106-H106,0) -> 124.30327
A108: MEMÓRIA DE CÁLCULO DO VALE LANCHE
A109: Valor Unitário | C109: Dias por mês | D109: Vale p/dia | E109: Custo total | F109: Base de cálculo | G109: Percentual de desconto | H109: Valor desconto | I109: Custo efetivo
A110: =IF(I18="Não aplicável",0,I18) -> 0 | C110: =IF(I19="Não aplicável",0,I19) -> 0 | D110: 1 | E110: =A110*C110*D110 -> 0 | F110: =E110 -> 0 | G110: =IF(I20="Não aplicável",0,I20) -> 0 | H110: =F110*G110 -> 0 | I110: =E110-H110 -> 0
A112: MEMÓRIA DE CÁLCULO DO | F112: =A15 -> Auxílio Alimentação
A113: Valor Unitário | C113: Dias por mês | D113: Vale p/dia | E113: Custo total | F113: Base de cálculo | G113: Percentual de desconto | H113: =H105 -> Valor desconto | I113: Custo efetivo
A114: =IF(I15="Não aplicável",0,I15) -> 27.15 | C114: =IF(I16="Não aplicável",0,I16) -> 22 | D114: 1 | E114: =A114*C114*D114 -> 597.3 | F114: =E114 -> 597.3 | G114: =IF(I17="Não aplicável",0,I17) -> 0.19 | H114: =F114*G114 -> 113.487 | I114: =E114-H114 -> 483.813
A116: TOTAL DO MONTANTE A (I + II + III+ IV + V +VI) | H116: =H46+H91+H102 -> 2.1811219 | I116: =I46+I91+I102 -> 3958.6172
A118: MONTANTE B
A119: I | B119: Despesas Diretas | H119: % | I119: Valor Mensal/unidade de serviço (R$)
A120: 1 | B120: Transporte (6) | H120: =I120/$I$132 -> 0 | I120: 0
A121: 2 | B121: Uniformes/EPI (6a) | H121: =I121/$I$132 -> 0.1 | I121: =IF(F130=10%,G130,0) -> 383.4314
A122: 3 | B122: Seguro de vida | H122: =I122/$I$132 -> 0 | I122: 0
...

Sheet Copeiro - Pelotas
A1: PLANILHA DE CUSTOS E FORMAÇÃO DE PREÇOS DE SERVIÇOS CONTINUADOS COM DEDICAÇÃO EXCLUSIVA DE MÃO DE OBRA (ANEXO III - DECRETO 52.768 de 15.12.2015)
A2: PROCESSO: | C2: 25/2000-0110551-4 | E2: REGIME DE TRIBUTAÇÃO: LUCRO PRESUMIDO
A3: LICITAÇÃO/EDITAL | E3: ABERTURA:
A5: Cargo/Função: | D5: Copeiro | G5: =IF(D6="12x36","Regime de trabalho:","Quantidade de HORAS/MÊS") -> Quantidade de HORAS/MÊS | I5: =IF(D6="12x36",D6,5*D6) -> 220
A6: =IF(D6="12x36","Regime de trabalho:","Regime de trabalho (horas semanais):") -> Regime de trabalho (horas semanais): | D6: 44
A7: Convenção Coletiva de Trabalho: | D7: RS000061/2026 | G7: INSALUBRIDADE (10%, 20%, 40%) | I7: 0.2
A8: Origem do salário: | D8: CCT
A9: Cidade: | D9: Pelotas | G9: PERICULOSIDADE (30%) | I9: Não aplicável
A10: Salário Normativo | G10: Vlr. do salário e nº de horas correspondentes | H10: 220 | I10: 1765.86
A11: ISS | G11: =D9 -> Pelotas | H11: Alíquota | I11: 0.05
A12: Tarifa Transporte | G12: CCT | H12: Vr. Unitário | I12: 6.25
H13: Dias | I13: 22
H14: Desconto | I14: 0.06
A15: Auxílio Alimentação | G15: CCT | H15: Vr. Unitário | I15: 27.15
H16: Dias | I16: 22
H17: Desconto | I17: 0.19
A18: Auxílio Lanche | G18: CCT | H18: Vr. Unitário | I18: Não aplicável
H19: Dias | I19: Não aplicável
H20: Desconto | I20: Não aplicável
A21: Prêmio Assiduidade / Cesta Básica (quando houver) | G21: CCT | H21: Valor mensal | I21: 80
A22: Plano de Benefício Social Familiar (apenas para a CCT SEEAC/SINDASSEIO) | G22: CCT | H22: Valor mensal | I22: 25.52
A23: Outros benefícios que refletem na planilha de custos, caso constem na CCT. | G23: CCT | H23: Valor mensal | I23: Não aplicável
A24: Adicional de Supervisor (37%) | H24: Porcentagem | I24: Não aplicável
A25: Base de cálculo da insalubridade | H25: Valor | I25: =I38 -> 1765.86
A26: Quantitativo de horas trabalhadas em feriados no mês (estimado) - Não aplicável para postos 12x36 | H26: Horas por mês | I26: Não aplicável
H27: Acréscimo da hora extra | I27: Não aplicável
A28: Hora Intervalar (somente para postos 12x36, quando for o caso) | H28: Horas por mês | I28: Não aplicável
A29: Sem fornecimento de materiais ou apenas fornecimento de EPIs ou uniformes, utilizar 10%. Com fornecimento de materiais ou equipamentos, utilizar 20%. (Decreto 52.768/2015, alterado pelo Decreto 53.424/2017) | H29: Porcentagem | I29: 0.2
I30: Não aplicável
A36: MONTANTE A
A37: I | B37: Remuneração - Grupo I | H37: % | I37: Valor Mensal/unidade de serviço (R$)
A38: 1 | B38: Salário | H38: =I38/$I$46 -> 0.83333333 | I38: =IF(D6="12x36",I10,I10/H10*I5) -> 1765.86
A39: =A38+1 -> 2 | B39: Adicional Periculosidade 30% (Ver súmulas 364, 132 e 191 do TST) | H39: =I39/$I$46 -> 0 | I39: =IF(I9=30%,I38*I9,0) -> 0
A40: =A39+1 -> 3 | B40: Adicional Insalubridade 10% (Ver súmula 228 e 139 TST) (1) | H40: =I40/$I$46 -> 0 | I40: =IF(I7=10%,I25*I7,0) -> 0
A41: =A40+1 -> 4 | B41: Adicional Insalubridade 20% (Ver súmula 228 e 139 TST) (1) | H41: =I41/$I$46 -> 0.16666667 | I41: =IF(I7=20%,I25*I7,0) -> 353.172
A42: =A41+1 -> 5 | B42: Adicional Insalubridade 40% (Ver súmula 228 e 139 TST) (1) | H42: =I42/$I$46 -> 0 | I42: =IF(I7=40%,I25*I7,0) -> 0
A43: =A42+1 -> 6 | B43: Adicional de Supervisor (IN 05/2017 MPOG SLTI) | H43: =I43/$I$46 -> 0 | I43: =IF(I24="Não aplicável",0,I38*I24) -> 0
A44: =A43+1 -> 7 | B44: Feriados | H44: =I44/$I$46 -> 0 | I44: =IF(I26="Não aplicável",0,(I38+I39+I40+I41+I42+I43)/I5*I26*(1+I27)) -> 0
A45: =A44+1 -> 8 | B45: DSR = número total das horas extras do mês / número de dias úteis X domingos e feriados do mês X valor da hora extra com acréscimo | H45: =I45/$I$46 -> 0 | I45: =IF(I26="Não aplicável",0,I26/I13*5*(I10/H10*(1+I27))) -> 0
A46: Total de Remuneração | H46: =SUM(H38:H45) -> 1 | I46: =SUM(I38:I45) -> 2119.032
A47: (1) | B47: Para posto de trabalho que tenha a necessidade de pagamento de adicional de insalubridade, a planilha de custos irá prever o salário proporcional como base de cálculo da insalubridade, conforme Pareceres da PGE nº 21.858/26 e 18.200/2020 e Promoção da PGE disposta no processo administrativo nº 20/2000-0034874-2. Porém, será permitida à licitante a alteração da base de cálculo na planilha de custos para que seja previsto o salário normativo do cargo ou o salário mínimo nacional (o que se aplicar mais benéfico). Uma vez caracterizada a condição insalubre, deve a empresa contratada pagar ao empregado o respectivo adicional na sua integralidade, independentemente da jornada de trabalho do empregado.
A57: II | B57: Encargos Sociais - Grupo II: Obrigações Sociais | H57: % | I57: Valor Mensal/unidade de serviço (R$)
A58: 1 | B58: INSS (art. 22, inc. I, Lei nº 8.212/91) | H58: 0.2 | I58: =$I$46*H58 -> 423.8064
A59: 2 | B59: SESI ou SESC (art. 30, Lei nº 8.036/90) | H59: 0.015 | I59: =$I$46*H59 -> 31.78548
A60: 3 | B60: SENAI ou SENAC (Decreto-Lei nº 2.318/86) | H60: 0.01 | I60: =$I$46*H60 -> 21.19032
A61: 4 | B61: INCRA (art. 15I, Lei Complementar nº 011/71) | H61: 0.002 | I61: =$I$46*H61 -> 4.238064
A62: 5 | B62: SALÁRIO EDUCAÇÃO (art. , inc. I, Decreto nº 87.043/82) | H62: 0.025 | I62: =$I$46*H62 -> 52.9758
A63: 6 | B63: FGTS (art. 15, Lei nº 8.036/90) | H63: 0.08 | I63: =$I$46*H63 -> 169.52256
A64: 7 | B64: SEG. ACIDENTE DO TRABALHO 1%, 2% e 3% (art. 22, inc. II, alíneas "b" e "c", da Lei nº 8.212/91) (2) | H64: 0.03 | I64: =$I$46*H64 -> 63.57096
A65: 8 | B65: SEBRAE (§ 3º, art. 8º, Lei nº 8.029/90) | H65: 0.006 | I65: =$I$46*H65 -> 12.714192
A66: Total do Grupo II | H66: =SUM(H58:H65) -> 0.368 | I66: =SUM(I58:I65) -> 779.80378
A67: (2) | B67: Os percentuais para o SAT podem variar de 0,50% a 6,00% em função do Fator de Acidente Previdenciário (FAP), Decreto nº 6.957/2009
B68: Deverá obrigatoriamente acompanhar a proposta de preços e a planilha de custos e formação de preços a prova do Fator Acidentário de Prevenção – FAP por meio de impressão de consulta ao site do Ministério da Previdência Social (que pode ser obtido no endereço eletrônico http://www2.dataprev.gov.br/fap/fap.htm), independentemente de alteração da alíquota da parcela do Seguro Acidente de Trabalho disposta no Quadro II da referida planilha.
A69: III | B69: Encargos Sociais - Grupo III: Tempo Não Trabalhado | H69: % | I69: Valor Mensal/unidade de serviço (R$)
A70: 1 | B70: FÉRIAS GOZADAS + ADICIONAL DE FÉRIAS | H70: 0.119314 | I70: =$I$46*H70 -> 252.83018
A71: 2 | B71: FALTAS ABONADAS (3) | H71: 0.020479 | I71: =$I$46*H71 -> 43.395656
A72: 3 | B72: FALTAS LEGAIS (4) | H72: 0.012123 | I72: =$I$46*H72 -> 25.689025
A73: 4 | B73: LICENÇA MATERNIDADE | H73: 0.011436 | I73: =$I$46*H73 -> 24.23325
A74: 5 | B74: LICENÇA PATERNIDADE | H74: 0.000174 | I74: =$I$46*H74 -> 0.36871157
A75: 6 | B75: ACIDENTE DE TRABALHO | H75: 0.000442 | I75: =$I$46*H75 -> 0.93661214
A76: 7 | B76: AVISO PRÉVIO TRABALHADO | H76: 0.000185 | I76: =$I$46*H76 -> 0.39202092
A77: 8 | B77: 13º SALÁRIO | H77: 0.09079 | I77: =$I$46*H77 -> 192.38692
A78: Total do Grupo III | H78: =SUM(H70:H77) -> 0.254943 | I78: =SUM(I70:I77) -> 540.23238
A79: (3) | B79: Faltas Justificadas por Auxílio Doença
A80: (4) | B80: Faltas Legais - Art. 473 CLT
A81: IV | B81: Encargos Sociais - Grupo IV: Indenizações | H81: % | I81: Valor Mensal/unidade de serviço (R$)
A82: 1 | B82: INDENIZAÇÕES | H82: 0.048321 | I82: =$I$46*H82 -> 102.39375
A83: 2 | B83: FGTS SOBRE INDENIZAÇÕES | H83: 0.003511 | I83: =$I$46*H83 -> 7.4399214
A84: 3 | B84: INDENIZAÇÃO COMPENSATÓRIA POR DEMISSÃO SEM JUSTA CAUSA | H84: 0.019328 | I84: =$I$46*H84 -> 40.95665
A85: Total do Grupo IV | H85: =SUM(H82:H84) -> 0.07116 | I85: =SUM(I82:I84) -> 150.79032
A87: V | B87: Encargos Sociais - Grupo V: Incidências | H87: % | I87: Valor Mensal/unidade de serviço (R$)
A88: 1 | B88: INCIDÊNCIA GRUPO II (Obrigações Sociais) X GRUPO III (Tempo Não Trabalhado) | H88: =(H66*H78) -> 0.093819024 | I88: =$I$46*H88 -> 198.80551
A89: Total do Grupo V | H89: =SUM(H88:H88) -> 0.093819024 | I89: =I88 -> 198.80551
A91: TOTAL DOS ENCARGOS SOCIAIS (II + III + IV + V) | H91: =H66+H78+H85+H89 -> 0.78792202 | I91: =I66+I78+I85+I89 -> 1669.632
A93: VI | B93: Demais custos relativos à Norma Coletiva ou Disposições Legais - Grupo VI | H93: % | I93: Valor Mensal/unidade de serviço (R$)
A94: 1 | B94: Auxílio Alimentação | H94: =I94/$I$46 -> 0.22831793 | I94: =I114 -> 483.813
A95: =A94+1 -> 2 | B95: Auxílio Lanche | H95: =I95/$I$46 -> 0 | I95: =I110 -> 0
A96: =A95+1 -> 3 | B96: Plano de Saúde | H96: =I96/$I$46 -> 0 | I96: 0
A97: =A96+1 -> 4 | B97: Vale-Transporte⁽⁵⁾ | H97: =I97/$I$46 -> 0.079776237 | I97: =I106 -> 169.0484
A98: =A97+1 -> 5 | B98: Adicional Intervalar | H98: =I98/$I$46 -> 0 | I98: =IF(I28="Não aplicável",0,((I10/H10)*1.5*I28)) -> 0
A99: 6 | B99: Prêmio Assiduidade (quando houver) | H99: =I99/$I$46 -> 0.037753087 | I99: =IF(I21="Não aplicável",0,I21) -> 80
A100: 7 | B100: Plano de Benefício Social Familiar (apenas para a CCT SEEAC/SINDASSEIO) | H100: =I100/$I$46 -> 0.012043235 | I100: =IF(I22="Não aplicável",0,I22) -> 25.52
A101: 8 | B101: Outros | H101: =I101/$I$46 -> 0 | I101: =IF(I23="Não aplicável",0,I23) -> 0
A102: Total do Grupo VI | H102: =SUM(H94:H101) -> 0.35789049 | I102: =SUM(I94:I101) -> 758.3814
A103: (5) | B103: O valor do vale-transporte pode variar de acordo com o modal fornecido pelo empregador.
A104: MEMÓRIA DE CÁLCULO DO VALE TRANSPORTE
A105: Valor Unitário | C105: Dias de Trabalho | D105: Vale p/dia | E105: Custo total | F105: Base de cálculo | G105: Percentual de desconto | H105: Valor desconto | I105: Custo efetivo
A106: =IF(I12="Não aplicável",0,I12) -> 6.25 | C106: =IF(I13="Não aplicável",0,I13) -> 22 | D106: 2 | E106: =A106*C106*D106 -> 275 | F106: =I38 -> 1765.86 | G106: =IF(I14="Não aplicável",0,I14) -> 0.06 | H106: =F106*G106 -> 105.9516 | I106: =IF((E106-H106)>0,E106-H106,0) -> 169.0484
A108: MEMÓRIA DE CÁLCULO DO VALE LANCHE
A109: Valor Unitário | C109: Dias por mês | D109: Vale p/dia | E109: Custo total | F109: Base de cálculo | G109: Percentual de desconto | H109: Valor desconto | I109: Custo efetivo
A110: =IF(I18="Não aplicável",0,I18) -> 0 | C110: =IF(I19="Não aplicável",0,I19) -> 0 | D110: 1 | E110: =A110*C110*D110 -> 0 | F110: =E110 -> 0 | G110: =IF(I20="Não aplicável",0,I20) -> 0 | H110: =F110*G110 -> 0 | I110: =E110-H110 -> 0
A112: MEMÓRIA DE CÁLCULO DO | F112: =A15 -> Auxílio Alimentação
A113: Valor Unitário | C113: Dias por mês | D113: Vale p/dia | E113: Custo total | F113: Base de cálculo | G113: Percentual de desconto | H113: =H105 -> Valor desconto | I113: Custo efetivo
A114: =IF(I15="Não aplicável",0,I15) -> 27.15 | C114: =IF(I16="Não aplicável",0,I16) -> 22 | D114: 1 | E114: =A114*C114*D114 -> 597.3 | F114: =E114 -> 597.3 | G114: =IF(I17="Não aplicável",0,I17) -> 0.19 | H114: =F114*G114 -> 113.487 | I114: =E114-H114 -> 483.813
A116: TOTAL DO MONTANTE A (I + II + III+ IV + V +VI) | H116: =H46+H91+H102 -> 2.1458125 | I116: =I46+I91+I102 -> 4547.0454
A118: MONTANTE B
A119: I | B119: Despesas Diretas | H119: % | I119: Valor Mensal/unidade de serviço (R$)
A120: 1 | B120: Transporte (6) | H120: =I120/$I$132 -> 0 | I120: 0
A121: 2 | B121: Uniformes/EPI (6a) | H121: =I121/$I$132 -> 0 | I121: =IF(F130=10%,G130,0) -> 0
A122: 3 | B122: Seguro de vida | H122: =I122/$I$132 -> 0 | I122: 0
...

Sheet Almoxarife - Pelotas
A1: PLANILHA DE CUSTOS E FORMAÇÃO DE PREÇOS DE SERVIÇOS CONTINUADOS COM DEDICAÇÃO EXCLUSIVA DE MÃO DE OBRA (ANEXO III - DECRETO 52.768 de 15.12.2015)
A2: PROCESSO: | C2: 25/2000-0110551-4 | E2: REGIME DE TRIBUTAÇÃO: LUCRO PRESUMIDO
A3: LICITAÇÃO/EDITAL | E3: ABERTURA:
A5: Cargo/Função: | D5: Almoxarife | G5: =IF(D6="12x36","Regime de trabalho:","Quantidade de HORAS/MÊS") -> Quantidade de HORAS/MÊS | I5: =IF(D6="12x36",D6,5*D6) -> 200
A6: =IF(D6="12x36","Regime de trabalho:","Regime de trabalho (horas semanais):") -> Regime de trabalho (horas semanais): | D6: 40
A7: Convenção Coletiva de Trabalho: | D7: RS000061/2026 | G7: INSALUBRIDADE (10%, 20%, 40%) | I7: 0.2
A8: Origem do salário: | D8: CCT
A9: Cidade: | D9: Pelotas | G9: PERICULOSIDADE (30%) | I9: Não aplicável
A10: Salário Normativo | G10: Vlr. do salário e nº de horas correspondentes | H10: 220 | I10: 2120.93
A11: ISS | G11: =D9 -> Pelotas | H11: Alíquota | I11: 0.05
A12: Tarifa Transporte | G12: CCT | H12: Vr. Unitário | I12: 6.25
H13: Dias | I13: 22
H14: Desconto | I14: 0.06
A15: Auxílio Alimentação | G15: CCT | H15: Vr. Unitário | I15: 27.15
H16: Dias | I16: 22
H17: Desconto | I17: 0.19
A18: Auxílio Lanche | G18: CCT | H18: Vr. Unitário | I18: Não aplicável
H19: Dias | I19: Não aplicável
H20: Desconto | I20: Não aplicável
A21: Prêmio Assiduidade / Cesta Básica (quando houver) | G21: CCT | H21: Valor mensal | I21: 80
A22: Plano de Benefício Social Familiar (apenas para a CCT SEEAC/SINDASSEIO) | G22: CCT | H22: Valor mensal | I22: 25.52
A23: Outros benefícios que refletem na planilha de custos, caso constem na CCT. | G23: CCT | H23: Valor mensal | I23: Não aplicável
A24: Adicional de Supervisor (37%) | H24: Porcentagem | I24: Não aplicável
A25: Base de cálculo da insalubridade | H25: Valor | I25: =I38 -> 1928.1182
A26: Quantitativo de horas trabalhadas em feriados no mês (estimado) - Não aplicável para postos 12x36 | H26: Horas por mês | I26: Não aplicável
H27: Acréscimo da hora extra | I27: Não aplicável
A28: Hora Intervalar (somente para postos 12x36, quando for o caso) | H28: Horas por mês | I28: Não aplicável
A29: Sem fornecimento de materiais ou apenas fornecimento de EPIs ou uniformes, utilizar 10%. Com fornecimento de materiais ou equipamentos, utilizar 20%. (Decreto 52.768/2015, alterado pelo Decreto 53.424/2017) | H29: Porcentagem | I29: 0.2
I30: Não aplicável
A36: MONTANTE A
A37: I | B37: Remuneração - Grupo I | H37: % | I37: Valor Mensal/unidade de serviço (R$)
A38: 1 | B38: Salário | H38: =I38/$I$46 -> 0.83333333 | I38: =IF(D6="12x36",I10,I10/H10*I5) -> 1928.1182
A39: =A38+1 -> 2 | B39: Adicional Periculosidade 30% (Ver súmulas 364, 132 e 191 do TST) | H39: =I39/$I$46 -> 0 | I39: =IF(I9=30%,I38*I9,0) -> 0
A40: =A39+1 -> 3 | B40: Adicional Insalubridade 10% (Ver súmula 228 e 139 TST) (1) | H40: =I40/$I$46 -> 0 | I40: =IF(I7=10%,I25*I7,0) -> 0
A41: =A40+1 -> 4 | B41: Adicional Insalubridade 20% (Ver súmula 228 e 139 TST) (1) | H41: =I41/$I$46 -> 0.16666667 | I41: =IF(I7=20%,I25*I7,0) -> 385.62364
A42: =A41+1 -> 5 | B42: Adicional Insalubridade 40% (Ver súmula 228 e 139 TST) (1) | H42: =I42/$I$46 -> 0 | I42: =IF(I7=40%,I25*I7,0) -> 0
A43: =A42+1 -> 6 | B43: Adicional de Supervisor (IN 05/2017 MPOG SLTI) | H43: =I43/$I$46 -> 0 | I43: =IF(I24="Não aplicável",0,I38*I24) -> 0
A44: =A43+1 -> 7 | B44: Feriados | H44: =I44/$I$46 -> 0 | I44: =IF(I26="Não aplicável",0,(I38+I39+I40+I41+I42+I43)/I5*I26*(1+I27)) -> 0
A45: =A44+1 -> 8 | B45: DSR = número total das horas extras do mês / número de dias úteis X domingos e feriados do mês X valor da hora extra com acréscimo | H45: =I45/$I$46 -> 0 | I45: =IF(I26="Não aplicável",0,I26/I13*5*(I10/H10*(1+I27))) -> 0
A46: Total de Remuneração | H46: =SUM(H38:H45) -> 1 | I46: =SUM(I38:I45) -> 2313.7418
A47: (1) | B47: Para posto de trabalho que tenha a necessidade de pagamento de adicional de insalubridade, a planilha de custos irá prever o salário proporcional como base de cálculo da insalubridade, conforme Pareceres da PGE nº 21.858/26 e 18.200/2020 e Promoção da PGE disposta no processo administrativo nº 20/2000-0034874-2. Porém, será permitida à licitante a alteração da base de cálculo na planilha de custos para que seja previsto o salário normativo do cargo ou o salário mínimo nacional (o que se aplicar mais benéfico). Uma vez caracterizada a condição insalubre, deve a empresa contratada pagar ao empregado o respectivo adicional na sua integralidade, independentemente da jornada de trabalho do empregado.
A57: II | B57: Encargos Sociais - Grupo II: Obrigações Sociais | H57: % | I57: Valor Mensal/unidade de serviço (R$)
A58: 1 | B58: INSS (art. 22, inc. I, Lei nº 8.212/91) | H58: 0.2 | I58: =$I$46*H58 -> 462.74836
A59: 2 | B59: SESI ou SESC (art. 30, Lei nº 8.036/90) | H59: 0.015 | I59: =$I$46*H59 -> 34.706127
A60: 3 | B60: SENAI ou SENAC (Decreto-Lei nº 2.318/86) | H60: 0.01 | I60: =$I$46*H60 -> 23.137418
A61: 4 | B61: INCRA (art. 15I, Lei Complementar nº 011/71) | H61: 0.002 | I61: =$I$46*H61 -> 4.6274836
A62: 5 | B62: SALÁRIO EDUCAÇÃO (art. , inc. I, Decreto nº 87.043/82) | H62: 0.025 | I62: =$I$46*H62 -> 57.843545
A63: 6 | B63: FGTS (art. 15, Lei nº 8.036/90) | H63: 0.08 | I63: =$I$46*H63 -> 185.09935
A64: 7 | B64: SEG. ACIDENTE DO TRABALHO 1%, 2% e 3% (art. 22, inc. II, alíneas "b" e "c", da Lei nº 8.212/91) (2) | H64: 0.03 | I64: =$I$46*H64 -> 69.412255
A65: 8 | B65: SEBRAE (§ 3º, art. 8º, Lei nº 8.029/90) | H65: 0.006 | I65: =$I$46*H65 -> 13.882451
A66: Total do Grupo II | H66: =SUM(H58:H65) -> 0.368 | I66: =SUM(I58:I65) -> 851.45699
A67: (2) | B67: Os percentuais para o SAT podem variar de 0,50% a 6,00% em função do Fator de Acidente Previdenciário (FAP), Decreto nº 6.957/2009
B68: Deverá obrigatoriamente acompanhar a proposta de preços e a planilha de custos e formação de preços a prova do Fator Acidentário de Prevenção – FAP por meio de impressão de consulta ao site do Ministério da Previdência Social (que pode ser obtido no endereço eletrônico http://www2.dataprev.gov.br/fap/fap.htm), independentemente de alteração da alíquota da parcela do Seguro Acidente de Trabalho disposta no Quadro II da referida planilha.
A69: III | B69: Encargos Sociais - Grupo III: Tempo Não Trabalhado | H69: % | I69: Valor Mensal/unidade de serviço (R$)
A70: 1 | B70: FÉRIAS GOZADAS + ADICIONAL DE FÉRIAS | H70: 0.119314 | I70: =$I$46*H70 -> 276.06179
A71: 2 | B71: FALTAS ABONADAS (3) | H71: 0.020479 | I71: =$I$46*H71 -> 47.383119
A72: 3 | B72: FALTAS LEGAIS (4) | H72: 0.012123 | I72: =$I$46*H72 -> 28.049492
A73: 4 | B73: LICENÇA MATERNIDADE | H73: 0.011436 | I73: =$I$46*H73 -> 26.459951
A74: 5 | B74: LICENÇA PATERNIDADE | H74: 0.000174 | I74: =$I$46*H74 -> 0.40259108
A75: 6 | B75: ACIDENTE DE TRABALHO | H75: 0.000442 | I75: =$I$46*H75 -> 1.0226739
A76: 7 | B76: AVISO PRÉVIO TRABALHADO | H76: 0.000185 | I76: =$I$46*H76 -> 0.42804224
A77: 8 | B77: 13º SALÁRIO | H77: 0.09079 | I77: =$I$46*H77 -> 210.06462
A78: Total do Grupo III | H78: =SUM(H70:H77) -> 0.254943 | I78: =SUM(I70:I77) -> 589.87228
A79: (3) | B79: Faltas Justificadas por Auxílio Doença
A80: (4) | B80: Faltas Legais - Art. 473 CLT
A81: IV | B81: Encargos Sociais - Grupo IV: Indenizações | H81: % | I81: Valor Mensal/unidade de serviço (R$)
A82: 1 | B82: INDENIZAÇÕES | H82: 0.048321 | I82: =$I$46*H82 -> 111.80232
A83: 2 | B83: FGTS SOBRE INDENIZAÇÕES | H83: 0.003511 | I83: =$I$46*H83 -> 8.1235475
A84: 3 | B84: INDENIZAÇÃO COMPENSATÓRIA POR DEMISSÃO SEM JUSTA CAUSA | H84: 0.019328 | I84: =$I$46*H84 -> 44.720002
A85: Total do Grupo IV | H85: =SUM(H82:H84) -> 0.07116 | I85: =SUM(I82:I84) -> 164.64587
A87: V | B87: Encargos Sociais - Grupo V: Incidências | H87: % | I87: Valor Mensal/unidade de serviço (R$)
A88: 1 | B88: INCIDÊNCIA GRUPO II (Obrigações Sociais) X GRUPO III (Tempo Não Trabalhado) | H88: =(H66*H78) -> 0.093819024 | I88: =$I$46*H88 -> 217.073
A89: Total do Grupo V | H89: =SUM(H88:H88) -> 0.093819024 | I89: =I88 -> 217.073
A91: TOTAL DOS ENCARGOS SOCIAIS (II + III + IV + V) | H91: =H66+H78+H85+H89 -> 0.78792202 | I91: =I66+I78+I85+I89 -> 1823.0481
A93: VI | B93: Demais custos relativos à Norma Coletiva ou Disposições Legais - Grupo VI | H93: % | I93: Valor Mensal/unidade de serviço (R$)
A94: 1 | B94: Auxílio Alimentação | H94: =I94/$I$46 -> 0.20910414 | I94: =I114 -> 483.813
A95: =A94+1 -> 2 | B95: Auxílio Lanche | H95: =I95/$I$46 -> 0 | I95: =I110 -> 0
A96: =A95+1 -> 3 | B96: Plano de Saúde | H96: =I96/$I$46 -> 0 | I96: 0
A97: =A96+1 -> 4 | B97: Vale-Transporte⁽⁵⁾ | H97: =I97/$I$46 -> 0.068855093 | I97: =I106 -> 159.31291
A98: =A97+1 -> 5 | B98: Adicional Intervalar | H98: =I98/$I$46 -> 0 | I98: =IF(I28="Não aplicável",0,((I10/H10)*1.5*I28)) -> 0
A99: 6 | B99: Prêmio Assiduidade (quando houver) | H99: =I99/$I$46 -> 0.034576027 | I99: =IF(I21="Não aplicável",0,I21) -> 80
A100: 7 | B100: Plano de Benefício Social Familiar (apenas para a CCT SEEAC/SINDASSEIO) | H100: =I100/$I$46 -> 0.011029753 | I100: =IF(I22="Não aplicável",0,I22) -> 25.52
A101: 8 | B101: Outros | H101: =I101/$I$46 -> 0 | I101: =IF(I23="Não aplicável",0,I23) -> 0
A102: Total do Grupo VI | H102: =SUM(H94:H101) -> 0.32356502 | I102: =SUM(I94:I101) -> 748.64591
A103: (5) | B103: O valor do vale-transporte pode variar de acordo com o modal fornecido pelo empregador.
A104: MEMÓRIA DE CÁLCULO DO VALE TRANSPORTE
A105: Valor Unitário | C105: Dias de Trabalho | D105: Vale p/dia | E105: Custo total | F105: Base de cálculo | G105: Percentual de desconto | H105: Valor desconto | I105: Custo efetivo
A106: =IF(I12="Não aplicável",0,I12) -> 6.25 | C106: =IF(I13="Não aplicável",0,I13) -> 22 | D106: 2 | E106: =A106*C106*D106 -> 275 | F106: =I38 -> 1928.1182 | G106: =IF(I14="Não aplicável",0,I14) -> 0.06 | H106: =F106*G106 -> 115.68709 | I106: =IF((E106-H106)>0,E106-H106,0) -> 159.31291
A108: MEMÓRIA DE CÁLCULO DO VALE LANCHE
A109: Valor Unitário | C109: Dias por mês | D109: Vale p/dia | E109: Custo total | F109: Base de cálculo | G109: Percentual de desconto | H109: Valor desconto | I109: Custo efetivo
A110: =IF(I18="Não aplicável",0,I18) -> 0 | C110: =IF(I19="Não aplicável",0,I19) -> 0 | D110: 1 | E110: =A110*C110*D110 -> 0 | F110: =E110 -> 0 | G110: =IF(I20="Não aplicável",0,I20) -> 0 | H110: =F110*G110 -> 0 | I110: =E110-H110 -> 0
A112: MEMÓRIA DE CÁLCULO DO | F112: =A15 -> Auxílio Alimentação
A113: Valor Unitário | C113: Dias por mês | D113: Vale p/dia | E113: Custo total | F113: Base de cálculo | G113: Percentual de desconto | H113: =H105 -> Valor desconto | I113: Custo efetivo
A114: =IF(I15="Não aplicável",0,I15) -> 27.15 | C114: =IF(I16="Não aplicável",0,I16) -> 22 | D114: 1 | E114: =A114*C114*D114 -> 597.3 | F114: =E114 -> 597.3 | G114: =IF(I17="Não aplicável",0,I17) -> 0.19 | H114: =F114*G114 -> 113.487 | I114: =E114-H114 -> 483.813
A116: TOTAL DO MONTANTE A (I + II + III+ IV + V +VI) | H116: =H46+H91+H102 -> 2.111487 | I116: =I46+I91+I102 -> 4885.4359
A118: MONTANTE B
A119: I | B119: Despesas Diretas | H119: % | I119: Valor Mensal/unidade de serviço (R$)
A120: 1 | B120: Transporte (6) | H120: =I120/$I$132 -> 0 | I120: 0
A121: 2 | B121: Uniformes/EPI (6a) | H121: =I121/$I$132 -> 0 | I121: =IF(F130=10%,G130,0) -> 0
A122: 3 | B122: Seguro de vida | H122: =I122/$I$132 -> 0 | I122: 0
...

Sheet Aux. Manutenção - Pelotas
A1: PLANILHA DE CUSTOS E FORMAÇÃO DE PREÇOS DE SERVIÇOS CONTINUADOS COM DEDICAÇÃO EXCLUSIVA DE MÃO DE OBRA (ANEXO III - DECRETO 52.768 de 15.12.2015)
A2: PROCESSO: | C2: 25/2000-0110551-4 | E2: REGIME DE TRIBUTAÇÃO: LUCRO PRESUMIDO
A3: LICITAÇÃO/EDITAL | E3: ABERTURA:
A5: Cargo/Função: | D5: Auxiliar de Manutenção | G5: =IF(D6="12x36","Regime de trabalho:","Quantidade de HORAS/MÊS") -> Quantidade de HORAS/MÊS | I5: =IF(D6="12x36",D6,5*D6) -> 200
A6: =IF(D6="12x36","Regime de trabalho:","Regime de trabalho (horas semanais):") -> Regime de trabalho (horas semanais): | D6: 40
A7: Convenção Coletiva de Trabalho: | D7: RS000061/2026 | G7: INSALUBRIDADE (10%, 20%, 40%) | I7: Não aplicável
A8: Origem do salário: | D8: CCT
A9: Cidade: | D9: Pelotas | G9: PERICULOSIDADE (30%) | I9: Não aplicável
A10: Salário Normativo | G10: Vlr. do salário e nº de horas correspondentes | H10: 220 | I10: 1765.86
A11: ISS | G11: =D9 -> Pelotas | H11: Alíquota | I11: 0.05
A12: Tarifa Transporte | G12: CCT | H12: Vr. Unitário | I12: 6.25
H13: Dias | I13: 22
H14: Desconto | I14: 0.06
A15: Auxílio Alimentação | G15: CCT | H15: Vr. Unitário | I15: 27.15
H16: Dias | I16: 22
H17: Desconto | I17: 0.19
A18: Auxílio Lanche | G18: CCT | H18: Vr. Unitário | I18: Não aplicável
H19: Dias | I19: Não aplicável
H20: Desconto | I20: Não aplicável
A21: Prêmio Assiduidade / Cesta Básica (quando houver) | G21: CCT | H21: Valor mensal | I21: 80
A22: Plano de Benefício Social Familiar (apenas para a CCT SEEAC/SINDASSEIO) | G22: CCT | H22: Valor mensal | I22: 25.52
A23: Outros benefícios que refletem na planilha de custos, caso constem na CCT. | G23: CCT | H23: Valor mensal | I23: Não aplicável
A24: Adicional de Supervisor (37%) | H24: Porcentagem | I24: Não aplicável
A25: Base de cálculo da insalubridade | H25: Valor | I25: =I38 -> 1605.3273
A26: Quantitativo de horas trabalhadas em feriados no mês (estimado) - Não aplicável para postos 12x36 | H26: Horas por mês | I26: Não aplicável
H27: Acréscimo da hora extra | I27: Não aplicável
A28: Hora Intervalar (somente para postos 12x36, quando for o caso) | H28: Horas por mês | I28: Não aplicável
A29: Sem fornecimento de materiais ou apenas fornecimento de EPIs ou uniformes, utilizar 10%. Com fornecimento de materiais ou equipamentos, utilizar 20%. (Decreto 52.768/2015, alterado pelo Decreto 53.424/2017) | H29: Porcentagem | I29: 0.2
I30: Não aplicável
A36: MONTANTE A
A37: I | B37: Remuneração - Grupo I | H37: % | I37: Valor Mensal/unidade de serviço (R$)
A38: 1 | B38: Salário | H38: =I38/$I$46 -> 1 | I38: =IF(D6="12x36",I10,I10/H10*I5) -> 1605.3273
A39: =A38+1 -> 2 | B39: Adicional Periculosidade 30% (Ver súmulas 364, 132 e 191 do TST) | H39: =I39/$I$46 -> 0 | I39: =IF(I9=30%,I38*I9,0) -> 0
A40: =A39+1 -> 3 | B40: Adicional Insalubridade 10% (Ver súmula 228 e 139 TST) (1) | H40: =I40/$I$46 -> 0 | I40: =IF(I7=10%,I25*I7,0) -> 0
A41: =A40+1 -> 4 | B41: Adicional Insalubridade 20% (Ver súmula 228 e 139 TST) (1) | H41: =I41/$I$46 -> 0 | I41: =IF(I7=20%,I25*I7,0) -> 0
A42: =A41+1 -> 5 | B42: Adicional Insalubridade 40% (Ver súmula 228 e 139 TST) (1) | H42: =I42/$I$46 -> 0 | I42: =IF(I7=40%,I25*I7,0) -> 0
A43: =A42+1 -> 6 | B43: Adicional de Supervisor (IN 05/2017 MPOG SLTI) | H43: =I43/$I$46 -> 0 | I43: =IF(I24="Não aplicável",0,I38*I24) -> 0
A44: =A43+1 -> 7 | B44: Feriados | H44: =I44/$I$46 -> 0 | I44: =IF(I26="Não aplicável",0,(I38+I39+I40+I41+I42+I43)/I5*I26*(1+I27)) -> 0
A45: =A44+1 -> 8 | B45: DSR = número total das horas extras do mês / número de dias úteis X domingos e feriados do mês X valor da hora extra com acréscimo | H45: =I45/$I$46 -> 0 | I45: =IF(I26="Não aplicável",0,I26/I13*5*(I10/H10*(1+I27))) -> 0
A46: Total de Remuneração | H46: =SUM(H38:H45) -> 1 | I46: =SUM(I38:I45) -> 1605.3273
A47: (1) | B47: Para posto de trabalho que tenha a necessidade de pagamento de adicional de insalubridade, a planilha de custos irá prever o salário proporcional como base de cálculo da insalubridade, conforme Pareceres da PGE nº 21.858/26 e 18.200/2020 e Promoção da PGE disposta no processo administrativo nº 20/2000-0034874-2. Porém, será permitida à licitante a alteração da base de cálculo na planilha de custos para que seja previsto o salário normativo do cargo ou o salário mínimo nacional (o que se aplicar mais benéfico). Uma vez caracterizada a condição insalubre, deve a empresa contratada pagar ao empregado o respectivo adicional na sua integralidade, independentemente da jornada de trabalho do empregado.
A57: II | B57: Encargos Sociais - Grupo II: Obrigações Sociais | H57: % | I57: Valor Mensal/unidade de serviço (R$)
A58: 1 | B58: INSS (art. 22, inc. I, Lei nº 8.212/91) | H58: 0.2 | I58: =$I$46*H58 -> 321.06545
A59: 2 | B59: SESI ou SESC (art. 30, Lei nº 8.036/90) | H59: 0.015 | I59: =$I$46*H59 -> 24.079909
A60: 3 | B60: SENAI ou SENAC (Decreto-Lei nº 2.318/86) | H60: 0.01 | I60: =$I$46*H60 -> 16.053273
A61: 4 | B61: INCRA (art. 15I, Lei Complementar nº 011/71) | H61: 0.002 | I61: =$I$46*H61 -> 3.2106545
A62: 5 | B62: SALÁRIO EDUCAÇÃO (art. , inc. I, Decreto nº 87.043/82) | H62: 0.025 | I62: =$I$46*H62 -> 40.133182
A63: 6 | B63: FGTS (art. 15, Lei nº 8.036/90) | H63: 0.08 | I63: =$I$46*H63 -> 128.42618
A64: 7 | B64: SEG. ACIDENTE DO TRABALHO 1%, 2% e 3% (art. 22, inc. II, alíneas "b" e "c", da Lei nº 8.212/91) (2) | H64: 0.03 | I64: =$I$46*H64 -> 48.159818
A65: 8 | B65: SEBRAE (§ 3º, art. 8º, Lei nº 8.029/90) | H65: 0.006 | I65: =$I$46*H65 -> 9.6319636
A66: Total do Grupo II | H66: =SUM(H58:H65) -> 0.368 | I66: =SUM(I58:I65) -> 590.76044
A67: (2) | B67: Os percentuais para o SAT podem variar de 0,50% a 6,00% em função do Fator de Acidente Previdenciário (FAP), Decreto nº 6.957/2009
B68: Deverá obrigatoriamente acompanhar a proposta de preços e a planilha de custos e formação de preços a prova do Fator Acidentário de Prevenção – FAP por meio de impressão de consulta ao site do Ministério da Previdência Social (que pode ser obtido no endereço eletrônico http://www2.dataprev.gov.br/fap/fap.htm), independentemente de alteração da alíquota da parcela do Seguro Acidente de Trabalho disposta no Quadro II da referida planilha.
A69: III | B69: Encargos Sociais - Grupo III: Tempo Não Trabalhado | H69: % | I69: Valor Mensal/unidade de serviço (R$)
A70: 1 | B70: FÉRIAS GOZADAS + ADICIONAL DE FÉRIAS | H70: 0.119314 | I70: =$I$46*H70 -> 191.53802
A71: 2 | B71: FALTAS ABONADAS (3) | H71: 0.020479 | I71: =$I$46*H71 -> 32.875497
A72: 3 | B72: FALTAS LEGAIS (4) | H72: 0.012123 | I72: =$I$46*H72 -> 19.461383
A73: 4 | B73: LICENÇA MATERNIDADE | H73: 0.011436 | I73: =$I$46*H73 -> 18.358523
A74: 5 | B74: LICENÇA PATERNIDADE | H74: 0.000174 | I74: =$I$46*H74 -> 0.27932695
A75: 6 | B75: ACIDENTE DE TRABALHO | H75: 0.000442 | I75: =$I$46*H75 -> 0.70955465
A76: 7 | B76: AVISO PRÉVIO TRABALHADO | H76: 0.000185 | I76: =$I$46*H76 -> 0.29698555
A77: 8 | B77: 13º SALÁRIO | H77: 0.09079 | I77: =$I$46*H77 -> 145.74766
A78: Total do Grupo III | H78: =SUM(H70:H77) -> 0.254943 | I78: =SUM(I70:I77) -> 409.26695
A79: (3) | B79: Faltas Justificadas por Auxílio Doença
A80: (4) | B80: Faltas Legais - Art. 473 CLT
A81: IV | B81: Encargos Sociais - Grupo IV: Indenizações | H81: % | I81: Valor Mensal/unidade de serviço (R$)
A82: 1 | B82: INDENIZAÇÕES | H82: 0.048321 | I82: =$I$46*H82 -> 77.571019
A83: 2 | B83: FGTS SOBRE INDENIZAÇÕES | H83: 0.003511 | I83: =$I$46*H83 -> 5.6363041
A84: 3 | B84: INDENIZAÇÃO COMPENSATÓRIA POR DEMISSÃO SEM JUSTA CAUSA | H84: 0.019328 | I84: =$I$46*H84 -> 31.027766
A85: Total do Grupo IV | H85: =SUM(H82:H84) -> 0.07116 | I85: =SUM(I82:I84) -> 114.23509
A87: V | B87: Encargos Sociais - Grupo V: Incidências | H87: % | I87: Valor Mensal/unidade de serviço (R$)
A88: 1 | B88: INCIDÊNCIA GRUPO II (Obrigações Sociais) X GRUPO III (Tempo Não Trabalhado) | H88: =(H66*H78) -> 0.093819024 | I88: =$I$46*H88 -> 150.61024
A89: Total do Grupo V | H89: =SUM(H88:H88) -> 0.093819024 | I89: =I88 -> 150.61024
A91: TOTAL DOS ENCARGOS SOCIAIS (II + III + IV + V) | H91: =H66+H78+H85+H89 -> 0.78792202 | I91: =I66+I78+I85+I89 -> 1264.8727
A93: VI | B93: Demais custos relativos à Norma Coletiva ou Disposições Legais - Grupo VI | H93: % | I93: Valor Mensal/unidade de serviço (R$)
A94: 1 | B94: Auxílio Alimentação | H94: =I94/$I$46 -> 0.30137967 | I94: =I114 -> 483.813
A95: =A94+1 -> 2 | B95: Auxílio Lanche | H95: =I95/$I$46 -> 0 | I95: =I110 -> 0
A96: =A95+1 -> 3 | B96: Plano de Saúde | H96: =I96/$I$46 -> 0 | I96: 0
A97: =A96+1 -> 4 | B97: Vale-Transporte⁽⁵⁾ | H97: =I97/$I$46 -> 0.11130463 | I97: =I106 -> 178.68036
A98: =A97+1 -> 5 | B98: Adicional Intervalar | H98: =I98/$I$46 -> 0 | I98: =IF(I28="Não aplicável",0,((I10/H10)*1.5*I28)) -> 0
A99: 6 | B99: Prêmio Assiduidade (quando houver) | H99: =I99/$I$46 -> 0.049834075 | I99: =IF(I21="Não aplicável",0,I21) -> 80
A100: 7 | B100: Plano de Benefício Social Familiar (apenas para a CCT SEEAC/SINDASSEIO) | H100: =I100/$I$46 -> 0.01589707 | I100: =IF(I22="Não aplicável",0,I22) -> 25.52
A101: 8 | B101: Outros | H101: =I101/$I$46 -> 0 | I101: =IF(I23="Não aplicável",0,I23) -> 0
A102: Total do Grupo VI | H102: =SUM(H94:H101) -> 0.47841545 | I102: =SUM(I94:I101) -> 768.01336
A103: (5) | B103: O valor do vale-transporte pode variar de acordo com o modal fornecido pelo empregador.
A104: MEMÓRIA DE CÁLCULO DO VALE TRANSPORTE
A105: Valor Unitário | C105: Dias de Trabalho | D105: Vale p/dia | E105: Custo total | F105: Base de cálculo | G105: Percentual de desconto | H105: Valor desconto | I105: Custo efetivo
A106: =IF(I12="Não aplicável",0,I12) -> 6.25 | C106: =IF(I13="Não aplicável",0,I13) -> 22 | D106: 2 | E106: =A106*C106*D106 -> 275 | F106: =I38 -> 1605.3273 | G106: =IF(I14="Não aplicável",0,I14) -> 0.06 | H106: =F106*G106 -> 96.319636 | I106: =IF((E106-H106)>0,E106-H106,0) -> 178.68036
A108: MEMÓRIA DE CÁLCULO DO VALE LANCHE
A109: Valor Unitário | C109: Dias por mês | D109: Vale p/dia | E109: Custo total | F109: Base de cálculo | G109: Percentual de desconto | H109: Valor desconto | I109: Custo efetivo
A110: =IF(I18="Não aplicável",0,I18) -> 0 | C110: =IF(I19="Não aplicável",0,I19) -> 0 | D110: 1 | E110: =A110*C110*D110 -> 0 | F110: =E110 -> 0 | G110: =IF(I20="Não aplicável",0,I20) -> 0 | H110: =F110*G110 -> 0 | I110: =E110-H110 -> 0
A112: MEMÓRIA DE CÁLCULO DO | F112: =A15 -> Auxílio Alimentação
A113: Valor Unitário | C113: Dias por mês | D113: Vale p/dia | E113: Custo total | F113: Base de cálculo | G113: Percentual de desconto | H113: =H105 -> Valor desconto | I113: Custo efetivo
A114: =IF(I15="Não aplicável",0,I15) -> 27.15 | C114: =IF(I16="Não aplicável",0,I16) -> 22 | D114: 1 | E114: =A114*C114*D114 -> 597.3 | F114: =E114 -> 597.3 | G114: =IF(I17="Não aplicável",0,I17) -> 0.19 | H114: =F114*G114 -> 113.487 | I114: =E114-H114 -> 483.813
A116: TOTAL DO MONTANTE A (I + II + III+ IV + V +VI) | H116: =H46+H91+H102 -> 2.2663375 | I116: =I46+I91+I102 -> 3638.2134
A118: MONTANTE B
A119: I | B119: Despesas Diretas | H119: % | I119: Valor Mensal/unidade de serviço (R$)
A120: 1 | B120: Transporte (6) | H120: =I120/$I$132 -> 0 | I120: 0
A121: 2 | B121: Uniformes/EPI (6a) | H121: =I121/$I$132 -> 0 | I121: =IF(F130=10%,G130,0) -> 0
A122: 3 | B122: Seguro de vida | H122: =I122/$I$132 -> 0 | I122: 0
...

Sheet Recepção - Pelotas
A1: PLANILHA DE CUSTOS E FORMAÇÃO DE PREÇOS DE SERVIÇOS CONTINUADOS COM DEDICAÇÃO EXCLUSIVA DE MÃO DE OBRA (ANEXO III - DECRETO 52.768 de 15.12.2015)
A2: PROCESSO: | C2: 25/2000-0110551-4 | E2: REGIME DE TRIBUTAÇÃO: LUCRO PRESUMIDO
A3: LICITAÇÃO/EDITAL | E3: ABERTURA:
A5: Cargo/Função: | D5: Recepção | G5: =IF(D6="12x36","Regime de trabalho:","Quantidade de HORAS/MÊS") -> Quantidade de HORAS/MÊS | I5: =IF(D6="12x36",D6,5*D6) -> 220
A6: =IF(D6="12x36","Regime de trabalho:","Regime de trabalho (horas semanais):") -> Regime de trabalho (horas semanais): | D6: 44
A7: Convenção Coletiva de Trabalho: | D7: RS000061/2026 | G7: INSALUBRIDADE (10%, 20%, 40%) | I7: Não aplicável
A8: Origem do salário: | D8: CCT
A9: Cidade: | D9: Pelotas | G9: PERICULOSIDADE (30%) | I9: Não aplicável
A10: Salário Normativo | G10: Vlr. do salário e nº de horas correspondentes | H10: 220 | I10: 1996.44
A11: ISS | G11: =D9 -> Pelotas | H11: Alíquota | I11: 0.05
A12: Tarifa Transporte | G12: CCT | H12: Vr. Unitário | I12: 6.25
H13: Dias | I13: 22
H14: Desconto | I14: 0.06
A15: Auxílio Alimentação | G15: CCT | H15: Vr. Unitário | I15: 27.15
H16: Dias | I16: 22
H17: Desconto | I17: 0.19
A18: Auxílio Lanche | G18: CCT | H18: Vr. Unitário | I18: Não aplicável
H19: Dias | I19: Não aplicável
H20: Desconto | I20: Não aplicável
A21: Prêmio Assiduidade / Cesta Básica (quando houver) | G21: CCT | H21: Valor mensal | I21: 80
A22: Plano de Benefício Social Familiar (apenas para a CCT SEEAC/SINDASSEIO) | G22: CCT | H22: Valor mensal | I22: 25.52
A23: Outros benefícios que refletem na planilha de custos, caso constem na CCT. | G23: CCT | H23: Valor mensal | I23: Não aplicável
A24: Adicional de Supervisor (37%) | H24: Porcentagem | I24: Não aplicável
A25: Base de cálculo da insalubridade | H25: Valor | I25: =I38 -> 1996.44
A26: Quantitativo de horas trabalhadas em feriados no mês (estimado) - Não aplicável para postos 12x36 | H26: Horas por mês | I26: Não aplicável
H27: Acréscimo da hora extra | I27: Não aplicável
A28: Hora Intervalar (somente para postos 12x36, quando for o caso) | H28: Horas por mês | I28: Não aplicável
A29: Sem fornecimento de materiais ou apenas fornecimento de EPIs ou uniformes, utilizar 10%. Com fornecimento de materiais ou equipamentos, utilizar 20%. (Decreto 52.768/2015, alterado pelo Decreto 53.424/2017) | H29: Porcentagem | I29: 0.1
I30: Não aplicável
A36: MONTANTE A
A37: I | B37: Remuneração - Grupo I | H37: % | I37: Valor Mensal/unidade de serviço (R$)
A38: 1 | B38: Salário | H38: =I38/$I$46 -> 1 | I38: =IF(D6="12x36",I10,I10/H10*I5) -> 1996.44
A39: =A38+1 -> 2 | B39: Adicional Periculosidade 30% (Ver súmulas 364, 132 e 191 do TST) | H39: =I39/$I$46 -> 0 | I39: =IF(I9=30%,I38*I9,0) -> 0
A40: =A39+1 -> 3 | B40: Adicional Insalubridade 10% (Ver súmula 228 e 139 TST) (1) | H40: =I40/$I$46 -> 0 | I40: =IF(I7=10%,I25*I7,0) -> 0
A41: =A40+1 -> 4 | B41: Adicional Insalubridade 20% (Ver súmula 228 e 139 TST) (1) | H41: =I41/$I$46 -> 0 | I41: =IF(I7=20%,I25*I7,0) -> 0
A42: =A41+1 -> 5 | B42: Adicional Insalubridade 40% (Ver súmula 228 e 139 TST) (1) | H42: =I42/$I$46 -> 0 | I42: =IF(I7=40%,I25*I7,0) -> 0
A43: =A42+1 -> 6 | B43: Adicional de Supervisor (IN 05/2017 MPOG SLTI) | H43: =I43/$I$46 -> 0 | I43: =IF(I24="Não aplicável",0,I38*I24) -> 0
A44: =A43+1 -> 7 | B44: Feriados | H44: =I44/$I$46 -> 0 | I44: =IF(I26="Não aplicável",0,(I38+I39+I40+I41+I42+I43)/I5*I26*(1+I27)) -> 0
A45: =A44+1 -> 8 | B45: DSR = número total das horas extras do mês / número de dias úteis X domingos e feriados do mês X valor da hora extra com acréscimo | H45: =I45/$I$46 -> 0 | I45: =IF(I26="Não aplicável",0,I26/I13*5*(I10/H10*(1+I27))) -> 0
A46: Total de Remuneração | H46: =SUM(H38:H45) -> 1 | I46: =SUM(I38:I45) -> 1996.44
A47: (1) | B47: Para posto de trabalho que tenha a necessidade de pagamento de adicional de insalubridade, a planilha de custos irá prever o salário proporcional como base de cálculo da insalubridade, conforme Pareceres da PGE nº 21.858/26 e 18.200/2020 e Promoção da PGE disposta no processo administrativo nº 20/2000-0034874-2. Porém, será permitida à licitante a alteração da base de cálculo na planilha de custos para que seja previsto o salário normativo do cargo ou o salário mínimo nacional (o que se aplicar mais benéfico). Uma vez caracterizada a condição insalubre, deve a empresa contratada pagar ao empregado o respectivo adicional na sua integralidade, independentemente da jornada de trabalho do empregado.
A57: II | B57: Encargos Sociais - Grupo II: Obrigações Sociais | H57: % | I57: Valor Mensal/unidade de serviço (R$)
A58: 1 | B58: INSS (art. 22, inc. I, Lei nº 8.212/91) | H58: 0.2 | I58: =$I$46*H58 -> 399.288
A59: 2 | B59: SESI ou SESC (art. 30, Lei nº 8.036/90) | H59: 0.015 | I59: =$I$46*H59 -> 29.9466
A60: 3 | B60: SENAI ou SENAC (Decreto-Lei nº 2.318/86) | H60: 0.01 | I60: =$I$46*H60 -> 19.9644
A61: 4 | B61: INCRA (art. 15I, Lei Complementar nº 011/71) | H61: 0.002 | I61: =$I$46*H61 -> 3.99288
A62: 5 | B62: SALÁRIO EDUCAÇÃO (art. , inc. I, Decreto nº 87.043/82) | H62: 0.025 | I62: =$I$46*H62 -> 49.911
A63: 6 | B63: FGTS (art. 15, Lei nº 8.036/90) | H63: 0.08 | I63: =$I$46*H63 -> 159.7152
A64: 7 | B64: SEG. ACIDENTE DO TRABALHO 1%, 2% e 3% (art. 22, inc. II, alíneas "b" e "c", da Lei nº 8.212/91) (2) | H64: 0.03 | I64: =$I$46*H64 -> 59.8932
A65: 8 | B65: SEBRAE (§ 3º, art. 8º, Lei nº 8.029/90) | H65: 0.006 | I65: =$I$46*H65 -> 11.97864
A66: Total do Grupo II | H66: =SUM(H58:H65) -> 0.368 | I66: =SUM(I58:I65) -> 734.68992
A67: (2) | B67: Os percentuais para o SAT podem variar de 0,50% a 6,00% em função do Fator de Acidente Previdenciário (FAP), Decreto nº 6.957/2009
B68: Deverá obrigatoriamente acompanhar a proposta de preços e a planilha de custos e formação de preços a prova do Fator Acidentário de Prevenção – FAP por meio de impressão de consulta ao site do Ministério da Previdência Social (que pode ser obtido no endereço eletrônico http://www2.dataprev.gov.br/fap/fap.htm), independentemente de alteração da alíquota da parcela do Seguro Acidente de Trabalho disposta no Quadro II da referida planilha.
A69: III | B69: Encargos Sociais - Grupo III: Tempo Não Trabalhado | H69: % | I69: Valor Mensal/unidade de serviço (R$)
A70: 1 | B70: FÉRIAS GOZADAS + ADICIONAL DE FÉRIAS | H70: 0.119314 | I70: =$I$46*H70 -> 238.20324
A71: 2 | B71: FALTAS ABONADAS (3) | H71: 0.020479 | I71: =$I$46*H71 -> 40.885095
A72: 3 | B72: FALTAS LEGAIS (4) | H72: 0.012123 | I72: =$I$46*H72 -> 24.202842
A73: 4 | B73: LICENÇA MATERNIDADE | H73: 0.011436 | I73: =$I$46*H73 -> 22.831288
A74: 5 | B74: LICENÇA PATERNIDADE | H74: 0.000174 | I74: =$I$46*H74 -> 0.34738056
A75: 6 | B75: ACIDENTE DE TRABALHO | H75: 0.000442 | I75: =$I$46*H75 -> 0.88242648
A76: 7 | B76: AVISO PRÉVIO TRABALHADO | H76: 0.000185 | I76: =$I$46*H76 -> 0.3693414
A77: 8 | B77: 13º SALÁRIO | H77: 0.09079 | I77: =$I$46*H77 -> 181.25679
A78: Total do Grupo III | H78: =SUM(H70:H77) -> 0.254943 | I78: =SUM(I70:I77) -> 508.9784
A79: (3) | B79: Faltas Justificadas por Auxílio Doença
A80: (4) | B80: Faltas Legais - Art. 473 CLT
A81: IV | B81: Encargos Sociais - Grupo IV: Indenizações | H81: % | I81: Valor Mensal/unidade de serviço (R$)
A82: 1 | B82: INDENIZAÇÕES | H82: 0.048321 | I82: =$I$46*H82 -> 96.469977
A83: 2 | B83: FGTS SOBRE INDENIZAÇÕES | H83: 0.003511 | I83: =$I$46*H83 -> 7.0095008
A84: 3 | B84: INDENIZAÇÃO COMPENSATÓRIA POR DEMISSÃO SEM JUSTA CAUSA | H84: 0.019328 | I84: =$I$46*H84 -> 38.587192
A85: Total do Grupo IV | H85: =SUM(H82:H84) -> 0.07116 | I85: =SUM(I82:I84) -> 142.06667
A87: V | B87: Encargos Sociais - Grupo V: Incidências | H87: % | I87: Valor Mensal/unidade de serviço (R$)
A88: 1 | B88: INCIDÊNCIA GRUPO II (Obrigações Sociais) X GRUPO III (Tempo Não Trabalhado) | H88: =(H66*H78) -> 0.093819024 | I88: =$I$46*H88 -> 187.30405
A89: Total do Grupo V | H89: =SUM(H88:H88) -> 0.093819024 | I89: =I88 -> 187.30405
A91: TOTAL DOS ENCARGOS SOCIAIS (II + III + IV + V) | H91: =H66+H78+H85+H89 -> 0.78792202 | I91: =I66+I78+I85+I89 -> 1573.039
A93: VI | B93: Demais custos relativos à Norma Coletiva ou Disposições Legais - Grupo VI | H93: % | I93: Valor Mensal/unidade de serviço (R$)
A94: 1 | B94: Auxílio Alimentação | H94: =I94/$I$46 -> 0.24233786 | I94: =I114 -> 483.813
A95: =A94+1 -> 2 | B95: Auxílio Lanche | H95: =I95/$I$46 -> 0 | I95: =I110 -> 0
A96: =A95+1 -> 3 | B96: Plano de Saúde | H96: =I96/$I$46 -> 0 | I96: 0
A97: =A96+1 -> 4 | B97: Vale-Transporte⁽⁵⁾ | H97: =I97/$I$46 -> 0.077745186 | I97: =I106 -> 155.2136
A98: =A97+1 -> 5 | B98: Adicional Intervalar | H98: =I98/$I$46 -> 0 | I98: =IF(I28="Não aplicável",0,((I10/H10)*1.5*I28)) -> 0
A99: 6 | B99: Prêmio Assiduidade (quando houver) | H99: =I99/$I$46 -> 0.040071327 | I99: =IF(I21="Não aplicável",0,I21) -> 80
A100: 7 | B100: Plano de Benefício Social Familiar (apenas para a CCT SEEAC/SINDASSEIO) | H100: =I100/$I$46 -> 0.012782753 | I100: =IF(I22="Não aplicável",0,I22) -> 25.52
A101: 8 | B101: Outros | H101: =I101/$I$46 -> 0 | I101: =IF(I23="Não aplicável",0,I23) -> 0
A102: Total do Grupo VI | H102: =SUM(H94:H101) -> 0.37293713 | I102: =SUM(I94:I101) -> 744.5466
A103: (5) | B103: O valor do vale-transporte pode variar de acordo com o modal fornecido pelo empregador.
A104: MEMÓRIA DE CÁLCULO DO VALE TRANSPORTE
A105: Valor Unitário | C105: Dias de Trabalho | D105: Vale p/dia | E105: Custo total | F105: Base de cálculo | G105: Percentual de desconto | H105: Valor desconto | I105: Custo efetivo
A106: =IF(I12="Não aplicável",0,I12) -> 6.25 | C106: =IF(I13="Não aplicável",0,I13) -> 22 | D106: 2 | E106: =A106*C106*D106 -> 275 | F106: =I38 -> 1996.44 | G106: =IF(I14="Não aplicável",0,I14) -> 0.06 | H106: =F106*G106 -> 119.7864 | I106: =IF((E106-H106)>0,E106-H106,0) -> 155.2136
A108: MEMÓRIA DE CÁLCULO DO VALE LANCHE
A109: Valor Unitário | C109: Dias por mês | D109: Vale p/dia | E109: Custo total | F109: Base de cálculo | G109: Percentual de desconto | H109: Valor desconto | I109: Custo efetivo
A110: =IF(I18="Não aplicável",0,I18) -> 0 | C110: =IF(I19="Não aplicável",0,I19) -> 0 | D110: 1 | E110: =A110*C110*D110 -> 0 | F110: =E110 -> 0 | G110: =IF(I20="Não aplicável",0,I20) -> 0 | H110: =F110*G110 -> 0 | I110: =E110-H110 -> 0
A112: MEMÓRIA DE CÁLCULO DO | F112: =A15 -> Auxílio Alimentação
A113: Valor Unitário | C113: Dias por mês | D113: Vale p/dia | E113: Custo total | F113: Base de cálculo | G113: Percentual de desconto | H113: =H105 -> Valor desconto | I113: Custo efetivo
A114: =IF(I15="Não aplicável",0,I15) -> 27.15 | C114: =IF(I16="Não aplicável",0,I16) -> 22 | D114: 1 | E114: =A114*C114*D114 -> 597.3 | F114: =E114 -> 597.3 | G114: =IF(I17="Não aplicável",0,I17) -> 0.19 | H114: =F114*G114 -> 113.487 | I114: =E114-H114 -> 483.813
A116: TOTAL DO MONTANTE A (I + II + III+ IV + V +VI) | H116: =H46+H91+H102 -> 2.1608592 | I116: =I46+I91+I102 -> 4314.0256
A118: MONTANTE B
A119: I | B119: Despesas Diretas | H119: % | I119: Valor Mensal/unidade de serviço (R$)
A120: 1 | B120: Transporte (6) | H120: =I120/$I$132 -> 0 | I120: 0
A121: 2 | B121: Uniformes/EPI (6a) | H121: =I121/$I$132 -> 0.1 | I121: =IF(F130=10%,G130,0) -> 415.8812
A122: 3 | B122: Seguro de vida | H122: =I122/$I$132 -> 0 | I122: 0
...

Sheet Copeiro - Passo Fundo
A1: PLANILHA DE CUSTOS E FORMAÇÃO DE PREÇOS DE SERVIÇOS CONTINUADOS COM DEDICAÇÃO EXCLUSIVA DE MÃO DE OBRA (ANEXO III - DECRETO 52.768 de 15.12.2015)
A2: PROCESSO: | C2: 25/2000-0110551-4 | E2: REGIME DE TRIBUTAÇÃO: LUCRO PRESUMIDO
A3: LICITAÇÃO/EDITAL | E3: ABERTURA:
A5: Cargo/Função: | D5: Copeiro | G5: =IF(D6="12x36","Regime de trabalho:","Quantidade de HORAS/MÊS") -> Quantidade de HORAS/MÊS | I5: =IF(D6="12x36",D6,5*D6) -> 200
A6: =IF(D6="12x36","Regime de trabalho:","Regime de trabalho (horas semanais):") -> Regime de trabalho (horas semanais): | D6: 40
A7: Convenção Coletiva de Trabalho: | D7: RS000082/2026 | G7: INSALUBRIDADE (10%, 20%, 40%) | I7: 0.2
A8: Origem do salário: | D8: CCT
A9: Cidade: | D9: Passo Fundo | G9: PERICULOSIDADE (30%) | I9: Não aplicável
A10: Salário Normativo | G10: Vlr. do salário e nº de horas correspondentes | H10: 220 | I10: 1765.86
A11: ISS | G11: =D9 -> Passo Fundo | H11: Alíquota | I11: 0.02
A12: Tarifa Transporte | G12: CCT | H12: Vr. Unitário | I12: 6
H13: Dias | I13: 22
H14: Desconto | I14: 0.06
A15: Auxílio Alimentação | G15: CCT | H15: Vr. Unitário | I15: 27.15
H16: Dias | I16: 19
H17: Desconto | I17: 0.22
A18: Auxílio Lanche | G18: CCT | H18: Vr. Unitário | I18: Não aplicável
H19: Dias | I19: Não aplicável
H20: Desconto | I20: Não aplicável
A21: Prêmio Assiduidade / Cesta Básica (quando houver) | G21: CCT | H21: Valor mensal | I21: 80
A22: Plano de Benefício Social Familiar (apenas para a CCT SEEAC/SINDASSEIO) | G22: CCT | H22: Valor mensal | I22: 25.52
A23: Outros benefícios que refletem na planilha de custos, caso constem na CCT. | G23: CCT | H23: Valor mensal | I23: Não aplicável
A24: Adicional de Supervisor (37%) | H24: Porcentagem | I24: Não aplicável
A25: Base de cálculo da insalubridade | H25: Valor | I25: =I38 -> 1605.3273
A26: Quantitativo de horas trabalhadas em feriados no mês (estimado) - Não aplicável para postos 12x36 | H26: Horas por mês | I26: Não aplicável
H27: Acréscimo da hora extra | I27: Não aplicável
A28: Hora Intervalar (somente para postos 12x36, quando for o caso) | H28: Horas por mês | I28: Não aplicável
A29: Sem fornecimento de materiais ou apenas fornecimento de EPIs ou uniformes, utilizar 10%. Com fornecimento de materiais ou equipamentos, utilizar 20%. (Decreto 52.768/2015, alterado pelo Decreto 53.424/2017) | H29: Porcentagem | I29: 0.2
I30: Não aplicável
A36: MONTANTE A
A37: I | B37: Remuneração - Grupo I | H37: % | I37: Valor Mensal/unidade de serviço (R$)
A38: 1 | B38: Salário | H38: =I38/$I$46 -> 0.83333333 | I38: =IF(D6="12x36",I10,I10/H10*I5) -> 1605.3273
A39: =A38+1 -> 2 | B39: Adicional Periculosidade 30% (Ver súmulas 364, 132 e 191 do TST) | H39: =I39/$I$46 -> 0 | I39: =IF(I9=30%,I38*I9,0) -> 0
A40: =A39+1 -> 3 | B40: Adicional Insalubridade 10% (Ver súmula 228 e 139 TST) (1) | H40: =I40/$I$46 -> 0 | I40: =IF(I7=10%,I25*I7,0) -> 0
A41: =A40+1 -> 4 | B41: Adicional Insalubridade 20% (Ver súmula 228 e 139 TST) (1) | H41: =I41/$I$46 -> 0.16666667 | I41: =IF(I7=20%,I25*I7,0) -> 321.06545
A42: =A41+1 -> 5 | B42: Adicional Insalubridade 40% (Ver súmula 228 e 139 TST) (1) | H42: =I42/$I$46 -> 0 | I42: =IF(I7=40%,I25*I7,0) -> 0
A43: =A42+1 -> 6 | B43: Adicional de Supervisor (IN 05/2017 MPOG SLTI) | H43: =I43/$I$46 -> 0 | I43: =IF(I24="Não aplicável",0,I38*I24) -> 0
A44: =A43+1 -> 7 | B44: Feriados | H44: =I44/$I$46 -> 0 | I44: =IF(I26="Não aplicável",0,(I38+I39+I40+I41+I42+I43)/I5*I26*(1+I27)) -> 0
A45: =A44+1 -> 8 | B45: DSR = número total das horas extras do mês / número de dias úteis X domingos e feriados do mês X valor da hora extra com acréscimo | H45: =I45/$I$46 -> 0 | I45: =IF(I26="Não aplicável",0,I26/I13*5*(I10/H10*(1+I27))) -> 0
A46: Total de Remuneração | H46: =SUM(H38:H45) -> 1 | I46: =SUM(I38:I45) -> 1926.3927
A47: (1) | B47: Para posto de trabalho que tenha a necessidade de pagamento de adicional de insalubridade, a planilha de custos irá prever o salário proporcional como base de cálculo da insalubridade, conforme Pareceres da PGE nº 21.858/26 e 18.200/2020 e Promoção da PGE disposta no processo administrativo nº 20/2000-0034874-2. Porém, será permitida à licitante a alteração da base de cálculo na planilha de custos para que seja previsto o salário normativo do cargo ou o salário mínimo nacional (o que se aplicar mais benéfico). Uma vez caracterizada a condição insalubre, deve a empresa contratada pagar ao empregado o respectivo adicional na sua integralidade, independentemente da jornada de trabalho do empregado.
A57: II | B57: Encargos Sociais - Grupo II: Obrigações Sociais | H57: % | I57: Valor Mensal/unidade de serviço (R$)
A58: 1 | B58: INSS (art. 22, inc. I, Lei nº 8.212/91) | H58: 0.2 | I58: =$I$46*H58 -> 385.27855
A59: 2 | B59: SESI ou SESC (art. 30, Lei nº 8.036/90) | H59: 0.015 | I59: =$I$46*H59 -> 28.895891
A60: 3 | B60: SENAI ou SENAC (Decreto-Lei nº 2.318/86) | H60: 0.01 | I60: =$I$46*H60 -> 19.263927
A61: 4 | B61: INCRA (art. 15I, Lei Complementar nº 011/71) | H61: 0.002 | I61: =$I$46*H61 -> 3.8527855
A62: 5 | B62: SALÁRIO EDUCAÇÃO (art. , inc. I, Decreto nº 87.043/82) | H62: 0.025 | I62: =$I$46*H62 -> 48.159818
A63: 6 | B63: FGTS (art. 15, Lei nº 8.036/90) | H63: 0.08 | I63: =$I$46*H63 -> 154.11142
A64: 7 | B64: SEG. ACIDENTE DO TRABALHO 1%, 2% e 3% (art. 22, inc. II, alíneas "b" e "c", da Lei nº 8.212/91) (2) | H64: 0.03 | I64: =$I$46*H64 -> 57.791782
A65: 8 | B65: SEBRAE (§ 3º, art. 8º, Lei nº 8.029/90) | H65: 0.006 | I65: =$I$46*H65 -> 11.558356
A66: Total do Grupo II | H66: =SUM(H58:H65) -> 0.368 | I66: =SUM(I58:I65) -> 708.91252
A67: (2) | B67: Os percentuais para o SAT podem variar de 0,50% a 6,00% em função do Fator de Acidente Previdenciário (FAP), Decreto nº 6.957/2009
B68: Deverá obrigatoriamente acompanhar a proposta de preços e a planilha de custos e formação de preços a prova do Fator Acidentário de Prevenção – FAP por meio de impressão de consulta ao site do Ministério da Previdência Social (que pode ser obtido no endereço eletrônico http://www2.dataprev.gov.br/fap/fap.htm), independentemente de alteração da alíquota da parcela do Seguro Acidente de Trabalho disposta no Quadro II da referida planilha.
A69: III | B69: Encargos Sociais - Grupo III: Tempo Não Trabalhado | H69: % | I69: Valor Mensal/unidade de serviço (R$)
A70: 1 | B70: FÉRIAS GOZADAS + ADICIONAL DE FÉRIAS | H70: 0.119314 | I70: =$I$46*H70 -> 229.84562
A71: 2 | B71: FALTAS ABONADAS (3) | H71: 0.020479 | I71: =$I$46*H71 -> 39.450597
A72: 3 | B72: FALTAS LEGAIS (4) | H72: 0.012123 | I72: =$I$46*H72 -> 23.353659
A73: 4 | B73: LICENÇA MATERNIDADE | H73: 0.011436 | I73: =$I$46*H73 -> 22.030227
A74: 5 | B74: LICENÇA PATERNIDADE | H74: 0.000174 | I74: =$I$46*H74 -> 0.33519233
A75: 6 | B75: ACIDENTE DE TRABALHO | H75: 0.000442 | I75: =$I$46*H75 -> 0.85146559
A76: 7 | B76: AVISO PRÉVIO TRABALHADO | H76: 0.000185 | I76: =$I$46*H76 -> 0.35638265
A77: 8 | B77: 13º SALÁRIO | H77: 0.09079 | I77: =$I$46*H77 -> 174.8972
A78: Total do Grupo III | H78: =SUM(H70:H77) -> 0.254943 | I78: =SUM(I70:I77) -> 491.12034
A79: (3) | B79: Faltas Justificadas por Auxílio Doença
A80: (4) | B80: Faltas Legais - Art. 473 CLT
A81: IV | B81: Encargos Sociais - Grupo IV: Indenizações | H81: % | I81: Valor Mensal/unidade de serviço (R$)
A82: 1 | B82: INDENIZAÇÕES | H82: 0.048321 | I82: =$I$46*H82 -> 93.085223
A83: 2 | B83: FGTS SOBRE INDENIZAÇÕES | H83: 0.003511 | I83: =$I$46*H83 -> 6.7635649
A84: 3 | B84: INDENIZAÇÃO COMPENSATÓRIA POR DEMISSÃO SEM JUSTA CAUSA | H84: 0.019328 | I84: =$I$46*H84 -> 37.233319
A85: Total do Grupo IV | H85: =SUM(H82:H84) -> 0.07116 | I85: =SUM(I82:I84) -> 137.08211
A87: V | B87: Encargos Sociais - Grupo V: Incidências | H87: % | I87: Valor Mensal/unidade de serviço (R$)
A88: 1 | B88: INCIDÊNCIA GRUPO II (Obrigações Sociais) X GRUPO III (Tempo Não Trabalhado) | H88: =(H66*H78) -> 0.093819024 | I88: =$I$46*H88 -> 180.73229
A89: Total do Grupo V | H89: =SUM(H88:H88) -> 0.093819024 | I89: =I88 -> 180.73229
A91: TOTAL DOS ENCARGOS SOCIAIS (II + III + IV + V) | H91: =H66+H78+H85+H89 -> 0.78792202 | I91: =I66+I78+I85+I89 -> 1517.8473
A93: VI | B93: Demais custos relativos à Norma Coletiva ou Disposições Legais - Grupo VI | H93: % | I93: Valor Mensal/unidade de serviço (R$)
A94: 1 | B94: Auxílio Alimentação | H94: =I94/$I$46 -> 0.20886862 | I94: =I114 -> 402.363
A95: =A94+1 -> 2 | B95: Auxílio Lanche | H95: =I95/$I$46 -> 0 | I95: =I110 -> 0
A96: =A95+1 -> 3 | B96: Plano de Saúde | H96: =I96/$I$46 -> 0 | I96: 0
A97: =A96+1 -> 4 | B97: Vale-Transporte⁽⁵⁾ | H97: =I97/$I$46 -> 0.087043707 | I97: =I106 -> 167.68036
A98: =A97+1 -> 5 | B98: Adicional Intervalar | H98: =I98/$I$46 -> 0 | I98: =IF(I28="Não aplicável",0,((I10/H10)*1.5*I28)) -> 0
A99: 6 | B99: Prêmio Assiduidade (quando houver) | H99: =I99/$I$46 -> 0.041528396 | I99: =IF(I21="Não aplicável",0,I21) -> 80
A100: 7 | B100: Plano de Benefício Social Familiar (apenas para a CCT SEEAC/SINDASSEIO) | H100: =I100/$I$46 -> 0.013247558 | I100: =IF(I22="Não aplicável",0,I22) -> 25.52
A101: 8 | B101: Outros | H101: =I101/$I$46 -> 0 | I101: =IF(I23="Não aplicável",0,I23) -> 0
A102: Total do Grupo VI | H102: =SUM(H94:H101) -> 0.35068829 | I102: =SUM(I94:I101) -> 675.56336
A103: (5) | B103: O valor do vale-transporte pode variar de acordo com o modal fornecido pelo empregador.
A104: MEMÓRIA DE CÁLCULO DO VALE TRANSPORTE
A105: Valor Unitário | C105: Dias de Trabalho | D105: Vale p/dia | E105: Custo total | F105: Base de cálculo | G105: Percentual de desconto | H105: Valor desconto | I105: Custo efetivo
A106: =IF(I12="Não aplicável",0,I12) -> 6 | C106: =IF(I13="Não aplicável",0,I13) -> 22 | D106: 2 | E106: =A106*C106*D106 -> 264 | F106: =I38 -> 1605.3273 | G106: =IF(I14="Não aplicável",0,I14) -> 0.06 | H106: =F106*G106 -> 96.319636 | I106: =IF((E106-H106)>0,E106-H106,0) -> 167.68036
A108: MEMÓRIA DE CÁLCULO DO VALE LANCHE
A109: Valor Unitário | C109: Dias por mês | D109: Vale p/dia | E109: Custo total | F109: Base de cálculo | G109: Percentual de desconto | H109: Valor desconto | I109: Custo efetivo
A110: =IF(I18="Não aplicável",0,I18) -> 0 | C110: =IF(I19="Não aplicável",0,I19) -> 0 | D110: 1 | E110: =A110*C110*D110 -> 0 | F110: =E110 -> 0 | G110: =IF(I20="Não aplicável",0,I20) -> 0 | H110: =F110*G110 -> 0 | I110: =E110-H110 -> 0
A112: MEMÓRIA DE CÁLCULO DO | F112: =A15 -> Auxílio Alimentação
A113: Valor Unitário | C113: Dias por mês | D113: Vale p/dia | E113: Custo total | F113: Base de cálculo | G113: Percentual de desconto | H113: =H105 -> Valor desconto | I113: Custo efetivo
A114: =IF(I15="Não aplicável",0,I15) -> 27.15 | C114: =IF(I16="Não aplicável",0,I16) -> 19 | D114: 1 | E114: =A114*C114*D114 -> 515.85 | F114: =E114 -> 515.85 | G114: =IF(I17="Não aplicável",0,I17) -> 0.22 | H114: =F114*G114 -> 113.487 | I114: =E114-H114 -> 402.363
A116: TOTAL DO MONTANTE A (I + II + III+ IV + V +VI) | H116: =H46+H91+H102 -> 2.1386103 | I116: =I46+I91+I102 -> 4119.8033
A118: MONTANTE B
A119: I | B119: Despesas Diretas | H119: % | I119: Valor Mensal/unidade de serviço (R$)
A120: 1 | B120: Transporte (6) | H120: =I120/$I$132 -> 0 | I120: 0
A121: 2 | B121: Uniformes/EPI (6a) | H121: =I121/$I$132 -> 0 | I121: =IF(F130=10%,G130,0) -> 0
A122: 3 | B122: Seguro de vida | H122: =I122/$I$132 -> 0 | I122: 0
...

Sheet Almoxarife - Passo Fundo
A1: PLANILHA DE CUSTOS E FORMAÇÃO DE PREÇOS DE SERVIÇOS CONTINUADOS COM DEDICAÇÃO EXCLUSIVA DE MÃO DE OBRA (ANEXO III - DECRETO 52.768 de 15.12.2015)
A2: PROCESSO: | C2: 25/2000-0110551-4 | E2: REGIME DE TRIBUTAÇÃO: LUCRO PRESUMIDO
A3: LICITAÇÃO/EDITAL | E3: ABERTURA:
A5: Cargo/Função: | D5: Almoxarife | G5: =IF(D6="12x36","Regime de trabalho:","Quantidade de HORAS/MÊS") -> Quantidade de HORAS/MÊS | I5: =IF(D6="12x36",D6,5*D6) -> 200
A6: =IF(D6="12x36","Regime de trabalho:","Regime de trabalho (horas semanais):") -> Regime de trabalho (horas semanais): | D6: 40
A7: Convenção Coletiva de Trabalho: | D7: RS000082/2026 | G7: INSALUBRIDADE (10%, 20%, 40%) | I7: 0.2
A8: Origem do salário: | D8: CCT
A9: Cidade: | D9: Passo Fundo | G9: PERICULOSIDADE (30%) | I9: Não aplicável
A10: Salário Normativo | G10: Vlr. do salário e nº de horas correspondentes | H10: 220 | I10: 2120.93
A11: ISS | G11: =D9 -> Passo Fundo | H11: Alíquota | I11: 0.02
A12: Tarifa Transporte | G12: CCT | H12: Vr. Unitário | I12: 6
H13: Dias | I13: 22
H14: Desconto | I14: 0.06
A15: Auxílio Alimentação | G15: CCT | H15: Vr. Unitário | I15: 27.15
H16: Dias | I16: 19
H17: Desconto | I17: 0.22
A18: Auxílio Lanche | G18: CCT | H18: Vr. Unitário | I18: Não aplicável
H19: Dias | I19: Não aplicável
H20: Desconto | I20: Não aplicável
A21: Prêmio Assiduidade / Cesta Básica (quando houver) | G21: CCT | H21: Valor mensal | I21: 80
A22: Plano de Benefício Social Familiar (apenas para a CCT SEEAC/SINDASSEIO) | G22: CCT | H22: Valor mensal | I22: 25.52
A23: Outros benefícios que refletem na planilha de custos, caso constem na CCT. | G23: CCT | H23: Valor mensal | I23: Não aplicável
A24: Adicional de Supervisor (37%) | H24: Porcentagem | I24: Não aplicável
A25: Base de cálculo da insalubridade | H25: Valor | I25: =I38 -> 1928.1182
A26: Quantitativo de horas trabalhadas em feriados no mês (estimado) - Não aplicável para postos 12x36 | H26: Horas por mês | I26: Não aplicável
H27: Acréscimo da hora extra | I27: Não aplicável
A28: Hora Intervalar (somente para postos 12x36, quando for o caso) | H28: Horas por mês | I28: Não aplicável
A29: Sem fornecimento de materiais ou apenas fornecimento de EPIs ou uniformes, utilizar 10%. Com fornecimento de materiais ou equipamentos, utilizar 20%. (Decreto 52.768/2015, alterado pelo Decreto 53.424/2017) | H29: Porcentagem | I29: 0.2
I30: Não aplicável
A36: MONTANTE A
A37: I | B37: Remuneração - Grupo I | H37: % | I37: Valor Mensal/unidade de serviço (R$)
A38: 1 | B38: Salário | H38: =I38/$I$46 -> 0.83333333 | I38: =IF(D6="12x36",I10,I10/H10*I5) -> 1928.1182
A39: =A38+1 -> 2 | B39: Adicional Periculosidade 30% (Ver súmulas 364, 132 e 191 do TST) | H39: =I39/$I$46 -> 0 | I39: =IF(I9=30%,I38*I9,0) -> 0
A40: =A39+1 -> 3 | B40: Adicional Insalubridade 10% (Ver súmula 228 e 139 TST) (1) | H40: =I40/$I$46 -> 0 | I40: =IF(I7=10%,I25*I7,0) -> 0
A41: =A40+1 -> 4 | B41: Adicional Insalubridade 20% (Ver súmula 228 e 139 TST) (1) | H41: =I41/$I$46 -> 0.16666667 | I41: =IF(I7=20%,I25*I7,0) -> 385.62364
A42: =A41+1 -> 5 | B42: Adicional Insalubridade 40% (Ver súmula 228 e 139 TST) (1) | H42: =I42/$I$46 -> 0 | I42: =IF(I7=40%,I25*I7,0) -> 0
A43: =A42+1 -> 6 | B43: Adicional de Supervisor (IN 05/2017 MPOG SLTI) | H43: =I43/$I$46 -> 0 | I43: =IF(I24="Não aplicável",0,I38*I24) -> 0
A44: =A43+1 -> 7 | B44: Feriados | H44: =I44/$I$46 -> 0 | I44: =IF(I26="Não aplicável",0,(I38+I39+I40+I41+I42+I43)/I5*I26*(1+I27)) -> 0
A45: =A44+1 -> 8 | B45: DSR = número total das horas extras do mês / número de dias úteis X domingos e feriados do mês X valor da hora extra com acréscimo | H45: =I45/$I$46 -> 0 | I45: =IF(I26="Não aplicável",0,I26/I13*5*(I10/H10*(1+I27))) -> 0
A46: Total de Remuneração | H46: =SUM(H38:H45) -> 1 | I46: =SUM(I38:I45) -> 2313.7418
A47: (1) | B47: Para posto de trabalho que tenha a necessidade de pagamento de adicional de insalubridade, a planilha de custos irá prever o salário proporcional como base de cálculo da insalubridade, conforme Pareceres da PGE nº 21.858/26 e 18.200/2020 e Promoção da PGE disposta no processo administrativo nº 20/2000-0034874-2. Porém, será permitida à licitante a alteração da base de cálculo na planilha de custos para que seja previsto o salário normativo do cargo ou o salário mínimo nacional (o que se aplicar mais benéfico). Uma vez caracterizada a condição insalubre, deve a empresa contratada pagar ao empregado o respectivo adicional na sua integralidade, independentemente da jornada de trabalho do empregado.
A57: II | B57: Encargos Sociais - Grupo II: Obrigações Sociais | H57: % | I57: Valor Mensal/unidade de serviço (R$)
A58: 1 | B58: INSS (art. 22, inc. I, Lei nº 8.212/91) | H58: 0.2 | I58: =$I$46*H58 -> 462.74836
A59: 2 | B59: SESI ou SESC (art. 30, Lei nº 8.036/90) | H59: 0.015 | I59: =$I$46*H59 -> 34.706127
A60: 3 | B60: SENAI ou SENAC (Decreto-Lei nº 2.318/86) | H60: 0.01 | I60: =$I$46*H60 -> 23.137418
A61: 4 | B61: INCRA (art. 15I, Lei Complementar nº 011/71) | H61: 0.002 | I61: =$I$46*H61 -> 4.6274836
A62: 5 | B62: SALÁRIO EDUCAÇÃO (art. , inc. I, Decreto nº 87.043/82) | H62: 0.025 | I62: =$I$46*H62 -> 57.843545
A63: 6 | B63: FGTS (art. 15, Lei nº 8.036/90) | H63: 0.08 | I63: =$I$46*H63 -> 185.09935
A64: 7 | B64: SEG. ACIDENTE DO TRABALHO 1%, 2% e 3% (art. 22, inc. II, alíneas "b" e "c", da Lei nº 8.212/91) (2) | H64: 0.03 | I64: =$I$46*H64 -> 69.412255
A65: 8 | B65: SEBRAE (§ 3º, art. 8º, Lei nº 8.029/90) | H65: 0.006 | I65: =$I$46*H65 -> 13.882451
A66: Total do Grupo II | H66: =SUM(H58:H65) -> 0.368 | I66: =SUM(I58:I65) -> 851.45699
A67: (2) | B67: Os percentuais para o SAT podem variar de 0,50% a 6,00% em função do Fator de Acidente Previdenciário (FAP), Decreto nº 6.957/2009
B68: Deverá obrigatoriamente acompanhar a proposta de preços e a planilha de custos e formação de preços a prova do Fator Acidentário de Prevenção – FAP por meio de impressão de consulta ao site do Ministério da Previdência Social (que pode ser obtido no endereço eletrônico http://www2.dataprev.gov.br/fap/fap.htm), independentemente de alteração da alíquota da parcela do Seguro Acidente de Trabalho disposta no Quadro II da referida planilha.
A69: III | B69: Encargos Sociais - Grupo III: Tempo Não Trabalhado | H69: % | I69: Valor Mensal/unidade de serviço (R$)
A70: 1 | B70: FÉRIAS GOZADAS + ADICIONAL DE FÉRIAS | H70: 0.119314 | I70: =$I$46*H70 -> 276.06179
A71: 2 | B71: FALTAS ABONADAS (3) | H71: 0.020479 | I71: =$I$46*H71 -> 47.383119
A72: 3 | B72: FALTAS LEGAIS (4) | H72: 0.012123 | I72: =$I$46*H72 -> 28.049492
A73: 4 | B73: LICENÇA MATERNIDADE | H73: 0.011436 | I73: =$I$46*H73 -> 26.459951
A74: 5 | B74: LICENÇA PATERNIDADE | H74: 0.000174 | I74: =$I$46*H74 -> 0.40259108
A75: 6 | B75: ACIDENTE DE TRABALHO | H75: 0.000442 | I75: =$I$46*H75 -> 1.0226739
A76: 7 | B76: AVISO PRÉVIO TRABALHADO | H76: 0.000185 | I76: =$I$46*H76 -> 0.42804224
A77: 8 | B77: 13º SALÁRIO | H77: 0.09079 | I77: =$I$46*H77 -> 210.06462
A78: Total do Grupo III | H78: =SUM(H70:H77) -> 0.254943 | I78: =SUM(I70:I77) -> 589.87228
A79: (3) | B79: Faltas Justificadas por Auxílio Doença
A80: (4) | B80: Faltas Legais - Art. 473 CLT
A81: IV | B81: Encargos Sociais - Grupo IV: Indenizações | H81: % | I81: Valor Mensal/unidade de serviço (R$)
A82: 1 | B82: INDENIZAÇÕES | H82: 0.048321 | I82: =$I$46*H82 -> 111.80232
A83: 2 | B83: FGTS SOBRE INDENIZAÇÕES | H83: 0.003511 | I83: =$I$46*H83 -> 8.1235475
A84: 3 | B84: INDENIZAÇÃO COMPENSATÓRIA POR DEMISSÃO SEM JUSTA CAUSA | H84: 0.019328 | I84: =$I$46*H84 -> 44.720002
A85: Total do Grupo IV | H85: =SUM(H82:H84) -> 0.07116 | I85: =SUM(I82:I84) -> 164.64587
A87: V | B87: Encargos Sociais - Grupo V: Incidências | H87: % | I87: Valor Mensal/unidade de serviço (R$)
A88: 1 | B88: INCIDÊNCIA GRUPO II (Obrigações Sociais) X GRUPO III (Tempo Não Trabalhado) | H88: =(H66*H78) -> 0.093819024 | I88: =$I$46*H88 -> 217.073
A89: Total do Grupo V | H89: =SUM(H88:H88) -> 0.093819024 | I89: =I88 -> 217.073
A91: TOTAL DOS ENCARGOS SOCIAIS (II + III + IV + V) | H91: =H66+H78+H85+H89 -> 0.78792202 | I91: =I66+I78+I85+I89 -> 1823.0481
A93: VI | B93: Demais custos relativos à Norma Coletiva ou Disposições Legais - Grupo VI | H93: % | I93: Valor Mensal/unidade de serviço (R$)
A94: 1 | B94: Auxílio Alimentação | H94: =I94/$I$46 -> 0.17390143 | I94: =I114 -> 402.363
A95: =A94+1 -> 2 | B95: Auxílio Lanche | H95: =I95/$I$46 -> 0 | I95: =I110 -> 0
A96: =A95+1 -> 3 | B96: Plano de Saúde | H96: =I96/$I$46 -> 0 | I96: 0
A97: =A96+1 -> 4 | B97: Vale-Transporte⁽⁵⁾ | H97: =I97/$I$46 -> 0.06410089 | I97: =I106 -> 148.31291
A98: =A97+1 -> 5 | B98: Adicional Intervalar | H98: =I98/$I$46 -> 0 | I98: =IF(I28="Não aplicável",0,((I10/H10)*1.5*I28)) -> 0
A99: 6 | B99: Prêmio Assiduidade (quando houver) | H99: =I99/$I$46 -> 0.034576027 | I99: =IF(I21="Não aplicável",0,I21) -> 80
A100: 7 | B100: Plano de Benefício Social Familiar (apenas para a CCT SEEAC/SINDASSEIO) | H100: =I100/$I$46 -> 0.011029753 | I100: =IF(I22="Não aplicável",0,I22) -> 25.52
A101: 8 | B101: Outros | H101: =I101/$I$46 -> 0 | I101: =IF(I23="Não aplicável",0,I23) -> 0
A102: Total do Grupo VI | H102: =SUM(H94:H101) -> 0.28360809 | I102: =SUM(I94:I101) -> 656.19591
A103: (5) | B103: O valor do vale-transporte pode variar de acordo com o modal fornecido pelo empregador.
A104: MEMÓRIA DE CÁLCULO DO VALE TRANSPORTE
A105: Valor Unitário | C105: Dias de Trabalho | D105: Vale p/dia | E105: Custo total | F105: Base de cálculo | G105: Percentual de desconto | H105: Valor desconto | I105: Custo efetivo
A106: =IF(I12="Não aplicável",0,I12) -> 6 | C106: =IF(I13="Não aplicável",0,I13) -> 22 | D106: 2 | E106: =A106*C106*D106 -> 264 | F106: =I38 -> 1928.1182 | G106: =IF(I14="Não aplicável",0,I14) -> 0.06 | H106: =F106*G106 -> 115.68709 | I106: =IF((E106-H106)>0,E106-H106,0) -> 148.31291
A108: MEMÓRIA DE CÁLCULO DO VALE LANCHE
A109: Valor Unitário | C109: Dias por mês | D109: Vale p/dia | E109: Custo total | F109: Base de cálculo | G109: Percentual de desconto | H109: Valor desconto | I109: Custo efetivo
A110: =IF(I18="Não aplicável",0,I18) -> 0 | C110: =IF(I19="Não aplicável",0,I19) -> 0 | D110: 1 | E110: =A110*C110*D110 -> 0 | F110: =E110 -> 0 | G110: =IF(I20="Não aplicável",0,I20) -> 0 | H110: =F110*G110 -> 0 | I110: =E110-H110 -> 0
A112: MEMÓRIA DE CÁLCULO DO | F112: =A15 -> Auxílio Alimentação
A113: Valor Unitário | C113: Dias por mês | D113: Vale p/dia | E113: Custo total | F113: Base de cálculo | G113: Percentual de desconto | H113: =H105 -> Valor desconto | I113: Custo efetivo
A114: =IF(I15="Não aplicável",0,I15) -> 27.15 | C114: =IF(I16="Não aplicável",0,I16) -> 19 | D114: 1 | E114: =A114*C114*D114 -> 515.85 | F114: =E114 -> 515.85 | G114: =IF(I17="Não aplicável",0,I17) -> 0.22 | H114: =F114*G114 -> 113.487 | I114: =E114-H114 -> 402.363
A116: TOTAL DO MONTANTE A (I + II + III+ IV + V +VI) | H116: =H46+H91+H102 -> 2.0715301 | I116: =I46+I91+I102 -> 4792.9859
A118: MONTANTE B
A119: I | B119: Despesas Diretas | H119: % | I119: Valor Mensal/unidade de serviço (R$)
A120: 1 | B120: Transporte (6) | H120: =I120/$I$132 -> 0 | I120: 0
A121: 2 | B121: Uniformes/EPI (6a) | H121: =I121/$I$132 -> 0 | I121: =IF(F130=10%,G130,0) -> 0
A122: 3 | B122: Seguro de vida | H122: =I122/$I$132 -> 0 | I122: 0
...

Sheet Administrativo - Passo Fundo
A1: PLANILHA DE CUSTOS E FORMAÇÃO DE PREÇOS DE SERVIÇOS CONTINUADOS COM DEDICAÇÃO EXCLUSIVA DE MÃO DE OBRA (ANEXO III - DECRETO 52.768 de 15.12.2015)
A2: PROCESSO: | C2: 25/2000-0110551-4 | E2: REGIME DE TRIBUTAÇÃO: LUCRO PRESUMIDO
A3: LICITAÇÃO/EDITAL | E3: ABERTURA:
A5: Cargo/Função: | D5: Assistente Administrativo | G5: =IF(D6="12x36","Regime de trabalho:","Quantidade de HORAS/MÊS") -> Quantidade de HORAS/MÊS | I5: =IF(D6="12x36",D6,5*D6) -> 200
A6: =IF(D6="12x36","Regime de trabalho:","Regime de trabalho (horas semanais):") -> Regime de trabalho (horas semanais): | D6: 40
A7: Convenção Coletiva de Trabalho: | D7: RS000082/2026 | G7: INSALUBRIDADE (10%, 20%, 40%) | I7: Não aplicável
A8: Origem do salário: | D8: CCT
A9: Cidade: | D9: Passo Fundo | G9: PERICULOSIDADE (30%) | I9: Não aplicável
A10: Salário Normativo | G10: Vlr. do salário e nº de horas correspondentes | H10: 220 | I10: 2307.83
A11: ISS | G11: =D9 -> Passo Fundo | H11: Alíquota | I11: 0.02
A12: Tarifa Transporte | G12: CCT | H12: Vr. Unitário | I12: 6
H13: Dias | I13: 22
H14: Desconto | I14: 0.06
A15: Auxílio Alimentação | G15: CCT | H15: Vr. Unitário | I15: 27.15
H16: Dias | I16: 19
H17: Desconto | I17: 0.22
A18: Auxílio Lanche | G18: CCT | H18: Vr. Unitário | I18: Não aplicável
H19: Dias | I19: Não aplicável
H20: Desconto | I20: Não aplicável
A21: Prêmio Assiduidade / Cesta Básica (quando houver) | G21: CCT | H21: Valor mensal | I21: 80
A22: Plano de Benefício Social Familiar (apenas para a CCT SEEAC/SINDASSEIO) | G22: CCT | H22: Valor mensal | I22: 25.52
A23: Outros benefícios que refletem na planilha de custos, caso constem na CCT. | G23: CCT | H23: Valor mensal | I23: Não aplicável
A24: Adicional de Supervisor (37%) | H24: Porcentagem | I24: Não aplicável
A25: Base de cálculo da insalubridade | H25: Valor | I25: =I38 -> 2098.0273
A26: Quantitativo de horas trabalhadas em feriados no mês (estimado) - Não aplicável para postos 12x36 | H26: Horas por mês | I26: Não aplicável
H27: Acréscimo da hora extra | I27: Não aplicável
A28: Hora Intervalar (somente para postos 12x36, quando for o caso) | H28: Horas por mês | I28: Não aplicável
A29: Sem fornecimento de materiais ou apenas fornecimento de EPIs ou uniformes, utilizar 10%. Com fornecimento de materiais ou equipamentos, utilizar 20%. (Decreto 52.768/2015, alterado pelo Decreto 53.424/2017) | H29: Porcentagem | I29: 0.1
I30: Não aplicável
A36: MONTANTE A
A37: I | B37: Remuneração - Grupo I | H37: % | I37: Valor Mensal/unidade de serviço (R$)
A38: 1 | B38: Salário | H38: =I38/$I$46 -> 1 | I38: =IF(D6="12x36",I10,I10/H10*I5) -> 2098.0273
A39: =A38+1 -> 2 | B39: Adicional Periculosidade 30% (Ver súmulas 364, 132 e 191 do TST) | H39: =I39/$I$46 -> 0 | I39: =IF(I9=30%,I38*I9,0) -> 0
A40: =A39+1 -> 3 | B40: Adicional Insalubridade 10% (Ver súmula 228 e 139 TST) (1) | H40: =I40/$I$46 -> 0 | I40: =IF(I7=10%,I25*I7,0) -> 0
A41: =A40+1 -> 4 | B41: Adicional Insalubridade 20% (Ver súmula 228 e 139 TST) (1) | H41: =I41/$I$46 -> 0 | I41: =IF(I7=20%,I25*I7,0) -> 0
A42: =A41+1 -> 5 | B42: Adicional Insalubridade 40% (Ver súmula 228 e 139 TST) (1) | H42: =I42/$I$46 -> 0 | I42: =IF(I7=40%,I25*I7,0) -> 0
A43: =A42+1 -> 6 | B43: Adicional de Supervisor (IN 05/2017 MPOG SLTI) | H43: =I43/$I$46 -> 0 | I43: =IF(I24="Não aplicável",0,I38*I24) -> 0
A44: =A43+1 -> 7 | B44: Feriados | H44: =I44/$I$46 -> 0 | I44: =IF(I26="Não aplicável",0,(I38+I39+I40+I41+I42+I43)/I5*I26*(1+I27)) -> 0
A45: =A44+1 -> 8 | B45: DSR = número total das horas extras do mês / número de dias úteis X domingos e feriados do mês X valor da hora extra com acréscimo | H45: =I45/$I$46 -> 0 | I45: =IF(I26="Não aplicável",0,I26/I13*5*(I10/H10*(1+I27))) -> 0
A46: Total de Remuneração | H46: =SUM(H38:H45) -> 1 | I46: =SUM(I38:I45) -> 2098.0273
A47: (1) | B47: Para posto de trabalho que tenha a necessidade de pagamento de adicional de insalubridade, a planilha de custos irá prever o salário proporcional como base de cálculo da insalubridade, conforme Pareceres da PGE nº 21.858/26 e 18.200/2020 e Promoção da PGE disposta no processo administrativo nº 20/2000-0034874-2. Porém, será permitida à licitante a alteração da base de cálculo na planilha de custos para que seja previsto o salário normativo do cargo ou o salário mínimo nacional (o que se aplicar mais benéfico). Uma vez caracterizada a condição insalubre, deve a empresa contratada pagar ao empregado o respectivo adicional na sua integralidade, independentemente da jornada de trabalho do empregado.
A57: II | B57: Encargos Sociais - Grupo II: Obrigações Sociais | H57: % | I57: Valor Mensal/unidade de serviço (R$)
A58: 1 | B58: INSS (art. 22, inc. I, Lei nº 8.212/91) | H58: 0.2 | I58: =$I$46*H58 -> 419.60545
A59: 2 | B59: SESI ou SESC (art. 30, Lei nº 8.036/90) | H59: 0.015 | I59: =$I$46*H59 -> 31.470409
A60: 3 | B60: SENAI ou SENAC (Decreto-Lei nº 2.318/86) | H60: 0.01 | I60: =$I$46*H60 -> 20.980273
A61: 4 | B61: INCRA (art. 15I, Lei Complementar nº 011/71) | H61: 0.002 | I61: =$I$46*H61 -> 4.1960545
A62: 5 | B62: SALÁRIO EDUCAÇÃO (art. , inc. I, Decreto nº 87.043/82) | H62: 0.025 | I62: =$I$46*H62 -> 52.450682
A63: 6 | B63: FGTS (art. 15, Lei nº 8.036/90) | H63: 0.08 | I63: =$I$46*H63 -> 167.84218
A64: 7 | B64: SEG. ACIDENTE DO TRABALHO 1%, 2% e 3% (art. 22, inc. II, alíneas "b" e "c", da Lei nº 8.212/91) (2) | H64: 0.03 | I64: =$I$46*H64 -> 62.940818
A65: 8 | B65: SEBRAE (§ 3º, art. 8º, Lei nº 8.029/90) | H65: 0.006 | I65: =$I$46*H65 -> 12.588164
A66: Total do Grupo II | H66: =SUM(H58:H65) -> 0.368 | I66: =SUM(I58:I65) -> 772.07404
A67: (2) | B67: Os percentuais para o SAT podem variar de 0,50% a 6,00% em função do Fator de Acidente Previdenciário (FAP), Decreto nº 6.957/2009
B68: Deverá obrigatoriamente acompanhar a proposta de preços e a planilha de custos e formação de preços a prova do Fator Acidentário de Prevenção – FAP por meio de impressão de consulta ao site do Ministério da Previdência Social (que pode ser obtido no endereço eletrônico http://www2.dataprev.gov.br/fap/fap.htm), independentemente de alteração da alíquota da parcela do Seguro Acidente de Trabalho disposta no Quadro II da referida planilha.
A69: III | B69: Encargos Sociais - Grupo III: Tempo Não Trabalhado | H69: % | I69: Valor Mensal/unidade de serviço (R$)
A70: 1 | B70: FÉRIAS GOZADAS + ADICIONAL DE FÉRIAS | H70: 0.119314 | I70: =$I$46*H70 -> 250.32403
A71: 2 | B71: FALTAS ABONADAS (3) | H71: 0.020479 | I71: =$I$46*H71 -> 42.965501
A72: 3 | B72: FALTAS LEGAIS (4) | H72: 0.012123 | I72: =$I$46*H72 -> 25.434385
A73: 4 | B73: LICENÇA MATERNIDADE | H73: 0.011436 | I73: =$I$46*H73 -> 23.99304
A74: 5 | B74: LICENÇA PATERNIDADE | H74: 0.000174 | I74: =$I$46*H74 -> 0.36505675
A75: 6 | B75: ACIDENTE DE TRABALHO | H75: 0.000442 | I75: =$I$46*H75 -> 0.92732805
A76: 7 | B76: AVISO PRÉVIO TRABALHADO | H76: 0.000185 | I76: =$I$46*H76 -> 0.38813505
A77: 8 | B77: 13º SALÁRIO | H77: 0.09079 | I77: =$I$46*H77 -> 190.4799
A78: Total do Grupo III | H78: =SUM(H70:H77) -> 0.254943 | I78: =SUM(I70:I77) -> 534.87737
A79: (3) | B79: Faltas Justificadas por Auxílio Doença
A80: (4) | B80: Faltas Legais - Art. 473 CLT
A81: IV | B81: Encargos Sociais - Grupo IV: Indenizações | H81: % | I81: Valor Mensal/unidade de serviço (R$)
A82: 1 | B82: INDENIZAÇÕES | H82: 0.048321 | I82: =$I$46*H82 -> 101.37878
A83: 2 | B83: FGTS SOBRE INDENIZAÇÕES | H83: 0.003511 | I83: =$I$46*H83 -> 7.3661738
A84: 3 | B84: INDENIZAÇÃO COMPENSATÓRIA POR DEMISSÃO SEM JUSTA CAUSA | H84: 0.019328 | I84: =$I$46*H84 -> 40.550671
A85: Total do Grupo IV | H85: =SUM(H82:H84) -> 0.07116 | I85: =SUM(I82:I84) -> 149.29562
A87: V | B87: Encargos Sociais - Grupo V: Incidências | H87: % | I87: Valor Mensal/unidade de serviço (R$)
A88: 1 | B88: INCIDÊNCIA GRUPO II (Obrigações Sociais) X GRUPO III (Tempo Não Trabalhado) | H88: =(H66*H78) -> 0.093819024 | I88: =$I$46*H88 -> 196.83487
A89: Total do Grupo V | H89: =SUM(H88:H88) -> 0.093819024 | I89: =I88 -> 196.83487
A91: TOTAL DOS ENCARGOS SOCIAIS (II + III + IV + V) | H91: =H66+H78+H85+H89 -> 0.78792202 | I91: =I66+I78+I85+I89 -> 1653.0819
A93: VI | B93: Demais custos relativos à Norma Coletiva ou Disposições Legais - Grupo VI | H93: % | I93: Valor Mensal/unidade de serviço (R$)
A94: 1 | B94: Auxílio Alimentação | H94: =I94/$I$46 -> 0.19178159 | I94: =I114 -> 402.363
A95: =A94+1 -> 2 | B95: Auxílio Lanche | H95: =I95/$I$46 -> 0 | I95: =I110 -> 0
A96: =A95+1 -> 3 | B96: Plano de Saúde | H96: =I96/$I$46 -> 0 | I96: 0
A97: =A96+1 -> 4 | B97: Vale-Transporte⁽⁵⁾ | H97: =I97/$I$46 -> 0.065832492 | I97: =I106 -> 138.11836
A98: =A97+1 -> 5 | B98: Adicional Intervalar | H98: =I98/$I$46 -> 0 | I98: =IF(I28="Não aplicável",0,((I10/H10)*1.5*I28)) -> 0
A99: 6 | B99: Prêmio Assiduidade (quando houver) | H99: =I99/$I$46 -> 0.038131058 | I99: =IF(I21="Não aplicável",0,I21) -> 80
A100: 7 | B100: Plano de Benefício Social Familiar (apenas para a CCT SEEAC/SINDASSEIO) | H100: =I100/$I$46 -> 0.012163808 | I100: =IF(I22="Não aplicável",0,I22) -> 25.52
A101: 8 | B101: Outros | H101: =I101/$I$46 -> 0 | I101: =IF(I23="Não aplicável",0,I23) -> 0
A102: Total do Grupo VI | H102: =SUM(H94:H101) -> 0.30790894 | I102: =SUM(I94:I101) -> 646.00136
A103: (5) | B103: O valor do vale-transporte pode variar de acordo com o modal fornecido pelo empregador.
A104: MEMÓRIA DE CÁLCULO DO VALE TRANSPORTE
A105: Valor Unitário | C105: Dias de Trabalho | D105: Vale p/dia | E105: Custo total | F105: Base de cálculo | G105: Percentual de desconto | H105: Valor desconto | I105: Custo efetivo
A106: =IF(I12="Não aplicável",0,I12) -> 6 | C106: =IF(I13="Não aplicável",0,I13) -> 22 | D106: 2 | E106: =A106*C106*D106 -> 264 | F106: =I38 -> 2098.0273 | G106: =IF(I14="Não aplicável",0,I14) -> 0.06 | H106: =F106*G106 -> 125.88164 | I106: =IF((E106-H106)>0,E106-H106,0) -> 138.11836
A108: MEMÓRIA DE CÁLCULO DO VALE LANCHE
A109: Valor Unitário | C109: Dias por mês | D109: Vale p/dia | E109: Custo total | F109: Base de cálculo | G109: Percentual de desconto | H109: Valor desconto | I109: Custo efetivo
A110: =IF(I18="Não aplicável",0,I18) -> 0 | C110: =IF(I19="Não aplicável",0,I19) -> 0 | D110: 1 | E110: =A110*C110*D110 -> 0 | F110: =E110 -> 0 | G110: =IF(I20="Não aplicável",0,I20) -> 0 | H110: =F110*G110 -> 0 | I110: =E110-H110 -> 0
A112: MEMÓRIA DE CÁLCULO DO | F112: =A15 -> Auxílio Alimentação
A113: Valor Unitário | C113: Dias por mês | D113: Vale p/dia | E113: Custo total | F113: Base de cálculo | G113: Percentual de desconto | H113: =H105 -> Valor desconto | I113: Custo efetivo
A114: =IF(I15="Não aplicável",0,I15) -> 27.15 | C114: =IF(I16="Não aplicável",0,I16) -> 19 | D114: 1 | E114: =A114*C114*D114 -> 515.85 | F114: =E114 -> 515.85 | G114: =IF(I17="Não aplicável",0,I17) -> 0.22 | H114: =F114*G114 -> 113.487 | I114: =E114-H114 -> 402.363
A116: TOTAL DO MONTANTE A (I + II + III+ IV + V +VI) | H116: =H46+H91+H102 -> 2.095831 | I116: =I46+I91+I102 -> 4397.1105
A118: MONTANTE B
A119: I | B119: Despesas Diretas | H119: % | I119: Valor Mensal/unidade de serviço (R$)
A120: 1 | B120: Transporte (6) | H120: =I120/$I$132 -> 0 | I120: 0
A121: 2 | B121: Uniformes/EPI (6a) | H121: =I121/$I$132 -> 0.1 | I121: =IF(F130=10%,G130,0) -> 425.89922
A122: 3 | B122: Seguro de vida | H122: =I122/$I$132 -> 0 | I122: 0
...

Sheet Aux. Manutenção - Passo Fundo
A1: PLANILHA DE CUSTOS E FORMAÇÃO DE PREÇOS DE SERVIÇOS CONTINUADOS COM DEDICAÇÃO EXCLUSIVA DE MÃO DE OBRA (ANEXO III - DECRETO 52.768 de 15.12.2015)
A2: PROCESSO: | C2: 25/2000-0110551-4 | E2: REGIME DE TRIBUTAÇÃO: LUCRO PRESUMIDO
A3: LICITAÇÃO/EDITAL | E3: ABERTURA:
A5: Cargo/Função: | D5: Auxiliar de Manutenção | G5: =IF(D6="12x36","Regime de trabalho:","Quantidade de HORAS/MÊS") -> Quantidade de HORAS/MÊS | I5: =IF(D6="12x36",D6,5*D6) -> 200
A6: =IF(D6="12x36","Regime de trabalho:","Regime de trabalho (horas semanais):") -> Regime de trabalho (horas semanais): | D6: 40
A7: Convenção Coletiva de Trabalho: | D7: RS000082/2026 | G7: INSALUBRIDADE (10%, 20%, 40%) | I7: Não aplicável
A8: Origem do salário: | D8: CCT
A9: Cidade: | D9: Passo Fundo | G9: PERICULOSIDADE (30%) | I9: Não aplicável
A10: Salário Normativo | G10: Vlr. do salário e nº de horas correspondentes | H10: 220 | I10: 1765.86
A11: ISS | G11: =D9 -> Passo Fundo | H11: Alíquota | I11: 0.02
A12: Tarifa Transporte | G12: CCT | H12: Vr. Unitário | I12: 6
H13: Dias | I13: 22
H14: Desconto | I14: 0.06
A15: Auxílio Alimentação | G15: CCT | H15: Vr. Unitário | I15: 27.15
H16: Dias | I16: 19
H17: Desconto | I17: 0.22
A18: Auxílio Lanche | G18: CCT | H18: Vr. Unitário | I18: Não aplicável
H19: Dias | I19: Não aplicável
H20: Desconto | I20: Não aplicável
A21: Prêmio Assiduidade / Cesta Básica (quando houver) | G21: CCT | H21: Valor mensal | I21: 80
A22: Plano de Benefício Social Familiar (apenas para a CCT SEEAC/SINDASSEIO) | G22: CCT | H22: Valor mensal | I22: 25.52
A23: Outros benefícios que refletem na planilha de custos, caso constem na CCT. | G23: CCT | H23: Valor mensal | I23: Não aplicável
A24: Adicional de Supervisor (37%) | H24: Porcentagem | I24: Não aplicável
A25: Base de cálculo da insalubridade | H25: Valor | I25: =I38 -> 1605.3273
A26: Quantitativo de horas trabalhadas em feriados no mês (estimado) - Não aplicável para postos 12x36 | H26: Horas por mês | I26: Não aplicável
H27: Acréscimo da hora extra | I27: Não aplicável
A28: Hora Intervalar (somente para postos 12x36, quando for o caso) | H28: Horas por mês | I28: Não aplicável
A29: Sem fornecimento de materiais ou apenas fornecimento de EPIs ou uniformes, utilizar 10%. Com fornecimento de materiais ou equipamentos, utilizar 20%. (Decreto 52.768/2015, alterado pelo Decreto 53.424/2017) | H29: Porcentagem | I29: 0.2
I30: Não aplicável
A36: MONTANTE A
A37: I | B37: Remuneração - Grupo I | H37: % | I37: Valor Mensal/unidade de serviço (R$)
A38: 1 | B38: Salário | H38: =I38/$I$46 -> 1 | I38: =IF(D6="12x36",I10,I10/H10*I5) -> 1605.3273
A39: =A38+1 -> 2 | B39: Adicional Periculosidade 30% (Ver súmulas 364, 132 e 191 do TST) | H39: =I39/$I$46 -> 0 | I39: =IF(I9=30%,I38*I9,0) -> 0
A40: =A39+1 -> 3 | B40: Adicional Insalubridade 10% (Ver súmula 228 e 139 TST) (1) | H40: =I40/$I$46 -> 0 | I40: =IF(I7=10%,I25*I7,0) -> 0
A41: =A40+1 -> 4 | B41: Adicional Insalubridade 20% (Ver súmula 228 e 139 TST) (1) | H41: =I41/$I$46 -> 0 | I41: =IF(I7=20%,I25*I7,0) -> 0
A42: =A41+1 -> 5 | B42: Adicional Insalubridade 40% (Ver súmula 228 e 139 TST) (1) | H42: =I42/$I$46 -> 0 | I42: =IF(I7=40%,I25*I7,0) -> 0
A43: =A42+1 -> 6 | B43: Adicional de Supervisor (IN 05/2017 MPOG SLTI) | H43: =I43/$I$46 -> 0 | I43: =IF(I24="Não aplicável",0,I38*I24) -> 0
A44: =A43+1 -> 7 | B44: Feriados | H44: =I44/$I$46 -> 0 | I44: =IF(I26="Não aplicável",0,(I38+I39+I40+I41+I42+I43)/I5*I26*(1+I27)) -> 0
A45: =A44+1 -> 8 | B45: DSR = número total das horas extras do mês / número de dias úteis X domingos e feriados do mês X valor da hora extra com acréscimo | H45: =I45/$I$46 -> 0 | I45: =IF(I26="Não aplicável",0,I26/I13*5*(I10/H10*(1+I27))) -> 0
A46: Total de Remuneração | H46: =SUM(H38:H45) -> 1 | I46: =SUM(I38:I45) -> 1605.3273
A47: (1) | B47: Para posto de trabalho que tenha a necessidade de pagamento de adicional de insalubridade, a planilha de custos irá prever o salário proporcional como base de cálculo da insalubridade, conforme Pareceres da PGE nº 21.858/26 e 18.200/2020 e Promoção da PGE disposta no processo administrativo nº 20/2000-0034874-2. Porém, será permitida à licitante a alteração da base de cálculo na planilha de custos para que seja previsto o salário normativo do cargo ou o salário mínimo nacional (o que se aplicar mais benéfico). Uma vez caracterizada a condição insalubre, deve a empresa contratada pagar ao empregado o respectivo adicional na sua integralidade, independentemente da jornada de trabalho do empregado.
A57: II | B57: Encargos Sociais - Grupo II: Obrigações Sociais | H57: % | I57: Valor Mensal/unidade de serviço (R$)
A58: 1 | B58: INSS (art. 22, inc. I, Lei nº 8.212/91) | H58: 0.2 | I58: =$I$46*H58 -> 321.06545
A59: 2 | B59: SESI ou SESC (art. 30, Lei nº 8.036/90) | H59: 0.015 | I59: =$I$46*H59 -> 24.079909
A60: 3 | B60: SENAI ou SENAC (Decreto-Lei nº 2.318/86) | H60: 0.01 | I60: =$I$46*H60 -> 16.053273
A61: 4 | B61: INCRA (art. 15I, Lei Complementar nº 011/71) | H61: 0.002 | I61: =$I$46*H61 -> 3.2106545
A62: 5 | B62: SALÁRIO EDUCAÇÃO (art. , inc. I, Decreto nº 87.043/82) | H62: 0.025 | I62: =$I$46*H62 -> 40.133182
A63: 6 | B63: FGTS (art. 15, Lei nº 8.036/90) | H63: 0.08 | I63: =$I$46*H63 -> 128.42618
A64: 7 | B64: SEG. ACIDENTE DO TRABALHO 1%, 2% e 3% (art. 22, inc. II, alíneas "b" e "c", da Lei nº 8.212/91) (2) | H64: 0.03 | I64: =$I$46*H64 -> 48.159818
A65: 8 | B65: SEBRAE (§ 3º, art. 8º, Lei nº 8.029/90) | H65: 0.006 | I65: =$I$46*H65 -> 9.6319636
A66: Total do Grupo II | H66: =SUM(H58:H65) -> 0.368 | I66: =SUM(I58:I65) -> 590.76044
A67: (2) | B67: Os percentuais para o SAT podem variar de 0,50% a 6,00% em função do Fator de Acidente Previdenciário (FAP), Decreto nº 6.957/2009
B68: Deverá obrigatoriamente acompanhar a proposta de preços e a planilha de custos e formação de preços a prova do Fator Acidentário de Prevenção – FAP por meio de impressão de consulta ao site do Ministério da Previdência Social (que pode ser obtido no endereço eletrônico http://www2.dataprev.gov.br/fap/fap.htm), independentemente de alteração da alíquota da parcela do Seguro Acidente de Trabalho disposta no Quadro II da referida planilha.
A69: III | B69: Encargos Sociais - Grupo III: Tempo Não Trabalhado | H69: % | I69: Valor Mensal/unidade de serviço (R$)
A70: 1 | B70: FÉRIAS GOZADAS + ADICIONAL DE FÉRIAS | H70: 0.119314 | I70: =$I$46*H70 -> 191.53802
A71: 2 | B71: FALTAS ABONADAS (3) | H71: 0.020479 | I71: =$I$46*H71 -> 32.875497
A72: 3 | B72: FALTAS LEGAIS (4) | H72: 0.012123 | I72: =$I$46*H72 -> 19.461383
A73: 4 | B73: LICENÇA MATERNIDADE | H73: 0.011436 | I73: =$I$46*H73 -> 18.358523
A74: 5 | B74: LICENÇA PATERNIDADE | H74: 0.000174 | I74: =$I$46*H74 -> 0.27932695
A75: 6 | B75: ACIDENTE DE TRABALHO | H75: 0.000442 | I75: =$I$46*H75 -> 0.70955465
A76: 7 | B76: AVISO PRÉVIO TRABALHADO | H76: 0.000185 | I76: =$I$46*H76 -> 0.29698555
A77: 8 | B77: 13º SALÁRIO | H77: 0.09079 | I77: =$I$46*H77 -> 145.74766
A78: Total do Grupo III | H78: =SUM(H70:H77) -> 0.254943 | I78: =SUM(I70:I77) -> 409.26695
A79: (3) | B79: Faltas Justificadas por Auxílio Doença
A80: (4) | B80: Faltas Legais - Art. 473 CLT
A81: IV | B81: Encargos Sociais - Grupo IV: Indenizações | H81: % | I81: Valor Mensal/unidade de serviço (R$)
A82: 1 | B82: INDENIZAÇÕES | H82: 0.048321 | I82: =$I$46*H82 -> 77.571019
A83: 2 | B83: FGTS SOBRE INDENIZAÇÕES | H83: 0.003511 | I83: =$I$46*H83 -> 5.6363041
A84: 3 | B84: INDENIZAÇÃO COMPENSATÓRIA POR DEMISSÃO SEM JUSTA CAUSA | H84: 0.019328 | I84: =$I$46*H84 -> 31.027766
A85: Total do Grupo IV | H85: =SUM(H82:H84) -> 0.07116 | I85: =SUM(I82:I84) -> 114.23509
A87: V | B87: Encargos Sociais - Grupo V: Incidências | H87: % | I87: Valor Mensal/unidade de serviço (R$)
A88: 1 | B88: INCIDÊNCIA GRUPO II (Obrigações Sociais) X GRUPO III (Tempo Não Trabalhado) | H88: =(H66*H78) -> 0.093819024 | I88: =$I$46*H88 -> 150.61024
A89: Total do Grupo V | H89: =SUM(H88:H88) -> 0.093819024 | I89: =I88 -> 150.61024
A91: TOTAL DOS ENCARGOS SOCIAIS (II + III + IV + V) | H91: =H66+H78+H85+H89 -> 0.78792202 | I91: =I66+I78+I85+I89 -> 1264.8727
A93: VI | B93: Demais custos relativos à Norma Coletiva ou Disposições Legais - Grupo VI | H93: % | I93: Valor Mensal/unidade de serviço (R$)
A94: 1 | B94: Auxílio Alimentação | H94: =I94/$I$46 -> 0.25064235 | I94: =I114 -> 402.363
A95: =A94+1 -> 2 | B95: Auxílio Lanche | H95: =I95/$I$46 -> 0 | I95: =I110 -> 0
A96: =A95+1 -> 3 | B96: Plano de Saúde | H96: =I96/$I$46 -> 0 | I96: 0
A97: =A96+1 -> 4 | B97: Vale-Transporte⁽⁵⁾ | H97: =I97/$I$46 -> 0.10445245 | I97: =I106 -> 167.68036
A98: =A97+1 -> 5 | B98: Adicional Intervalar | H98: =I98/$I$46 -> 0 | I98: =IF(I28="Não aplicável",0,((I10/H10)*1.5*I28)) -> 0
A99: 6 | B99: Prêmio Assiduidade (quando houver) | H99: =I99/$I$46 -> 0.049834075 | I99: =IF(I21="Não aplicável",0,I21) -> 80
A100: 7 | B100: Plano de Benefício Social Familiar (apenas para a CCT SEEAC/SINDASSEIO) | H100: =I100/$I$46 -> 0.01589707 | I100: =IF(I22="Não aplicável",0,I22) -> 25.52
A101: 8 | B101: Outros | H101: =I101/$I$46 -> 0 | I101: =IF(I23="Não aplicável",0,I23) -> 0
A102: Total do Grupo VI | H102: =SUM(H94:H101) -> 0.42082594 | I102: =SUM(I94:I101) -> 675.56336
A103: (5) | B103: O valor do vale-transporte pode variar de acordo com o modal fornecido pelo empregador.
A104: MEMÓRIA DE CÁLCULO DO VALE TRANSPORTE
A105: Valor Unitário | C105: Dias de Trabalho | D105: Vale p/dia | E105: Custo total | F105: Base de cálculo | G105: Percentual de desconto | H105: Valor desconto | I105: Custo efetivo
A106: =IF(I12="Não aplicável",0,I12) -> 6 | C106: =IF(I13="Não aplicável",0,I13) -> 22 | D106: 2 | E106: =A106*C106*D106 -> 264 | F106: =I38 -> 1605.3273 | G106: =IF(I14="Não aplicável",0,I14) -> 0.06 | H106: =F106*G106 -> 96.319636 | I106: =IF((E106-H106)>0,E106-H106,0) -> 167.68036
A108: MEMÓRIA DE CÁLCULO DO VALE LANCHE
A109: Valor Unitário | C109: Dias por mês | D109: Vale p/dia | E109: Custo total | F109: Base de cálculo | G109: Percentual de desconto | H109: Valor desconto | I109: Custo efetivo
A110: =IF(I18="Não aplicável",0,I18) -> 0 | C110: =IF(I19="Não aplicável",0,I19) -> 0 | D110: 1 | E110: =A110*C110*D110 -> 0 | F110: =E110 -> 0 | G110: =IF(I20="Não aplicável",0,I20) -> 0 | H110: =F110*G110 -> 0 | I110: =E110-H110 -> 0
A112: MEMÓRIA DE CÁLCULO DO | F112: =A15 -> Auxílio Alimentação
A113: Valor Unitário | C113: Dias por mês | D113: Vale p/dia | E113: Custo total | F113: Base de cálculo | G113: Percentual de desconto | H113: =H105 -> Valor desconto | I113: Custo efetivo
A114: =IF(I15="Não aplicável",0,I15) -> 27.15 | C114: =IF(I16="Não aplicável",0,I16) -> 19 | D114: 1 | E114: =A114*C114*D114 -> 515.85 | F114: =E114 -> 515.85 | G114: =IF(I17="Não aplicável",0,I17) -> 0.22 | H114: =F114*G114 -> 113.487 | I114: =E114-H114 -> 402.363
A116: TOTAL DO MONTANTE A (I + II + III+ IV + V +VI) | H116: =H46+H91+H102 -> 2.208748 | I116: =I46+I91+I102 -> 3545.7634
A118: MONTANTE B
A119: I | B119: Despesas Diretas | H119: % | I119: Valor Mensal/unidade de serviço (R$)
A120: 1 | B120: Transporte (6) | H120: =I120/$I$132 -> 0 | I120: 0
A121: 2 | B121: Uniformes/EPI (6a) | H121: =I121/$I$132 -> 0 | I121: =IF(F130=10%,G130,0) -> 0
A122: 3 | B122: Seguro de vida | H122: =I122/$I$132 -> 0 | I122: 0
...

Sheet Recepção - Passo Fundo
A1: PLANILHA DE CUSTOS E FORMAÇÃO DE PREÇOS DE SERVIÇOS CONTINUADOS COM DEDICAÇÃO EXCLUSIVA DE MÃO DE OBRA (ANEXO III - DECRETO 52.768 de 15.12.2015)
A2: PROCESSO: | C2: 25/2000-0110551-4 | E2: REGIME DE TRIBUTAÇÃO: LUCRO PRESUMIDO
A3: LICITAÇÃO/EDITAL | E3: ABERTURA:
A5: Cargo/Função: | D5: Recepção | G5: =IF(D6="12x36","Regime de trabalho:","Quantidade de HORAS/MÊS") -> Quantidade de HORAS/MÊS | I5: =IF(D6="12x36",D6,5*D6) -> 200
A6: =IF(D6="12x36","Regime de trabalho:","Regime de trabalho (horas semanais):") -> Regime de trabalho (horas semanais): | D6: 40
A7: Convenção Coletiva de Trabalho: | D7: RS000082/2026 | G7: INSALUBRIDADE (10%, 20%, 40%) | I7: Não aplicável
A8: Origem do salário: | D8: CCT
A9: Cidade: | D9: Passo Fundo | G9: PERICULOSIDADE (30%) | I9: Não aplicável
A10: Salário Normativo | G10: Vlr. do salário e nº de horas correspondentes | H10: 220 | I10: 1996.44
A11: ISS | G11: =D9 -> Passo Fundo | H11: Alíquota | I11: 0.02
A12: Tarifa Transporte | G12: CCT | H12: Vr. Unitário | I12: 6
H13: Dias | I13: 22
H14: Desconto | I14: 0.06
A15: Auxílio Alimentação | G15: CCT | H15: Vr. Unitário | I15: 27.15
H16: Dias | I16: 19
H17: Desconto | I17: 0.22
A18: Auxílio Lanche | G18: CCT | H18: Vr. Unitário | I18: Não aplicável
H19: Dias | I19: Não aplicável
H20: Desconto | I20: Não aplicável
A21: Prêmio Assiduidade / Cesta Básica (quando houver) | G21: CCT | H21: Valor mensal | I21: 80
A22: Plano de Benefício Social Familiar (apenas para a CCT SEEAC/SINDASSEIO) | G22: CCT | H22: Valor mensal | I22: 25.52
A23: Outros benefícios que refletem na planilha de custos, caso constem na CCT. | G23: CCT | H23: Valor mensal | I23: Não aplicável
A24: Adicional de Supervisor (37%) | H24: Porcentagem | I24: Não aplicável
A25: Base de cálculo da insalubridade | H25: Valor | I25: =I38 -> 1814.9455
A26: Quantitativo de horas trabalhadas em feriados no mês (estimado) - Não aplicável para postos 12x36 | H26: Horas por mês | I26: Não aplicável
H27: Acréscimo da hora extra | I27: Não aplicável
A28: Hora Intervalar (somente para postos 12x36, quando for o caso) | H28: Horas por mês | I28: Não aplicável
A29: Sem fornecimento de materiais ou apenas fornecimento de EPIs ou uniformes, utilizar 10%. Com fornecimento de materiais ou equipamentos, utilizar 20%. (Decreto 52.768/2015, alterado pelo Decreto 53.424/2017) | H29: Porcentagem | I29: 0.1
I30: Não aplicável
A36: MONTANTE A
A37: I | B37: Remuneração - Grupo I | H37: % | I37: Valor Mensal/unidade de serviço (R$)
A38: 1 | B38: Salário | H38: =I38/$I$46 -> 1 | I38: =IF(D6="12x36",I10,I10/H10*I5) -> 1814.9455
A39: =A38+1 -> 2 | B39: Adicional Periculosidade 30% (Ver súmulas 364, 132 e 191 do TST) | H39: =I39/$I$46 -> 0 | I39: =IF(I9=30%,I38*I9,0) -> 0
A40: =A39+1 -> 3 | B40: Adicional Insalubridade 10% (Ver súmula 228 e 139 TST) (1) | H40: =I40/$I$46 -> 0 | I40: =IF(I7=10%,I25*I7,0) -> 0
A41: =A40+1 -> 4 | B41: Adicional Insalubridade 20% (Ver súmula 228 e 139 TST) (1) | H41: =I41/$I$46 -> 0 | I41: =IF(I7=20%,I25*I7,0) -> 0
A42: =A41+1 -> 5 | B42: Adicional Insalubridade 40% (Ver súmula 228 e 139 TST) (1) | H42: =I42/$I$46 -> 0 | I42: =IF(I7=40%,I25*I7,0) -> 0
A43: =A42+1 -> 6 | B43: Adicional de Supervisor (IN 05/2017 MPOG SLTI) | H43: =I43/$I$46 -> 0 | I43: =IF(I24="Não aplicável",0,I38*I24) -> 0
A44: =A43+1 -> 7 | B44: Feriados | H44: =I44/$I$46 -> 0 | I44: =IF(I26="Não aplicável",0,(I38+I39+I40+I41+I42+I43)/I5*I26*(1+I27)) -> 0
A45: =A44+1 -> 8 | B45: DSR = número total das horas extras do mês / número de dias úteis X domingos e feriados do mês X valor da hora extra com acréscimo | H45: =I45/$I$46 -> 0 | I45: =IF(I26="Não aplicável",0,I26/I13*5*(I10/H10*(1+I27))) -> 0
A46: Total de Remuneração | H46: =SUM(H38:H45) -> 1 | I46: =SUM(I38:I45) -> 1814.9455
A47: (1) | B47: Para posto de trabalho que tenha a necessidade de pagamento de adicional de insalubridade, a planilha de custos irá prever o salário proporcional como base de cálculo da insalubridade, conforme Pareceres da PGE nº 21.858/26 e 18.200/2020 e Promoção da PGE disposta no processo administrativo nº 20/2000-0034874-2. Porém, será permitida à licitante a alteração da base de cálculo na planilha de custos para que seja previsto o salário normativo do cargo ou o salário mínimo nacional (o que se aplicar mais benéfico). Uma vez caracterizada a condição insalubre, deve a empresa contratada pagar ao empregado o respectivo adicional na sua integralidade, independentemente da jornada de trabalho do empregado.
A57: II | B57: Encargos Sociais - Grupo II: Obrigações Sociais | H57: % | I57: Valor Mensal/unidade de serviço (R$)
A58: 1 | B58: INSS (art. 22, inc. I, Lei nº 8.212/91) | H58: 0.2 | I58: =$I$46*H58 -> 362.98909
A59: 2 | B59: SESI ou SESC (art. 30, Lei nº 8.036/90) | H59: 0.015 | I59: =$I$46*H59 -> 27.224182
A60: 3 | B60: SENAI ou SENAC (Decreto-Lei nº 2.318/86) | H60: 0.01 | I60: =$I$46*H60 -> 18.149455
A61: 4 | B61: INCRA (art. 15I, Lei Complementar nº 011/71) | H61: 0.002 | I61: =$I$46*H61 -> 3.6298909
A62: 5 | B62: SALÁRIO EDUCAÇÃO (art. , inc. I, Decreto nº 87.043/82) | H62: 0.025 | I62: =$I$46*H62 -> 45.373636
A63: 6 | B63: FGTS (art. 15, Lei nº 8.036/90) | H63: 0.08 | I63: =$I$46*H63 -> 145.19564
A64: 7 | B64: SEG. ACIDENTE DO TRABALHO 1%, 2% e 3% (art. 22, inc. II, alíneas "b" e "c", da Lei nº 8.212/91) (2) | H64: 0.03 | I64: =$I$46*H64 -> 54.448364
A65: 8 | B65: SEBRAE (§ 3º, art. 8º, Lei nº 8.029/90) | H65: 0.006 | I65: =$I$46*H65 -> 10.889673
A66: Total do Grupo II | H66: =SUM(H58:H65) -> 0.368 | I66: =SUM(I58:I65) -> 667.89993
A67: (2) | B67: Os percentuais para o SAT podem variar de 0,50% a 6,00% em função do Fator de Acidente Previdenciário (FAP), Decreto nº 6.957/2009
B68: Deverá obrigatoriamente acompanhar a proposta de preços e a planilha de custos e formação de preços a prova do Fator Acidentário de Prevenção – FAP por meio de impressão de consulta ao site do Ministério da Previdência Social (que pode ser obtido no endereço eletrônico http://www2.dataprev.gov.br/fap/fap.htm), independentemente de alteração da alíquota da parcela do Seguro Acidente de Trabalho disposta no Quadro II da referida planilha.
A69: III | B69: Encargos Sociais - Grupo III: Tempo Não Trabalhado | H69: % | I69: Valor Mensal/unidade de serviço (R$)
A70: 1 | B70: FÉRIAS GOZADAS + ADICIONAL DE FÉRIAS | H70: 0.119314 | I70: =$I$46*H70 -> 216.5484
A71: 2 | B71: FALTAS ABONADAS (3) | H71: 0.020479 | I71: =$I$46*H71 -> 37.168268
A72: 3 | B72: FALTAS LEGAIS (4) | H72: 0.012123 | I72: =$I$46*H72 -> 22.002584
A73: 4 | B73: LICENÇA MATERNIDADE | H73: 0.011436 | I73: =$I$46*H73 -> 20.755716
A74: 5 | B74: LICENÇA PATERNIDADE | H74: 0.000174 | I74: =$I$46*H74 -> 0.31580051
A75: 6 | B75: ACIDENTE DE TRABALHO | H75: 0.000442 | I75: =$I$46*H75 -> 0.80220589
A76: 7 | B76: AVISO PRÉVIO TRABALHADO | H76: 0.000185 | I76: =$I$46*H76 -> 0.33576491
A77: 8 | B77: 13º SALÁRIO | H77: 0.09079 | I77: =$I$46*H77 -> 164.7789
A78: Total do Grupo III | H78: =SUM(H70:H77) -> 0.254943 | I78: =SUM(I70:I77) -> 462.70764
A79: (3) | B79: Faltas Justificadas por Auxílio Doença
A80: (4) | B80: Faltas Legais - Art. 473 CLT
A81: IV | B81: Encargos Sociais - Grupo IV: Indenizações | H81: % | I81: Valor Mensal/unidade de serviço (R$)
A82: 1 | B82: INDENIZAÇÕES | H82: 0.048321 | I82: =$I$46*H82 -> 87.699979
A83: 2 | B83: FGTS SOBRE INDENIZAÇÕES | H83: 0.003511 | I83: =$I$46*H83 -> 6.3722735
A84: 3 | B84: INDENIZAÇÃO COMPENSATÓRIA POR DEMISSÃO SEM JUSTA CAUSA | H84: 0.019328 | I84: =$I$46*H84 -> 35.079266
A85: Total do Grupo IV | H85: =SUM(H82:H84) -> 0.07116 | I85: =SUM(I82:I84) -> 129.15152
A87: V | B87: Encargos Sociais - Grupo V: Incidências | H87: % | I87: Valor Mensal/unidade de serviço (R$)
A88: 1 | B88: INCIDÊNCIA GRUPO II (Obrigações Sociais) X GRUPO III (Tempo Não Trabalhado) | H88: =(H66*H78) -> 0.093819024 | I88: =$I$46*H88 -> 170.27641
A89: Total do Grupo V | H89: =SUM(H88:H88) -> 0.093819024 | I89: =I88 -> 170.27641
A91: TOTAL DOS ENCARGOS SOCIAIS (II + III + IV + V) | H91: =H66+H78+H85+H89 -> 0.78792202 | I91: =I66+I78+I85+I89 -> 1430.0355
A93: VI | B93: Demais custos relativos à Norma Coletiva ou Disposições Legais - Grupo VI | H93: % | I93: Valor Mensal/unidade de serviço (R$)
A94: 1 | B94: Auxílio Alimentação | H94: =I94/$I$46 -> 0.22169427 | I94: =I114 -> 402.363
A95: =A94+1 -> 2 | B95: Auxílio Lanche | H95: =I95/$I$46 -> 0 | I95: =I110 -> 0
A96: =A95+1 -> 3 | B96: Plano de Saúde | H96: =I96/$I$46 -> 0 | I96: 0
A97: =A96+1 -> 4 | B97: Vale-Transporte⁽⁵⁾ | H97: =I97/$I$46 -> 0.085458917 | I97: =I106 -> 155.10327
A98: =A97+1 -> 5 | B98: Adicional Intervalar | H98: =I98/$I$46 -> 0 | I98: =IF(I28="Não aplicável",0,((I10/H10)*1.5*I28)) -> 0
A99: 6 | B99: Prêmio Assiduidade (quando houver) | H99: =I99/$I$46 -> 0.04407846 | I99: =IF(I21="Não aplicável",0,I21) -> 80
A100: 7 | B100: Plano de Benefício Social Familiar (apenas para a CCT SEEAC/SINDASSEIO) | H100: =I100/$I$46 -> 0.014061029 | I100: =IF(I22="Não aplicável",0,I22) -> 25.52
A101: 8 | B101: Outros | H101: =I101/$I$46 -> 0 | I101: =IF(I23="Não aplicável",0,I23) -> 0
A102: Total do Grupo VI | H102: =SUM(H94:H101) -> 0.36529267 | I102: =SUM(I94:I101) -> 662.98627
A103: (5) | B103: O valor do vale-transporte pode variar de acordo com o modal fornecido pelo empregador.
A104: MEMÓRIA DE CÁLCULO DO VALE TRANSPORTE
A105: Valor Unitário | C105: Dias de Trabalho | D105: Vale p/dia | E105: Custo total | F105: Base de cálculo | G105: Percentual de desconto | H105: Valor desconto | I105: Custo efetivo
A106: =IF(I12="Não aplicável",0,I12) -> 6 | C106: =IF(I13="Não aplicável",0,I13) -> 22 | D106: 2 | E106: =A106*C106*D106 -> 264 | F106: =I38 -> 1814.9455 | G106: =IF(I14="Não aplicável",0,I14) -> 0.06 | H106: =F106*G106 -> 108.89673 | I106: =IF((E106-H106)>0,E106-H106,0) -> 155.10327
A108: MEMÓRIA DE CÁLCULO DO VALE LANCHE
A109: Valor Unitário | C109: Dias por mês | D109: Vale p/dia | E109: Custo total | F109: Base de cálculo | G109: Percentual de desconto | H109: Valor desconto | I109: Custo efetivo
A110: =IF(I18="Não aplicável",0,I18) -> 0 | C110: =IF(I19="Não aplicável",0,I19) -> 0 | D110: 1 | E110: =A110*C110*D110 -> 0 | F110: =E110 -> 0 | G110: =IF(I20="Não aplicável",0,I20) -> 0 | H110: =F110*G110 -> 0 | I110: =E110-H110 -> 0
A112: MEMÓRIA DE CÁLCULO DO | F112: =A15 -> Auxílio Alimentação
A113: Valor Unitário | C113: Dias por mês | D113: Vale p/dia | E113: Custo total | F113: Base de cálculo | G113: Percentual de desconto | H113: =H105 -> Valor desconto | I113: Custo efetivo
A114: =IF(I15="Não aplicável",0,I15) -> 27.15 | C114: =IF(I16="Não aplicável",0,I16) -> 19 | D114: 1 | E114: =A114*C114*D114 -> 515.85 | F114: =E114 -> 515.85 | G114: =IF(I17="Não aplicável",0,I17) -> 0.22 | H114: =F114*G114 -> 113.487 | I114: =E114-H114 -> 402.363
A116: TOTAL DO MONTANTE A (I + II + III+ IV + V +VI) | H116: =H46+H91+H102 -> 2.1532147 | I116: =I46+I91+I102 -> 3907.9672
A118: MONTANTE B
A119: I | B119: Despesas Diretas | H119: % | I119: Valor Mensal/unidade de serviço (R$)
A120: 1 | B120: Transporte (6) | H120: =I120/$I$132 -> 0 | I120: 0
A121: 2 | B121: Uniformes/EPI (6a) | H121: =I121/$I$132 -> 0.1 | I121: =IF(F130=10%,G130,0) -> 375.2864
A122: 3 | B122: Seguro de vida | H122: =I122/$I$132 -> 0 | I122: 0
...

Sheet Copeiro - Santa Maria
A1: PLANILHA DE CUSTOS E FORMAÇÃO DE PREÇOS DE SERVIÇOS CONTINUADOS COM DEDICAÇÃO EXCLUSIVA DE MÃO DE OBRA (ANEXO III - DECRETO 52.768 de 15.12.2015)
A2: PROCESSO: | C2: 25/2000-0110551-4 | E2: REGIME DE TRIBUTAÇÃO: LUCRO PRESUMIDO
A3: LICITAÇÃO/EDITAL | E3: ABERTURA:
A5: Cargo/Função: | D5: Copeiro | G5: =IF(D6="12x36","Regime de trabalho:","Quantidade de HORAS/MÊS") -> Quantidade de HORAS/MÊS | I5: =IF(D6="12x36",D6,5*D6) -> 200
A6: =IF(D6="12x36","Regime de trabalho:","Regime de trabalho (horas semanais):") -> Regime de trabalho (horas semanais): | D6: 40
A7: Convenção Coletiva de Trabalho: | D7: RS000250/2026 | G7: INSALUBRIDADE (10%, 20%, 40%) | I7: 0.2
A8: Origem do salário: | D8: CCT
A9: Cidade: | D9: Santa Maria | G9: PERICULOSIDADE (30%) | I9: Não aplicável
A10: Salário Normativo | G10: Vlr. do salário e nº de horas correspondentes | H10: 220 | I10: 1765.86
A11: ISS | G11: =D9 -> Santa Maria | H11: Alíquota | I11: 0.04
A12: Tarifa Transporte | G12: CCT | H12: Vr. Unitário | I12: 7.25
H13: Dias | I13: 22
H14: Desconto | I14: 0.06
A15: Auxílio Alimentação | G15: CCT | H15: Vr. Unitário | I15: 27.15
H16: Dias | I16: 22
H17: Desconto | I17: 0.19
A18: Auxílio Lanche | G18: CCT | H18: Vr. Unitário | I18: Não aplicável
H19: Dias | I19: Não aplicável
H20: Desconto | I20: Não aplicável
A21: Prêmio Assiduidade / Cesta Básica (quando houver) | G21: CCT | H21: Valor mensal | I21: 80
A22: Plano de Benefício Social Familiar (apenas para a CCT SEEAC/SINDASSEIO) | G22: CCT | H22: Valor mensal | I22: 25.52
A23: Outros benefícios que refletem na planilha de custos, caso constem na CCT. | G23: CCT | H23: Valor mensal | I23: Não aplicável
A24: Adicional de Supervisor (37%) | H24: Porcentagem | I24: Não aplicável
A25: Base de cálculo da insalubridade | H25: Valor | I25: =I38 -> 1605.3273
A26: Quantitativo de horas trabalhadas em feriados no mês (estimado) - Não aplicável para postos 12x36 | H26: Horas por mês | I26: Não aplicável
H27: Acréscimo da hora extra | I27: Não aplicável
A28: Hora Intervalar (somente para postos 12x36, quando for o caso) | H28: Horas por mês | I28: Não aplicável
A29: Sem fornecimento de materiais ou apenas fornecimento de EPIs ou uniformes, utilizar 10%. Com fornecimento de materiais ou equipamentos, utilizar 20%. (Decreto 52.768/2015, alterado pelo Decreto 53.424/2017) | H29: Porcentagem | I29: 0.2
I30: Não aplicável
A36: MONTANTE A
A37: I | B37: Remuneração - Grupo I | H37: % | I37: Valor Mensal/unidade de serviço (R$)
A38: 1 | B38: Salário | H38: =I38/$I$46 -> 0.83333333 | I38: =IF(D6="12x36",I10,I10/H10*I5) -> 1605.3273
A39: =A38+1 -> 2 | B39: Adicional Periculosidade 30% (Ver súmulas 364, 132 e 191 do TST) | H39: =I39/$I$46 -> 0 | I39: =IF(I9=30%,I38*I9,0) -> 0
A40: =A39+1 -> 3 | B40: Adicional Insalubridade 10% (Ver súmula 228 e 139 TST) (1) | H40: =I40/$I$46 -> 0 | I40: =IF(I7=10%,I25*I7,0) -> 0
A41: =A40+1 -> 4 | B41: Adicional Insalubridade 20% (Ver súmula 228 e 139 TST) (1) | H41: =I41/$I$46 -> 0.16666667 | I41: =IF(I7=20%,I25*I7,0) -> 321.06545
A42: =A41+1 -> 5 | B42: Adicional Insalubridade 40% (Ver súmula 228 e 139 TST) (1) | H42: =I42/$I$46 -> 0 | I42: =IF(I7=40%,I25*I7,0) -> 0
A43: =A42+1 -> 6 | B43: Adicional de Supervisor (IN 05/2017 MPOG SLTI) | H43: =I43/$I$46 -> 0 | I43: =IF(I24="Não aplicável",0,I38*I24) -> 0
A44: =A43+1 -> 7 | B44: Feriados | H44: =I44/$I$46 -> 0 | I44: =IF(I26="Não aplicável",0,(I38+I39+I40+I41+I42+I43)/I5*I26*(1+I27)) -> 0
A45: =A44+1 -> 8 | B45: DSR = número total das horas extras do mês / número de dias úteis X domingos e feriados do mês X valor da hora extra com acréscimo | H45: =I45/$I$46 -> 0 | I45: =IF(I26="Não aplicável",0,I26/I13*5*(I10/H10*(1+I27))) -> 0
A46: Total de Remuneração | H46: =SUM(H38:H45) -> 1 | I46: =SUM(I38:I45) -> 1926.3927
A47: (1) | B47: Para posto de trabalho que tenha a necessidade de pagamento de adicional de insalubridade, a planilha de custos irá prever o salário proporcional como base de cálculo da insalubridade, conforme Pareceres da PGE nº 21.858/26 e 18.200/2020 e Promoção da PGE disposta no processo administrativo nº 20/2000-0034874-2. Porém, será permitida à licitante a alteração da base de cálculo na planilha de custos para que seja previsto o salário normativo do cargo ou o salário mínimo nacional (o que se aplicar mais benéfico). Uma vez caracterizada a condição insalubre, deve a empresa contratada pagar ao empregado o respectivo adicional na sua integralidade, independentemente da jornada de trabalho do empregado.
A57: II | B57: Encargos Sociais - Grupo II: Obrigações Sociais | H57: % | I57: Valor Mensal/unidade de serviço (R$)
A58: 1 | B58: INSS (art. 22, inc. I, Lei nº 8.212/91) | H58: 0.2 | I58: =$I$46*H58 -> 385.27855
A59: 2 | B59: SESI ou SESC (art. 30, Lei nº 8.036/90) | H59: 0.015 | I59: =$I$46*H59 -> 28.895891
A60: 3 | B60: SENAI ou SENAC (Decreto-Lei nº 2.318/86) | H60: 0.01 | I60: =$I$46*H60 -> 19.263927
A61: 4 | B61: INCRA (art. 15I, Lei Complementar nº 011/71) | H61: 0.002 | I61: =$I$46*H61 -> 3.8527855
A62: 5 | B62: SALÁRIO EDUCAÇÃO (art. , inc. I, Decreto nº 87.043/82) | H62: 0.025 | I62: =$I$46*H62 -> 48.159818
A63: 6 | B63: FGTS (art. 15, Lei nº 8.036/90) | H63: 0.08 | I63: =$I$46*H63 -> 154.11142
A64: 7 | B64: SEG. ACIDENTE DO TRABALHO 1%, 2% e 3% (art. 22, inc. II, alíneas "b" e "c", da Lei nº 8.212/91) (2) | H64: 0.03 | I64: =$I$46*H64 -> 57.791782
A65: 8 | B65: SEBRAE (§ 3º, art. 8º, Lei nº 8.029/90) | H65: 0.006 | I65: =$I$46*H65 -> 11.558356
A66: Total do Grupo II | H66: =SUM(H58:H65) -> 0.368 | I66: =SUM(I58:I65) -> 708.91252
A67: (2) | B67: Os percentuais para o SAT podem variar de 0,50% a 6,00% em função do Fator de Acidente Previdenciário (FAP), Decreto nº 6.957/2009
B68: Deverá obrigatoriamente acompanhar a proposta de preços e a planilha de custos e formação de preços a prova do Fator Acidentário de Prevenção – FAP por meio de impressão de consulta ao site do Ministério da Previdência Social (que pode ser obtido no endereço eletrônico http://www2.dataprev.gov.br/fap/fap.htm), independentemente de alteração da alíquota da parcela do Seguro Acidente de Trabalho disposta no Quadro II da referida planilha.
A69: III | B69: Encargos Sociais - Grupo III: Tempo Não Trabalhado | H69: % | I69: Valor Mensal/unidade de serviço (R$)
A70: 1 | B70: FÉRIAS GOZADAS + ADICIONAL DE FÉRIAS | H70: 0.119314 | I70: =$I$46*H70 -> 229.84562
A71: 2 | B71: FALTAS ABONADAS (3) | H71: 0.020479 | I71: =$I$46*H71 -> 39.450597
A72: 3 | B72: FALTAS LEGAIS (4) | H72: 0.012123 | I72: =$I$46*H72 -> 23.353659
A73: 4 | B73: LICENÇA MATERNIDADE | H73: 0.011436 | I73: =$I$46*H73 -> 22.030227
A74: 5 | B74: LICENÇA PATERNIDADE | H74: 0.000174 | I74: =$I$46*H74 -> 0.33519233
A75: 6 | B75: ACIDENTE DE TRABALHO | H75: 0.000442 | I75: =$I$46*H75 -> 0.85146559
A76: 7 | B76: AVISO PRÉVIO TRABALHADO | H76: 0.000185 | I76: =$I$46*H76 -> 0.35638265
A77: 8 | B77: 13º SALÁRIO | H77: 0.09079 | I77: =$I$46*H77 -> 174.8972
A78: Total do Grupo III | H78: =SUM(H70:H77) -> 0.254943 | I78: =SUM(I70:I77) -> 491.12034
A79: (3) | B79: Faltas Justificadas por Auxílio Doença
A80: (4) | B80: Faltas Legais - Art. 473 CLT
A81: IV | B81: Encargos Sociais - Grupo IV: Indenizações | H81: % | I81: Valor Mensal/unidade de serviço (R$)
A82: 1 | B82: INDENIZAÇÕES | H82: 0.048321 | I82: =$I$46*H82 -> 93.085223
A83: 2 | B83: FGTS SOBRE INDENIZAÇÕES | H83: 0.003511 | I83: =$I$46*H83 -> 6.7635649
A84: 3 | B84: INDENIZAÇÃO COMPENSATÓRIA POR DEMISSÃO SEM JUSTA CAUSA | H84: 0.019328 | I84: =$I$46*H84 -> 37.233319
A85: Total do Grupo IV | H85: =SUM(H82:H84) -> 0.07116 | I85: =SUM(I82:I84) -> 137.08211
A87: V | B87: Encargos Sociais - Grupo V: Incidências | H87: % | I87: Valor Mensal/unidade de serviço (R$)
A88: 1 | B88: INCIDÊNCIA GRUPO II (Obrigações Sociais) X GRUPO III (Tempo Não Trabalhado) | H88: =(H66*H78) -> 0.093819024 | I88: =$I$46*H88 -> 180.73229
A89: Total do Grupo V | H89: =SUM(H88:H88) -> 0.093819024 | I89: =I88 -> 180.73229
A91: TOTAL DOS ENCARGOS SOCIAIS (II + III + IV + V) | H91: =H66+H78+H85+H89 -> 0.78792202 | I91: =I66+I78+I85+I89 -> 1517.8473
A93: VI | B93: Demais custos relativos à Norma Coletiva ou Disposições Legais - Grupo VI | H93: % | I93: Valor Mensal/unidade de serviço (R$)
A94: 1 | B94: Auxílio Alimentação | H94: =I94/$I$46 -> 0.25114972 | I94: =I114 -> 483.813
A95: =A94+1 -> 2 | B95: Auxílio Lanche | H95: =I95/$I$46 -> 0 | I95: =I110 -> 0
A96: =A95+1 -> 3 | B96: Plano de Saúde | H96: =I96/$I$46 -> 0 | I96: 0
A97: =A96+1 -> 4 | B97: Vale-Transporte⁽⁵⁾ | H97: =I97/$I$46 -> 0.11559448 | I97: =I106 -> 222.68036
A98: =A97+1 -> 5 | B98: Adicional Intervalar | H98: =I98/$I$46 -> 0 | I98: =IF(I28="Não aplicável",0,((I10/H10)*1.5*I28)) -> 0
A99: 6 | B99: Prêmio Assiduidade (quando houver) | H99: =I99/$I$46 -> 0.041528396 | I99: =IF(I21="Não aplicável",0,I21) -> 80
A100: 7 | B100: Plano de Benefício Social Familiar (apenas para a CCT SEEAC/SINDASSEIO) | H100: =I100/$I$46 -> 0.013247558 | I100: =IF(I22="Não aplicável",0,I22) -> 25.52
A101: 8 | B101: Outros | H101: =I101/$I$46 -> 0 | I101: =IF(I23="Não aplicável",0,I23) -> 0
A102: Total do Grupo VI | H102: =SUM(H94:H101) -> 0.42152016 | I102: =SUM(I94:I101) -> 812.01336
A103: (5) | B103: O valor do vale-transporte pode variar de acordo com o modal fornecido pelo empregador.
A104: MEMÓRIA DE CÁLCULO DO VALE TRANSPORTE
A105: Valor Unitário | C105: Dias de Trabalho | D105: Vale p/dia | E105: Custo total | F105: Base de cálculo | G105: Percentual de desconto | H105: Valor desconto | I105: Custo efetivo
A106: =IF(I12="Não aplicável",0,I12) -> 7.25 | C106: =IF(I13="Não aplicável",0,I13) -> 22 | D106: 2 | E106: =A106*C106*D106 -> 319 | F106: =I38 -> 1605.3273 | G106: =IF(I14="Não aplicável",0,I14) -> 0.06 | H106: =F106*G106 -> 96.319636 | I106: =IF((E106-H106)>0,E106-H106,0) -> 222.68036
A108: MEMÓRIA DE CÁLCULO DO VALE LANCHE
A109: Valor Unitário | C109: Dias por mês | D109: Vale p/dia | E109: Custo total | F109: Base de cálculo | G109: Percentual de desconto | H109: Valor desconto | I109: Custo efetivo
A110: =IF(I18="Não aplicável",0,I18) -> 0 | C110: =IF(I19="Não aplicável",0,I19) -> 0 | D110: 1 | E110: =A110*C110*D110 -> 0 | F110: =E110 -> 0 | G110: =IF(I20="Não aplicável",0,I20) -> 0 | H110: =F110*G110 -> 0 | I110: =E110-H110 -> 0
A112: MEMÓRIA DE CÁLCULO DO | F112: =A15 -> Auxílio Alimentação
A113: Valor Unitário | C113: Dias por mês | D113: Vale p/dia | E113: Custo total | F113: Base de cálculo | G113: Percentual de desconto | H113: =H105 -> Valor desconto | I113: Custo efetivo
A114: =IF(I15="Não aplicável",0,I15) -> 27.15 | C114: =IF(I16="Não aplicável",0,I16) -> 22 | D114: 1 | E114: =A114*C114*D114 -> 597.3 | F114: =E114 -> 597.3 | G114: =IF(I17="Não aplicável",0,I17) -> 0.19 | H114: =F114*G114 -> 113.487 | I114: =E114-H114 -> 483.813
A116: TOTAL DO MONTANTE A (I + II + III+ IV + V +VI) | H116: =H46+H91+H102 -> 2.2094422 | I116: =I46+I91+I102 -> 4256.2533
A118: MONTANTE B
A119: I | B119: Despesas Diretas | H119: % | I119: Valor Mensal/unidade de serviço (R$)
A120: 1 | B120: Transporte (6) | H120: =I120/$I$132 -> 0 | I120: 0
A121: 2 | B121: Uniformes/EPI (6a) | H121: =I121/$I$132 -> 0 | I121: =IF(F130=10%,G130,0) -> 0
A122: 3 | B122: Seguro de vida | H122: =I122/$I$132 -> 0 | I122: 0
...

Sheet Almoxarife - Santa Maria
A1: PLANILHA DE CUSTOS E FORMAÇÃO DE PREÇOS DE SERVIÇOS CONTINUADOS COM DEDICAÇÃO EXCLUSIVA DE MÃO DE OBRA (ANEXO III - DECRETO 52.768 de 15.12.2015)
A2: PROCESSO: | C2: 25/2000-0110551-4 | E2: REGIME DE TRIBUTAÇÃO: LUCRO PRESUMIDO
A3: LICITAÇÃO/EDITAL | E3: ABERTURA:
A5: Cargo/Função: | D5: Almoxarife | G5: =IF(D6="12x36","Regime de trabalho:","Quantidade de HORAS/MÊS") -> Quantidade de HORAS/MÊS | I5: =IF(D6="12x36",D6,5*D6) -> 200
A6: =IF(D6="12x36","Regime de trabalho:","Regime de trabalho (horas semanais):") -> Regime de trabalho (horas semanais): | D6: 40
A7: Convenção Coletiva de Trabalho: | D7: RS000250/2026 | G7: INSALUBRIDADE (10%, 20%, 40%) | I7: 0.2
A8: Origem do salário: | D8: CCT
A9: Cidade: | D9: Santa Maria | G9: PERICULOSIDADE (30%) | I9: Não aplicável
A10: Salário Normativo | G10: Vlr. do salário e nº de horas correspondentes | H10: 220 | I10: 2120.93
A11: ISS | G11: =D9 -> Santa Maria | H11: Alíquota | I11: 0.04
A12: Tarifa Transporte | G12: CCT | H12: Vr. Unitário | I12: 7.25
H13: Dias | I13: 22
H14: Desconto | I14: 0.06
A15: Auxílio Alimentação | G15: CCT | H15: Vr. Unitário | I15: 27.15
H16: Dias | I16: 22
H17: Desconto | I17: 0.19
A18: Auxílio Lanche | G18: CCT | H18: Vr. Unitário | I18: Não aplicável
H19: Dias | I19: Não aplicável
H20: Desconto | I20: Não aplicável
A21: Prêmio Assiduidade / Cesta Básica (quando houver) | G21: CCT | H21: Valor mensal | I21: 80
A22: Plano de Benefício Social Familiar (apenas para a CCT SEEAC/SINDASSEIO) | G22: CCT | H22: Valor mensal | I22: 25.52
A23: Outros benefícios que refletem na planilha de custos, caso constem na CCT. | G23: CCT | H23: Valor mensal | I23: Não aplicável
A24: Adicional de Supervisor (37%) | H24: Porcentagem | I24: Não aplicável
A25: Base de cálculo da insalubridade | H25: Valor | I25: =I38 -> 1928.1182
A26: Quantitativo de horas trabalhadas em feriados no mês (estimado) - Não aplicável para postos 12x36 | H26: Horas por mês | I26: Não aplicável
H27: Acréscimo da hora extra | I27: Não aplicável
A28: Hora Intervalar (somente para postos 12x36, quando for o caso) | H28: Horas por mês | I28: Não aplicável
A29: Sem fornecimento de materiais ou apenas fornecimento de EPIs ou uniformes, utilizar 10%. Com fornecimento de materiais ou equipamentos, utilizar 20%. (Decreto 52.768/2015, alterado pelo Decreto 53.424/2017) | H29: Porcentagem | I29: 0.2
I30: Não aplicável
A36: MONTANTE A
A37: I | B37: Remuneração - Grupo I | H37: % | I37: Valor Mensal/unidade de serviço (R$)
A38: 1 | B38: Salário | H38: =I38/$I$46 -> 0.83333333 | I38: =IF(D6="12x36",I10,I10/H10*I5) -> 1928.1182
A39: =A38+1 -> 2 | B39: Adicional Periculosidade 30% (Ver súmulas 364, 132 e 191 do TST) | H39: =I39/$I$46 -> 0 | I39: =IF(I9=30%,I38*I9,0) -> 0
A40: =A39+1 -> 3 | B40: Adicional Insalubridade 10% (Ver súmula 228 e 139 TST) (1) | H40: =I40/$I$46 -> 0 | I40: =IF(I7=10%,I25*I7,0) -> 0
A41: =A40+1 -> 4 | B41: Adicional Insalubridade 20% (Ver súmula 228 e 139 TST) (1) | H41: =I41/$I$46 -> 0.16666667 | I41: =IF(I7=20%,I25*I7,0) -> 385.62364
A42: =A41+1 -> 5 | B42: Adicional Insalubridade 40% (Ver súmula 228 e 139 TST) (1) | H42: =I42/$I$46 -> 0 | I42: =IF(I7=40%,I25*I7,0) -> 0
A43: =A42+1 -> 6 | B43: Adicional de Supervisor (IN 05/2017 MPOG SLTI) | H43: =I43/$I$46 -> 0 | I43: =IF(I24="Não aplicável",0,I38*I24) -> 0
A44: =A43+1 -> 7 | B44: Feriados | H44: =I44/$I$46 -> 0 | I44: =IF(I26="Não aplicável",0,(I38+I39+I40+I41+I42+I43)/I5*I26*(1+I27)) -> 0
A45: =A44+1 -> 8 | B45: DSR = número total das horas extras do mês / número de dias úteis X domingos e feriados do mês X valor da hora extra com acréscimo | H45: =I45/$I$46 -> 0 | I45: =IF(I26="Não aplicável",0,I26/I13*5*(I10/H10*(1+I27))) -> 0
A46: Total de Remuneração | H46: =SUM(H38:H45) -> 1 | I46: =SUM(I38:I45) -> 2313.7418
A47: (1) | B47: Para posto de trabalho que tenha a necessidade de pagamento de adicional de insalubridade, a planilha de custos irá prever o salário proporcional como base de cálculo da insalubridade, conforme Pareceres da PGE nº 21.858/26 e 18.200/2020 e Promoção da PGE disposta no processo administrativo nº 20/2000-0034874-2. Porém, será permitida à licitante a alteração da base de cálculo na planilha de custos para que seja previsto o salário normativo do cargo ou o salário mínimo nacional (o que se aplicar mais benéfico). Uma vez caracterizada a condição insalubre, deve a empresa contratada pagar ao empregado o respectivo adicional na sua integralidade, independentemente da jornada de trabalho do empregado.
A57: II | B57: Encargos Sociais - Grupo II: Obrigações Sociais | H57: % | I57: Valor Mensal/unidade de serviço (R$)
A58: 1 | B58: INSS (art. 22, inc. I, Lei nº 8.212/91) | H58: 0.2 | I58: =$I$46*H58 -> 462.74836
A59: 2 | B59: SESI ou SESC (art. 30, Lei nº 8.036/90) | H59: 0.015 | I59: =$I$46*H59 -> 34.706127
A60: 3 | B60: SENAI ou SENAC (Decreto-Lei nº 2.318/86) | H60: 0.01 | I60: =$I$46*H60 -> 23.137418
A61: 4 | B61: INCRA (art. 15I, Lei Complementar nº 011/71) | H61: 0.002 | I61: =$I$46*H61 -> 4.6274836
A62: 5 | B62: SALÁRIO EDUCAÇÃO (art. , inc. I, Decreto nº 87.043/82) | H62: 0.025 | I62: =$I$46*H62 -> 57.843545
A63: 6 | B63: FGTS (art. 15, Lei nº 8.036/90) | H63: 0.08 | I63: =$I$46*H63 -> 185.09935
A64: 7 | B64: SEG. ACIDENTE DO TRABALHO 1%, 2% e 3% (art. 22, inc. II, alíneas "b" e "c", da Lei nº 8.212/91) (2) | H64: 0.03 | I64: =$I$46*H64 -> 69.412255
A65: 8 | B65: SEBRAE (§ 3º, art. 8º, Lei nº 8.029/90) | H65: 0.006 | I65: =$I$46*H65 -> 13.882451
A66: Total do Grupo II | H66: =SUM(H58:H65) -> 0.368 | I66: =SUM(I58:I65) -> 851.45699
A67: (2) | B67: Os percentuais para o SAT podem variar de 0,50% a 6,00% em função do Fator de Acidente Previdenciário (FAP), Decreto nº 6.957/2009
B68: Deverá obrigatoriamente acompanhar a proposta de preços e a planilha de custos e formação de preços a prova do Fator Acidentário de Prevenção – FAP por meio de impressão de consulta ao site do Ministério da Previdência Social (que pode ser obtido no endereço eletrônico http://www2.dataprev.gov.br/fap/fap.htm), independentemente de alteração da alíquota da parcela do Seguro Acidente de Trabalho disposta no Quadro II da referida planilha.
A69: III | B69: Encargos Sociais - Grupo III: Tempo Não Trabalhado | H69: % | I69: Valor Mensal/unidade de serviço (R$)
A70: 1 | B70: FÉRIAS GOZADAS + ADICIONAL DE FÉRIAS | H70: 0.119314 | I70: =$I$46*H70 -> 276.06179
A71: 2 | B71: FALTAS ABONADAS (3) | H71: 0.020479 | I71: =$I$46*H71 -> 47.383119
A72: 3 | B72: FALTAS LEGAIS (4) | H72: 0.012123 | I72: =$I$46*H72 -> 28.049492
A73: 4 | B73: LICENÇA MATERNIDADE | H73: 0.011436 | I73: =$I$46*H73 -> 26.459951
A74: 5 | B74: LICENÇA PATERNIDADE | H74: 0.000174 | I74: =$I$46*H74 -> 0.40259108
A75: 6 | B75: ACIDENTE DE TRABALHO | H75: 0.000442 | I75: =$I$46*H75 -> 1.0226739
A76: 7 | B76: AVISO PRÉVIO TRABALHADO | H76: 0.000185 | I76: =$I$46*H76 -> 0.42804224
A77: 8 | B77: 13º SALÁRIO | H77: 0.09079 | I77: =$I$46*H77 -> 210.06462
A78: Total do Grupo III | H78: =SUM(H70:H77) -> 0.254943 | I78: =SUM(I70:I77) -> 589.87228
A79: (3) | B79: Faltas Justificadas por Auxílio Doença
A80: (4) | B80: Faltas Legais - Art. 473 CLT
A81: IV | B81: Encargos Sociais - Grupo IV: Indenizações | H81: % | I81: Valor Mensal/unidade de serviço (R$)
A82: 1 | B82: INDENIZAÇÕES | H82: 0.048321 | I82: =$I$46*H82 -> 111.80232
A83: 2 | B83: FGTS SOBRE INDENIZAÇÕES | H83: 0.003511 | I83: =$I$46*H83 -> 8.1235475
A84: 3 | B84: INDENIZAÇÃO COMPENSATÓRIA POR DEMISSÃO SEM JUSTA CAUSA | H84: 0.019328 | I84: =$I$46*H84 -> 44.720002
A85: Total do Grupo IV | H85: =SUM(H82:H84) -> 0.07116 | I85: =SUM(I82:I84) -> 164.64587
A87: V | B87: Encargos Sociais - Grupo V: Incidências | H87: % | I87: Valor Mensal/unidade de serviço (R$)
A88: 1 | B88: INCIDÊNCIA GRUPO II (Obrigações Sociais) X GRUPO III (Tempo Não Trabalhado) | H88: =(H66*H78) -> 0.093819024 | I88: =$I$46*H88 -> 217.073
A89: Total do Grupo V | H89: =SUM(H88:H88) -> 0.093819024 | I89: =I88 -> 217.073
A91: TOTAL DOS ENCARGOS SOCIAIS (II + III + IV + V) | H91: =H66+H78+H85+H89 -> 0.78792202 | I91: =I66+I78+I85+I89 -> 1823.0481
A93: VI | B93: Demais custos relativos à Norma Coletiva ou Disposições Legais - Grupo VI | H93: % | I93: Valor Mensal/unidade de serviço (R$)
A94: 1 | B94: Auxílio Alimentação | H94: =I94/$I$46 -> 0.20910414 | I94: =I114 -> 483.813
A95: =A94+1 -> 2 | B95: Auxílio Lanche | H95: =I95/$I$46 -> 0 | I95: =I110 -> 0
A96: =A95+1 -> 3 | B96: Plano de Saúde | H96: =I96/$I$46 -> 0 | I96: 0
A97: =A96+1 -> 4 | B97: Vale-Transporte⁽⁵⁾ | H97: =I97/$I$46 -> 0.087871908 | I97: =I106 -> 203.31291
A98: =A97+1 -> 5 | B98: Adicional Intervalar | H98: =I98/$I$46 -> 0 | I98: =IF(I28="Não aplicável",0,((I10/H10)*1.5*I28)) -> 0
A99: 6 | B99: Prêmio Assiduidade (quando houver) | H99: =I99/$I$46 -> 0.034576027 | I99: =IF(I21="Não aplicável",0,I21) -> 80
A100: 7 | B100: Plano de Benefício Social Familiar (apenas para a CCT SEEAC/SINDASSEIO) | H100: =I100/$I$46 -> 0.011029753 | I100: =IF(I22="Não aplicável",0,I22) -> 25.52
A101: 8 | B101: Outros | H101: =I101/$I$46 -> 0 | I101: =IF(I23="Não aplicável",0,I23) -> 0
A102: Total do Grupo VI | H102: =SUM(H94:H101) -> 0.34258183 | I102: =SUM(I94:I101) -> 792.64591
A103: (5) | B103: O valor do vale-transporte pode variar de acordo com o modal fornecido pelo empregador.
A104: MEMÓRIA DE CÁLCULO DO VALE TRANSPORTE
A105: Valor Unitário | C105: Dias de Trabalho | D105: Vale p/dia | E105: Custo total | F105: Base de cálculo | G105: Percentual de desconto | H105: Valor desconto | I105: Custo efetivo
A106: =IF(I12="Não aplicável",0,I12) -> 7.25 | C106: =IF(I13="Não aplicável",0,I13) -> 22 | D106: 2 | E106: =A106*C106*D106 -> 319 | F106: =I38 -> 1928.1182 | G106: =IF(I14="Não aplicável",0,I14) -> 0.06 | H106: =F106*G106 -> 115.68709 | I106: =IF((E106-H106)>0,E106-H106,0) -> 203.31291
A108: MEMÓRIA DE CÁLCULO DO VALE LANCHE
A109: Valor Unitário | C109: Dias por mês | D109: Vale p/dia | E109: Custo total | F109: Base de cálculo | G109: Percentual de desconto | H109: Valor desconto | I109: Custo efetivo
A110: =IF(I18="Não aplicável",0,I18) -> 0 | C110: =IF(I19="Não aplicável",0,I19) -> 0 | D110: 1 | E110: =A110*C110*D110 -> 0 | F110: =E110 -> 0 | G110: =IF(I20="Não aplicável",0,I20) -> 0 | H110: =F110*G110 -> 0 | I110: =E110-H110 -> 0
A112: MEMÓRIA DE CÁLCULO DO | F112: =A15 -> Auxílio Alimentação
A113: Valor Unitário | C113: Dias por mês | D113: Vale p/dia | E113: Custo total | F113: Base de cálculo | G113: Percentual de desconto | H113: =H105 -> Valor desconto | I113: Custo efetivo
A114: =IF(I15="Não aplicável",0,I15) -> 27.15 | C114: =IF(I16="Não aplicável",0,I16) -> 22 | D114: 1 | E114: =A114*C114*D114 -> 597.3 | F114: =E114 -> 597.3 | G114: =IF(I17="Não aplicável",0,I17) -> 0.19 | H114: =F114*G114 -> 113.487 | I114: =E114-H114 -> 483.813
A116: TOTAL DO MONTANTE A (I + II + III+ IV + V +VI) | H116: =H46+H91+H102 -> 2.1305039 | I116: =I46+I91+I102 -> 4929.4359
A118: MONTANTE B
A119: I | B119: Despesas Diretas | H119: % | I119: Valor Mensal/unidade de serviço (R$)
A120: 1 | B120: Transporte (6) | H120: =I120/$I$132 -> 0 | I120: 0
A121: 2 | B121: Uniformes/EPI (6a) | H121: =I121/$I$132 -> 0 | I121: =IF(F130=10%,G130,0) -> 0
A122: 3 | B122: Seguro de vida | H122: =I122/$I$132 -> 0 | I122: 0
...

Sheet Aux. Manutenção - Santa Maria
A1: PLANILHA DE CUSTOS E FORMAÇÃO DE PREÇOS DE SERVIÇOS CONTINUADOS COM DEDICAÇÃO EXCLUSIVA DE MÃO DE OBRA (ANEXO III - DECRETO 52.768 de 15.12.2015)
A2: PROCESSO: | C2: 25/2000-0110551-4 | E2: REGIME DE TRIBUTAÇÃO: LUCRO PRESUMIDO
A3: LICITAÇÃO/EDITAL | E3: ABERTURA:
A5: Cargo/Função: | D5: Auxiliar de Manutenção | G5: =IF(D6="12x36","Regime de trabalho:","Quantidade de HORAS/MÊS") -> Quantidade de HORAS/MÊS | I5: =IF(D6="12x36",D6,5*D6) -> 200
A6: =IF(D6="12x36","Regime de trabalho:","Regime de trabalho (horas semanais):") -> Regime de trabalho (horas semanais): | D6: 40
A7: Convenção Coletiva de Trabalho: | D7: RS000250/2026 | G7: INSALUBRIDADE (10%, 20%, 40%) | I7: Não aplicável
A8: Origem do salário: | D8: CCT
A9: Cidade: | D9: Santa Maria | G9: PERICULOSIDADE (30%) | I9: Não aplicável
A10: Salário Normativo | G10: Vlr. do salário e nº de horas correspondentes | H10: 220 | I10: 1765.86
A11: ISS | G11: =D9 -> Santa Maria | H11: Alíquota | I11: 0.04
A12: Tarifa Transporte | G12: CCT | H12: Vr. Unitário | I12: 7.25
H13: Dias | I13: 22
H14: Desconto | I14: 0.06
A15: Auxílio Alimentação | G15: CCT | H15: Vr. Unitário | I15: 27.15
H16: Dias | I16: 22
H17: Desconto | I17: 0.19
A18: Auxílio Lanche | G18: CCT | H18: Vr. Unitário | I18: Não aplicável
H19: Dias | I19: Não aplicável
H20: Desconto | I20: Não aplicável
A21: Prêmio Assiduidade / Cesta Básica (quando houver) | G21: CCT | H21: Valor mensal | I21: 80
A22: Plano de Benefício Social Familiar (apenas para a CCT SEEAC/SINDASSEIO) | G22: CCT | H22: Valor mensal | I22: 25.52
A23: Outros benefícios que refletem na planilha de custos, caso constem na CCT. | G23: CCT | H23: Valor mensal | I23: Não aplicável
A24: Adicional de Supervisor (37%) | H24: Porcentagem | I24: Não aplicável
A25: Base de cálculo da insalubridade | H25: Valor | I25: =I38 -> 1605.3273
A26: Quantitativo de horas trabalhadas em feriados no mês (estimado) - Não aplicável para postos 12x36 | H26: Horas por mês | I26: Não aplicável
H27: Acréscimo da hora extra | I27: Não aplicável
A28: Hora Intervalar (somente para postos 12x36, quando for o caso) | H28: Horas por mês | I28: Não aplicável
A29: Sem fornecimento de materiais ou apenas fornecimento de EPIs ou uniformes, utilizar 10%. Com fornecimento de materiais ou equipamentos, utilizar 20%. (Decreto 52.768/2015, alterado pelo Decreto 53.424/2017) | H29: Porcentagem | I29: 0.2
I30: Não aplicável
A36: MONTANTE A
A37: I | B37: Remuneração - Grupo I | H37: % | I37: Valor Mensal/unidade de serviço (R$)
A38: 1 | B38: Salário | H38: =I38/$I$46 -> 1 | I38: =IF(D6="12x36",I10,I10/H10*I5) -> 1605.3273
A39: =A38+1 -> 2 | B39: Adicional Periculosidade 30% (Ver súmulas 364, 132 e 191 do TST) | H39: =I39/$I$46 -> 0 | I39: =IF(I9=30%,I38*I9,0) -> 0
A40: =A39+1 -> 3 | B40: Adicional Insalubridade 10% (Ver súmula 228 e 139 TST) (1) | H40: =I40/$I$46 -> 0 | I40: =IF(I7=10%,I25*I7,0) -> 0
A41: =A40+1 -> 4 | B41: Adicional Insalubridade 20% (Ver súmula 228 e 139 TST) (1) | H41: =I41/$I$46 -> 0 | I41: =IF(I7=20%,I25*I7,0) -> 0
A42: =A41+1 -> 5 | B42: Adicional Insalubridade 40% (Ver súmula 228 e 139 TST) (1) | H42: =I42/$I$46 -> 0 | I42: =IF(I7=40%,I25*I7,0) -> 0
A43: =A42+1 -> 6 | B43: Adicional de Supervisor (IN 05/2017 MPOG SLTI) | H43: =I43/$I$46 -> 0 | I43: =IF(I24="Não aplicável",0,I38*I24) -> 0
A44: =A43+1 -> 7 | B44: Feriados | H44: =I44/$I$46 -> 0 | I44: =IF(I26="Não aplicável",0,(I38+I39+I40+I41+I42+I43)/I5*I26*(1+I27)) -> 0
A45: =A44+1 -> 8 | B45: DSR = número total das horas extras do mês / número de dias úteis X domingos e feriados do mês X valor da hora extra com acréscimo | H45: =I45/$I$46 -> 0 | I45: =IF(I26="Não aplicável",0,I26/I13*5*(I10/H10*(1+I27))) -> 0
A46: Total de Remuneração | H46: =SUM(H38:H45) -> 1 | I46: =SUM(I38:I45) -> 1605.3273
A47: (1) | B47: Para posto de trabalho que tenha a necessidade de pagamento de adicional de insalubridade, a planilha de custos irá prever o salário proporcional como base de cálculo da insalubridade, conforme Pareceres da PGE nº 21.858/26 e 18.200/2020 e Promoção da PGE disposta no processo administrativo nº 20/2000-0034874-2. Porém, será permitida à licitante a alteração da base de cálculo na planilha de custos para que seja previsto o salário normativo do cargo ou o salário mínimo nacional (o que se aplicar mais benéfico). Uma vez caracterizada a condição insalubre, deve a empresa contratada pagar ao empregado o respectivo adicional na sua integralidade, independentemente da jornada de trabalho do empregado.
A57: II | B57: Encargos Sociais - Grupo II: Obrigações Sociais | H57: % | I57: Valor Mensal/unidade de serviço (R$)
A58: 1 | B58: INSS (art. 22, inc. I, Lei nº 8.212/91) | H58: 0.2 | I58: =$I$46*H58 -> 321.06545
A59: 2 | B59: SESI ou SESC (art. 30, Lei nº 8.036/90) | H59: 0.015 | I59: =$I$46*H59 -> 24.079909
A60: 3 | B60: SENAI ou SENAC (Decreto-Lei nº 2.318/86) | H60: 0.01 | I60: =$I$46*H60 -> 16.053273
A61: 4 | B61: INCRA (art. 15I, Lei Complementar nº 011/71) | H61: 0.002 | I61: =$I$46*H61 -> 3.2106545
A62: 5 | B62: SALÁRIO EDUCAÇÃO (art. , inc. I, Decreto nº 87.043/82) | H62: 0.025 | I62: =$I$46*H62 -> 40.133182
A63: 6 | B63: FGTS (art. 15, Lei nº 8.036/90) | H63: 0.08 | I63: =$I$46*H63 -> 128.42618
A64: 7 | B64: SEG. ACIDENTE DO TRABALHO 1%, 2% e 3% (art. 22, inc. II, alíneas "b" e "c", da Lei nº 8.212/91) (2) | H64: 0.03 | I64: =$I$46*H64 -> 48.159818
A65: 8 | B65: SEBRAE (§ 3º, art. 8º, Lei nº 8.029/90) | H65: 0.006 | I65: =$I$46*H65 -> 9.6319636
A66: Total do Grupo II | H66: =SUM(H58:H65) -> 0.368 | I66: =SUM(I58:I65) -> 590.76044
A67: (2) | B67: Os percentuais para o SAT podem variar de 0,50% a 6,00% em função do Fator de Acidente Previdenciário (FAP), Decreto nº 6.957/2009
B68: Deverá obrigatoriamente acompanhar a proposta de preços e a planilha de custos e formação de preços a prova do Fator Acidentário de Prevenção – FAP por meio de impressão de consulta ao site do Ministério da Previdência Social (que pode ser obtido no endereço eletrônico http://www2.dataprev.gov.br/fap/fap.htm), independentemente de alteração da alíquota da parcela do Seguro Acidente de Trabalho disposta no Quadro II da referida planilha.
A69: III | B69: Encargos Sociais - Grupo III: Tempo Não Trabalhado | H69: % | I69: Valor Mensal/unidade de serviço (R$)
A70: 1 | B70: FÉRIAS GOZADAS + ADICIONAL DE FÉRIAS | H70: 0.119314 | I70: =$I$46*H70 -> 191.53802
A71: 2 | B71: FALTAS ABONADAS (3) | H71: 0.020479 | I71: =$I$46*H71 -> 32.875497
A72: 3 | B72: FALTAS LEGAIS (4) | H72: 0.012123 | I72: =$I$46*H72 -> 19.461383
A73: 4 | B73: LICENÇA MATERNIDADE | H73: 0.011436 | I73: =$I$46*H73 -> 18.358523
A74: 5 | B74: LICENÇA PATERNIDADE | H74: 0.000174 | I74: =$I$46*H74 -> 0.27932695
A75: 6 | B75: ACIDENTE DE TRABALHO | H75: 0.000442 | I75: =$I$46*H75 -> 0.70955465
A76: 7 | B76: AVISO PRÉVIO TRABALHADO | H76: 0.000185 | I76: =$I$46*H76 -> 0.29698555
A77: 8 | B77: 13º SALÁRIO | H77: 0.09079 | I77: =$I$46*H77 -> 145.74766
A78: Total do Grupo III | H78: =SUM(H70:H77) -> 0.254943 | I78: =SUM(I70:I77) -> 409.26695
A79: (3) | B79: Faltas Justificadas por Auxílio Doença
A80: (4) | B80: Faltas Legais - Art. 473 CLT
A81: IV | B81: Encargos Sociais - Grupo IV: Indenizações | H81: % | I81: Valor Mensal/unidade de serviço (R$)
A82: 1 | B82: INDENIZAÇÕES | H82: 0.048321 | I82: =$I$46*H82 -> 77.571019
A83: 2 | B83: FGTS SOBRE INDENIZAÇÕES | H83: 0.003511 | I83: =$I$46*H83 -> 5.6363041
A84: 3 | B84: INDENIZAÇÃO COMPENSATÓRIA POR DEMISSÃO SEM JUSTA CAUSA | H84: 0.019328 | I84: =$I$46*H84 -> 31.027766
A85: Total do Grupo IV | H85: =SUM(H82:H84) -> 0.07116 | I85: =SUM(I82:I84) -> 114.23509
A87: V | B87: Encargos Sociais - Grupo V: Incidências | H87: % | I87: Valor Mensal/unidade de serviço (R$)
A88: 1 | B88: INCIDÊNCIA GRUPO II (Obrigações Sociais) X GRUPO III (Tempo Não Trabalhado) | H88: =(H66*H78) -> 0.093819024 | I88: =$I$46*H88 -> 150.61024
A89: Total do Grupo V | H89: =SUM(H88:H88) -> 0.093819024 | I89: =I88 -> 150.61024
A91: TOTAL DOS ENCARGOS SOCIAIS (II + III + IV + V) | H91: =H66+H78+H85+H89 -> 0.78792202 | I91: =I66+I78+I85+I89 -> 1264.8727
A93: VI | B93: Demais custos relativos à Norma Coletiva ou Disposições Legais - Grupo VI | H93: % | I93: Valor Mensal/unidade de serviço (R$)
A94: 1 | B94: Auxílio Alimentação | H94: =I94/$I$46 -> 0.30137967 | I94: =I114 -> 483.813
A95: =A94+1 -> 2 | B95: Auxílio Lanche | H95: =I95/$I$46 -> 0 | I95: =I110 -> 0
A96: =A95+1 -> 3 | B96: Plano de Saúde | H96: =I96/$I$46 -> 0 | I96: 0
A97: =A96+1 -> 4 | B97: Vale-Transporte⁽⁵⁾ | H97: =I97/$I$46 -> 0.13871337 | I97: =I106 -> 222.68036
A98: =A97+1 -> 5 | B98: Adicional Intervalar | H98: =I98/$I$46 -> 0 | I98: =IF(I28="Não aplicável",0,((I10/H10)*1.5*I28)) -> 0
A99: 6 | B99: Prêmio Assiduidade (quando houver) | H99: =I99/$I$46 -> 0.049834075 | I99: =IF(I21="Não aplicável",0,I21) -> 80
A100: 7 | B100: Plano de Benefício Social Familiar (apenas para a CCT SEEAC/SINDASSEIO) | H100: =I100/$I$46 -> 0.01589707 | I100: =IF(I22="Não aplicável",0,I22) -> 25.52
A101: 8 | B101: Outros | H101: =I101/$I$46 -> 0 | I101: =IF(I23="Não aplicável",0,I23) -> 0
A102: Total do Grupo VI | H102: =SUM(H94:H101) -> 0.50582419 | I102: =SUM(I94:I101) -> 812.01336
A103: (5) | B103: O valor do vale-transporte pode variar de acordo com o modal fornecido pelo empregador.
A104: MEMÓRIA DE CÁLCULO DO VALE TRANSPORTE
A105: Valor Unitário | C105: Dias de Trabalho | D105: Vale p/dia | E105: Custo total | F105: Base de cálculo | G105: Percentual de desconto | H105: Valor desconto | I105: Custo efetivo
A106: =IF(I12="Não aplicável",0,I12) -> 7.25 | C106: =IF(I13="Não aplicável",0,I13) -> 22 | D106: 2 | E106: =A106*C106*D106 -> 319 | F106: =I38 -> 1605.3273 | G106: =IF(I14="Não aplicável",0,I14) -> 0.06 | H106: =F106*G106 -> 96.319636 | I106: =IF((E106-H106)>0,E106-H106,0) -> 222.68036
A108: MEMÓRIA DE CÁLCULO DO VALE LANCHE
A109: Valor Unitário | C109: Dias por mês | D109: Vale p/dia | E109: Custo total | F109: Base de cálculo | G109: Percentual de desconto | H109: Valor desconto | I109: Custo efetivo
A110: =IF(I18="Não aplicável",0,I18) -> 0 | C110: =IF(I19="Não aplicável",0,I19) -> 0 | D110: 1 | E110: =A110*C110*D110 -> 0 | F110: =E110 -> 0 | G110: =IF(I20="Não aplicável",0,I20) -> 0 | H110: =F110*G110 -> 0 | I110: =E110-H110 -> 0
A112: MEMÓRIA DE CÁLCULO DO | F112: =A15 -> Auxílio Alimentação
A113: Valor Unitário | C113: Dias por mês | D113: Vale p/dia | E113: Custo total | F113: Base de cálculo | G113: Percentual de desconto | H113: =H105 -> Valor desconto | I113: Custo efetivo
A114: =IF(I15="Não aplicável",0,I15) -> 27.15 | C114: =IF(I16="Não aplicável",0,I16) -> 22 | D114: 1 | E114: =A114*C114*D114 -> 597.3 | F114: =E114 -> 597.3 | G114: =IF(I17="Não aplicável",0,I17) -> 0.19 | H114: =F114*G114 -> 113.487 | I114: =E114-H114 -> 483.813
A116: TOTAL DO MONTANTE A (I + II + III+ IV + V +VI) | H116: =H46+H91+H102 -> 2.2937462 | I116: =I46+I91+I102 -> 3682.2134
A118: MONTANTE B
A119: I | B119: Despesas Diretas | H119: % | I119: Valor Mensal/unidade de serviço (R$)
A120: 1 | B120: Transporte (6) | H120: =I120/$I$132 -> 0 | I120: 0
A121: 2 | B121: Uniformes/EPI (6a) | H121: =I121/$I$132 -> 0 | I121: =IF(F130=10%,G130,0) -> 0
A122: 3 | B122: Seguro de vida | H122: =I122/$I$132 -> 0 | I122: 0
...

Sheet Recepção - Santa Maria
A1: PLANILHA DE CUSTOS E FORMAÇÃO DE PREÇOS DE SERVIÇOS CONTINUADOS COM DEDICAÇÃO EXCLUSIVA DE MÃO DE OBRA (ANEXO III - DECRETO 52.768 de 15.12.2015)
A2: PROCESSO: | C2: 25/2000-0110551-4 | E2: REGIME DE TRIBUTAÇÃO: LUCRO PRESUMIDO
A3: LICITAÇÃO/EDITAL | E3: ABERTURA:
A5: Cargo/Função: | D5: Recepção | G5: =IF(D6="12x36","Regime de trabalho:","Quantidade de HORAS/MÊS") -> Quantidade de HORAS/MÊS | I5: =IF(D6="12x36",D6,5*D6) -> 200
A6: =IF(D6="12x36","Regime de trabalho:","Regime de trabalho (horas semanais):") -> Regime de trabalho (horas semanais): | D6: 40
A7: Convenção Coletiva de Trabalho: | D7: RS000250/2026 | G7: INSALUBRIDADE (10%, 20%, 40%) | I7: Não aplicável
A8: Origem do salário: | D8: CCT
A9: Cidade: | D9: Santa Maria | G9: PERICULOSIDADE (30%) | I9: Não aplicável
A10: Salário Normativo | G10: Vlr. do salário e nº de horas correspondentes | H10: 220 | I10: 1996.44
A11: ISS | G11: =D9 -> Santa Maria | H11: Alíquota | I11: 0.04
A12: Tarifa Transporte | G12: CCT | H12: Vr. Unitário | I12: 7.25
H13: Dias | I13: 22
H14: Desconto | I14: 0.06
A15: Auxílio Alimentação | G15: CCT | H15: Vr. Unitário | I15: 27.15
H16: Dias | I16: 22
H17: Desconto | I17: 0.19
A18: Auxílio Lanche | G18: CCT | H18: Vr. Unitário | I18: Não aplicável
H19: Dias | I19: Não aplicável
H20: Desconto | I20: Não aplicável
A21: Prêmio Assiduidade / Cesta Básica (quando houver) | G21: CCT | H21: Valor mensal | I21: 80
A22: Plano de Benefício Social Familiar (apenas para a CCT SEEAC/SINDASSEIO) | G22: CCT | H22: Valor mensal | I22: 25.52
A23: Outros benefícios que refletem na planilha de custos, caso constem na CCT. | G23: CCT | H23: Valor mensal | I23: Não aplicável
A24: Adicional de Supervisor (37%) | H24: Porcentagem | I24: Não aplicável
A25: Base de cálculo da insalubridade | H25: Valor | I25: =I38 -> 1814.9455
A26: Quantitativo de horas trabalhadas em feriados no mês (estimado) - Não aplicável para postos 12x36 | H26: Horas por mês | I26: Não aplicável
H27: Acréscimo da hora extra | I27: Não aplicável
A28: Hora Intervalar (somente para postos 12x36, quando for o caso) | H28: Horas por mês | I28: Não aplicável
A29: Sem fornecimento de materiais ou apenas fornecimento de EPIs ou uniformes, utilizar 10%. Com fornecimento de materiais ou equipamentos, utilizar 20%. (Decreto 52.768/2015, alterado pelo Decreto 53.424/2017) | H29: Porcentagem | I29: 0.1
I30: Não aplicável
A36: MONTANTE A
A37: I | B37: Remuneração - Grupo I | H37: % | I37: Valor Mensal/unidade de serviço (R$)
A38: 1 | B38: Salário | H38: =I38/$I$46 -> 1 | I38: =IF(D6="12x36",I10,I10/H10*I5) -> 1814.9455
A39: =A38+1 -> 2 | B39: Adicional Periculosidade 30% (Ver súmulas 364, 132 e 191 do TST) | H39: =I39/$I$46 -> 0 | I39: =IF(I9=30%,I38*I9,0) -> 0
A40: =A39+1 -> 3 | B40: Adicional Insalubridade 10% (Ver súmula 228 e 139 TST) (1) | H40: =I40/$I$46 -> 0 | I40: =IF(I7=10%,I25*I7,0) -> 0
A41: =A40+1 -> 4 | B41: Adicional Insalubridade 20% (Ver súmula 228 e 139 TST) (1) | H41: =I41/$I$46 -> 0 | I41: =IF(I7=20%,I25*I7,0) -> 0
A42: =A41+1 -> 5 | B42: Adicional Insalubridade 40% (Ver súmula 228 e 139 TST) (1) | H42: =I42/$I$46 -> 0 | I42: =IF(I7=40%,I25*I7,0) -> 0
A43: =A42+1 -> 6 | B43: Adicional de Supervisor (IN 05/2017 MPOG SLTI) | H43: =I43/$I$46 -> 0 | I43: =IF(I24="Não aplicável",0,I38*I24) -> 0
A44: =A43+1 -> 7 | B44: Feriados | H44: =I44/$I$46 -> 0 | I44: =IF(I26="Não aplicável",0,(I38+I39+I40+I41+I42+I43)/I5*I26*(1+I27)) -> 0
A45: =A44+1 -> 8 | B45: DSR = número total das horas extras do mês / número de dias úteis X domingos e feriados do mês X valor da hora extra com acréscimo | H45: =I45/$I$46 -> 0 | I45: =IF(I26="Não aplicável",0,I26/I13*5*(I10/H10*(1+I27))) -> 0
A46: Total de Remuneração | H46: =SUM(H38:H45) -> 1 | I46: =SUM(I38:I45) -> 1814.9455
A47: (1) | B47: Para posto de trabalho que tenha a necessidade de pagamento de adicional de insalubridade, a planilha de custos irá prever o salário proporcional como base de cálculo da insalubridade, conforme Pareceres da PGE nº 21.858/26 e 18.200/2020 e Promoção da PGE disposta no processo administrativo nº 20/2000-0034874-2. Porém, será permitida à licitante a alteração da base de cálculo na planilha de custos para que seja previsto o salário normativo do cargo ou o salário mínimo nacional (o que se aplicar mais benéfico). Uma vez caracterizada a condição insalubre, deve a empresa contratada pagar ao empregado o respectivo adicional na sua integralidade, independentemente da jornada de trabalho do empregado.
A57: II | B57: Encargos Sociais - Grupo II: Obrigações Sociais | H57: % | I57: Valor Mensal/unidade de serviço (R$)
A58: 1 | B58: INSS (art. 22, inc. I, Lei nº 8.212/91) | H58: 0.2 | I58: =$I$46*H58 -> 362.98909
A59: 2 | B59: SESI ou SESC (art. 30, Lei nº 8.036/90) | H59: 0.015 | I59: =$I$46*H59 -> 27.224182
A60: 3 | B60: SENAI ou SENAC (Decreto-Lei nº 2.318/86) | H60: 0.01 | I60: =$I$46*H60 -> 18.149455
A61: 4 | B61: INCRA (art. 15I, Lei Complementar nº 011/71) | H61: 0.002 | I61: =$I$46*H61 -> 3.6298909
A62: 5 | B62: SALÁRIO EDUCAÇÃO (art. , inc. I, Decreto nº 87.043/82) | H62: 0.025 | I62: =$I$46*H62 -> 45.373636
A63: 6 | B63: FGTS (art. 15, Lei nº 8.036/90) | H63: 0.08 | I63: =$I$46*H63 -> 145.19564
A64: 7 | B64: SEG. ACIDENTE DO TRABALHO 1%, 2% e 3% (art. 22, inc. II, alíneas "b" e "c", da Lei nº 8.212/91) (2) | H64: 0.03 | I64: =$I$46*H64 -> 54.448364
A65: 8 | B65: SEBRAE (§ 3º, art. 8º, Lei nº 8.029/90) | H65: 0.006 | I65: =$I$46*H65 -> 10.889673
A66: Total do Grupo II | H66: =SUM(H58:H65) -> 0.368 | I66: =SUM(I58:I65) -> 667.89993
A67: (2) | B67: Os percentuais para o SAT podem variar de 0,50% a 6,00% em função do Fator de Acidente Previdenciário (FAP), Decreto nº 6.957/2009
B68: Deverá obrigatoriamente acompanhar a proposta de preços e a planilha de custos e formação de preços a prova do Fator Acidentário de Prevenção – FAP por meio de impressão de consulta ao site do Ministério da Previdência Social (que pode ser obtido no endereço eletrônico http://www2.dataprev.gov.br/fap/fap.htm), independentemente de alteração da alíquota da parcela do Seguro Acidente de Trabalho disposta no Quadro II da referida planilha.
A69: III | B69: Encargos Sociais - Grupo III: Tempo Não Trabalhado | H69: % | I69: Valor Mensal/unidade de serviço (R$)
A70: 1 | B70: FÉRIAS GOZADAS + ADICIONAL DE FÉRIAS | H70: 0.119314 | I70: =$I$46*H70 -> 216.5484
A71: 2 | B71: FALTAS ABONADAS (3) | H71: 0.020479 | I71: =$I$46*H71 -> 37.168268
A72: 3 | B72: FALTAS LEGAIS (4) | H72: 0.012123 | I72: =$I$46*H72 -> 22.002584
A73: 4 | B73: LICENÇA MATERNIDADE | H73: 0.011436 | I73: =$I$46*H73 -> 20.755716
A74: 5 | B74: LICENÇA PATERNIDADE | H74: 0.000174 | I74: =$I$46*H74 -> 0.31580051
A75: 6 | B75: ACIDENTE DE TRABALHO | H75: 0.000442 | I75: =$I$46*H75 -> 0.80220589
A76: 7 | B76: AVISO PRÉVIO TRABALHADO | H76: 0.000185 | I76: =$I$46*H76 -> 0.33576491
A77: 8 | B77: 13º SALÁRIO | H77: 0.09079 | I77: =$I$46*H77 -> 164.7789
A78: Total do Grupo III | H78: =SUM(H70:H77) -> 0.254943 | I78: =SUM(I70:I77) -> 462.70764
A79: (3) | B79: Faltas Justificadas por Auxílio Doença
A80: (4) | B80: Faltas Legais - Art. 473 CLT
A81: IV | B81: Encargos Sociais - Grupo IV: Indenizações | H81: % | I81: Valor Mensal/unidade de serviço (R$)
A82: 1 | B82: INDENIZAÇÕES | H82: 0.048321 | I82: =$I$46*H82 -> 87.699979
A83: 2 | B83: FGTS SOBRE INDENIZAÇÕES | H83: 0.003511 | I83: =$I$46*H83 -> 6.3722735
A84: 3 | B84: INDENIZAÇÃO COMPENSATÓRIA POR DEMISSÃO SEM JUSTA CAUSA | H84: 0.019328 | I84: =$I$46*H84 -> 35.079266
A85: Total do Grupo IV | H85: =SUM(H82:H84) -> 0.07116 | I85: =SUM(I82:I84) -> 129.15152
A87: V | B87: Encargos Sociais - Grupo V: Incidências | H87: % | I87: Valor Mensal/unidade de serviço (R$)
A88: 1 | B88: INCIDÊNCIA GRUPO II (Obrigações Sociais) X GRUPO III (Tempo Não Trabalhado) | H88: =(H66*H78) -> 0.093819024 | I88: =$I$46*H88 -> 170.27641
A89: Total do Grupo V | H89: =SUM(H88:H88) -> 0.093819024 | I89: =I88 -> 170.27641
A91: TOTAL DOS ENCARGOS SOCIAIS (II + III + IV + V) | H91: =H66+H78+H85+H89 -> 0.78792202 | I91: =I66+I78+I85+I89 -> 1430.0355
A93: VI | B93: Demais custos relativos à Norma Coletiva ou Disposições Legais - Grupo VI | H93: % | I93: Valor Mensal/unidade de serviço (R$)
A94: 1 | B94: Auxílio Alimentação | H94: =I94/$I$46 -> 0.26657165 | I94: =I114 -> 483.813
A95: =A94+1 -> 2 | B95: Auxílio Lanche | H95: =I95/$I$46 -> 0 | I95: =I110 -> 0
A96: =A95+1 -> 3 | B96: Plano de Saúde | H96: =I96/$I$46 -> 0 | I96: 0
A97: =A96+1 -> 4 | B97: Vale-Transporte⁽⁵⁾ | H97: =I97/$I$46 -> 0.11576286 | I97: =I106 -> 210.10327
A98: =A97+1 -> 5 | B98: Adicional Intervalar | H98: =I98/$I$46 -> 0 | I98: =IF(I28="Não aplicável",0,((I10/H10)*1.5*I28)) -> 0
A99: 6 | B99: Prêmio Assiduidade (quando houver) | H99: =I99/$I$46 -> 0.04407846 | I99: =IF(I21="Não aplicável",0,I21) -> 80
A100: 7 | B100: Plano de Benefício Social Familiar (apenas para a CCT SEEAC/SINDASSEIO) | H100: =I100/$I$46 -> 0.014061029 | I100: =IF(I22="Não aplicável",0,I22) -> 25.52
A101: 8 | B101: Outros | H101: =I101/$I$46 -> 0 | I101: =IF(I23="Não aplicável",0,I23) -> 0
A102: Total do Grupo VI | H102: =SUM(H94:H101) -> 0.44047399 | I102: =SUM(I94:I101) -> 799.43627
A103: (5) | B103: O valor do vale-transporte pode variar de acordo com o modal fornecido pelo empregador.
A104: MEMÓRIA DE CÁLCULO DO VALE TRANSPORTE
A105: Valor Unitário | C105: Dias de Trabalho | D105: Vale p/dia | E105: Custo total | F105: Base de cálculo | G105: Percentual de desconto | H105: Valor desconto | I105: Custo efetivo
A106: =IF(I12="Não aplicável",0,I12) -> 7.25 | C106: =IF(I13="Não aplicável",0,I13) -> 22 | D106: 2 | E106: =A106*C106*D106 -> 319 | F106: =I38 -> 1814.9455 | G106: =IF(I14="Não aplicável",0,I14) -> 0.06 | H106: =F106*G106 -> 108.89673 | I106: =IF((E106-H106)>0,E106-H106,0) -> 210.10327
A108: MEMÓRIA DE CÁLCULO DO VALE LANCHE
A109: Valor Unitário | C109: Dias por mês | D109: Vale p/dia | E109: Custo total | F109: Base de cálculo | G109: Percentual de desconto | H109: Valor desconto | I109: Custo efetivo
A110: =IF(I18="Não aplicável",0,I18) -> 0 | C110: =IF(I19="Não aplicável",0,I19) -> 0 | D110: 1 | E110: =A110*C110*D110 -> 0 | F110: =E110 -> 0 | G110: =IF(I20="Não aplicável",0,I20) -> 0 | H110: =F110*G110 -> 0 | I110: =E110-H110 -> 0
A112: MEMÓRIA DE CÁLCULO DO | F112: =A15 -> Auxílio Alimentação
A113: Valor Unitário | C113: Dias por mês | D113: Vale p/dia | E113: Custo total | F113: Base de cálculo | G113: Percentual de desconto | H113: =H105 -> Valor desconto | I113: Custo efetivo
A114: =IF(I15="Não aplicável",0,I15) -> 27.15 | C114: =IF(I16="Não aplicável",0,I16) -> 22 | D114: 1 | E114: =A114*C114*D114 -> 597.3 | F114: =E114 -> 597.3 | G114: =IF(I17="Não aplicável",0,I17) -> 0.19 | H114: =F114*G114 -> 113.487 | I114: =E114-H114 -> 483.813
A116: TOTAL DO MONTANTE A (I + II + III+ IV + V +VI) | H116: =H46+H91+H102 -> 2.228396 | I116: =I46+I91+I102 -> 4044.4172
A118: MONTANTE B
A119: I | B119: Despesas Diretas | H119: % | I119: Valor Mensal/unidade de serviço (R$)
A120: 1 | B120: Transporte (6) | H120: =I120/$I$132 -> 0 | I120: 0
A121: 2 | B121: Uniformes/EPI (6a) | H121: =I121/$I$132 -> 0.1 | I121: =IF(F130=10%,G130,0) -> 383.4314
A122: 3 | B122: Seguro de vida | H122: =I122/$I$132 -> 0 | I122: 0
...

Sheet Materiais Equipamentos
A1: ATENÇÃO: SOMENTE PREENCHER QUANDO HOUVER FORNECIMENTO DE MATERIAIS E/OU EQUIPAMENTOS (NÃO INCLUÍDO EPIs E UNIFORMES)
A2: PLANILHA DE MATERIAIS E EQUIPAMENTOS A SER PREENCHIDA PELO LICITANTE COM BASE NO TERMO DE REFERÊNCIA, QUANDO HOUVER NECESSIDADE DE FORNECIMENTO DE MATERIAIS/EQUIPAMENTOS (VER CGL 7.2 DO EDITAL)
A3: Material/Equipamento (não incluir EPIs e uniformes) | B3: Quantidade | C3: Valor unitário | D3: Valor total
A35: VALOR TOTAL MENSAL DE MATERIAIS/EQUIPAMENTOS: | D35: =SUM(D4:D33) -> 0

Sheet Resumo
A1: Função | B1: Cidade | C1: Carga Horária | D1: Dias da semana | E1: Nº de Postos | F1: Valor unitário mensal de MATERIAL/EQUIPAMENTO | G1: Valor total mensal de MATERIAL/EQUIPAMENTO | H1: Valor unitário mensal de retenção para a CONTA VINCULADA | I1: Valor total mensal de retenção para a CONTA VINCULADA | J1: Valor unitário mensal do posto | K1: Valor total mensal do posto
A2: Copeiro | B2: Porto Alegre - HEMORGS | C2: 40h | D2: seg-sex | E2: 1 | F2: =OFFSET(INDIRECT(SUBSTITUTE(_xlfn.FORMULATEXT(J2),"=","")), -6, 0) -> 0 | G2: =F2*E2 -> 0 | H2: =OFFSET(INDIRECT(SUBSTITUTE(_xlfn.FORMULATEXT(J2),"=","")), -3, 0) -> 741.70403 | I2: =H2*E2 -> 741.70403 | J2: ='Copeiro - Porto Alegre'!I196 -> 4565.3567 | K2: =E2*J2 -> 4565.3567
A3: Almoxarife | B3: Porto Alegre - HEMORGS | C3: 40h | D3: seg-sex | E3: 1 | F3: =OFFSET(INDIRECT(SUBSTITUTE(_xlfn.FORMULATEXT(J3),"=","")), -6, 0) -> 0 | G3: =F3*E3 -> 0 | H3: =OFFSET(INDIRECT(SUBSTITUTE(_xlfn.FORMULATEXT(J3),"=","")), -3, 0) -> 890.84204 | I3: =H3*E3 -> 890.84204 | J3: ='Almoxarife - Porto Alegre'!I196 -> 5302.2834 | K3: =E3*J3 -> 5302.2834
A4: Assistente Administrativo | B4: Porto Alegre - HEMORGS | C4: 40h | D4: seg-sex | E4: 2 | F4: =OFFSET(INDIRECT(SUBSTITUTE(_xlfn.FORMULATEXT(J4),"=","")), -6, 0) -> 0 | G4: =F4*E4 -> 0 | H4: =OFFSET(INDIRECT(SUBSTITUTE(_xlfn.FORMULATEXT(J4),"=","")), -3, 0) -> 807.78714 | I4: =H4*E4 -> 1615.5743 | J4: ='Administrativo - Porto Alegre'!I196 -> 5344.0665 | K4: =E4*J4 -> 10688.133
A5: Recepção | B5: Porto Alegre - HEMORGS | C5: 40h | D5: seg-sex | E5: 5 | F5: =OFFSET(INDIRECT(SUBSTITUTE(_xlfn.FORMULATEXT(J5),"=","")), -6, 0) -> 0 | G5: =F5*E5 -> 0 | H5: =OFFSET(INDIRECT(SUBSTITUTE(_xlfn.FORMULATEXT(J5),"=","")), -3, 0) -> 698.79435 | I5: =H5*E5 -> 3493.9717 | J5: ='Recepção - Porto Alegre'!I196 -> 4626.5835 | K5: =E5*J5 -> 23132.918
A6: Copeiro | B6: Pelotas - HEMOPEL | C6: 44h | D6: seg-sex | E6: 1 | F6: =OFFSET(INDIRECT(SUBSTITUTE(_xlfn.FORMULATEXT(J6),"=","")), -6, 0) -> 0 | G6: =F6*E6 -> 0 | H6: =OFFSET(INDIRECT(SUBSTITUTE(_xlfn.FORMULATEXT(J6),"=","")), -3, 0) -> 815.87443 | I6: =H6*E6 -> 815.87443 | J6: ='Copeiro - Pelotas'!I196 -> 4977.6085 | K6: =E6*J6 -> 4977.6085
A7: Almoxarife | B7: Pelotas - HEMOPEL | C7: 40h | D7: seg-sex | E7: 1 | F7: =OFFSET(INDIRECT(SUBSTITUTE(_xlfn.FORMULATEXT(J7),"=","")), -6, 0) -> 0 | G7: =F7*E7 -> 0 | H7: =OFFSET(INDIRECT(SUBSTITUTE(_xlfn.FORMULATEXT(J7),"=","")), -3, 0) -> 890.84204 | I7: =H7*E7 -> 890.84204 | J7: ='Almoxarife - Pelotas'!I196 -> 5348.0414 | K7: =E7*J7 -> 5348.0414
A8: Auxiliar de Manutenção | B8: Pelotas - HEMOPEL | C8: 40h | D8: seg-sex | E8: 1 | F8: =OFFSET(INDIRECT(SUBSTITUTE(_xlfn.FORMULATEXT(J8),"=","")), -6, 0) -> 0 | G8: =F8*E8 -> 0 | H8: =OFFSET(INDIRECT(SUBSTITUTE(_xlfn.FORMULATEXT(J8),"=","")), -3, 0) -> 618.08669 | I8: =H8*E8 -> 618.08669 | J8: ='Aux. Manutenção - Pelotas'!I196 -> 3982.7185 | K8: =E8*J8 -> 3982.7185
A9: Recepção | B9: Pelotas - HEMOPEL | C9: 44h | D9: seg-sex | E9: 3 | F9: =OFFSET(INDIRECT(SUBSTITUTE(_xlfn.FORMULATEXT(J9),"=","")), -6, 0) -> 0 | G9: =F9*E9 -> 0 | H9: =OFFSET(INDIRECT(SUBSTITUTE(_xlfn.FORMULATEXT(J9),"=","")), -3, 0) -> 768.67378 | I9: =H9*E9 -> 2306.0214 | J9: ='Recepção - Pelotas'!I196 -> 5177.7853 | K9: =E9*J9 -> 15533.356
A10: Copeiro | B10: Passo Fundo - HEMOPASSO | C10: 40h | D10: seg-sex | E10: 1 | F10: =OFFSET(INDIRECT(SUBSTITUTE(_xlfn.FORMULATEXT(J10),"=","")), -6, 0) -> 0 | G10: =F10*E10 -> 0 | H10: =OFFSET(INDIRECT(SUBSTITUTE(_xlfn.FORMULATEXT(J10),"=","")), -3, 0) -> 741.70403 | I10: =H10*E10 -> 741.70403 | J10: ='Copeiro - Passo Fundo'!I196 -> 4366.5112 | K10: =E10*J10 -> 4366.5112
A11: Almoxarife | B11: Passo Fundo - HEMOPASSO | C11: 40h | D11: seg-sex | E11: 1 | F11: =OFFSET(INDIRECT(SUBSTITUTE(_xlfn.FORMULATEXT(J11),"=","")), -6, 0) -> 0 | G11: =F11*E11 -> 0 | H11: =OFFSET(INDIRECT(SUBSTITUTE(_xlfn.FORMULATEXT(J11),"=","")), -3, 0) -> 890.84204 | I11: =H11*E11 -> 890.84204 | J11: ='Almoxarife - Passo Fundo'!I196 -> 5080.0062 | K11: =E11*J11 -> 5080.0062
A12: Assistente Administrativo | B12: Passo Fundo - HEMOPASSO | C12: 40h | D12: seg-sex | E12: 1 | F12: =OFFSET(INDIRECT(SUBSTITUTE(_xlfn.FORMULATEXT(J12),"=","")), -6, 0) -> 0 | G12: =F12*E12 -> 0 | H12: =OFFSET(INDIRECT(SUBSTITUTE(_xlfn.FORMULATEXT(J12),"=","")), -3, 0) -> 807.78714 | I12: =H12*E12 -> 807.78714 | J12: ='Administrativo - Passo Fundo'!I196 -> 5111.828 | K12: =E12*J12 -> 5111.828
A13: Auxiliar de Manutenção | B13: Passo Fundo - HEMOPASSO | C13: 40h | D13: seg-sex | E13: 1 | F13: =OFFSET(INDIRECT(SUBSTITUTE(_xlfn.FORMULATEXT(J13),"=","")), -6, 0) -> 0 | G13: =F13*E13 -> 0 | H13: =OFFSET(INDIRECT(SUBSTITUTE(_xlfn.FORMULATEXT(J13),"=","")), -3, 0) -> 618.08669 | I13: =H13*E13 -> 618.08669 | J13: ='Aux. Manutenção - Passo Fundo'!I196 -> 3758.0958 | K13: =E13*J13 -> 3758.0958
A14: Recepção | B14: Passo Fundo - HEMOPASSO | C14: 40h | D14: seg-sex | E14: 5 | F14: =OFFSET(INDIRECT(SUBSTITUTE(_xlfn.FORMULATEXT(J14),"=","")), -6, 0) -> 0 | G14: =F14*E14 -> 0 | H14: =OFFSET(INDIRECT(SUBSTITUTE(_xlfn.FORMULATEXT(J14),"=","")), -3, 0) -> 698.79435 | I14: =H14*E14 -> 3493.9717 | J14: ='Recepção - Passo Fundo'!I196 -> 4539.7495 | K14: =E14*J14 -> 22698.747
A15: Copeiro | B15: Santa Maria - HEMOSM | C15: 40h | D15: seg-sex | E15: 1 | F15: =OFFSET(INDIRECT(SUBSTITUTE(_xlfn.FORMULATEXT(J15),"=","")), -6, 0) -> 0 | G15: =F15*E15 -> 0 | H15: =OFFSET(INDIRECT(SUBSTITUTE(_xlfn.FORMULATEXT(J15),"=","")), -3, 0) -> 741.70403 | I15: =H15*E15 -> 741.70403 | J15: ='Copeiro - Santa Maria'!I196 -> 4608.8287 | K15: =E15*J15 -> 4608.8287
A16: Almoxarife | B16: Santa Maria - HEMOSM | C16: 40h | D16: seg-sex | E16: 1 | F16: =OFFSET(INDIRECT(SUBSTITUTE(_xlfn.FORMULATEXT(J16),"=","")), -6, 0) -> 0 | G16: =F16*E16 -> 0 | H16: =OFFSET(INDIRECT(SUBSTITUTE(_xlfn.FORMULATEXT(J16),"=","")), -3, 0) -> 890.84204 | I16: =H16*E16 -> 890.84204 | J16: ='Almoxarife - Santa Maria'!I196 -> 5337.7757 | K16: =E16*J16 -> 5337.7757
A17: Auxiliar de Manutenção | B17: Santa Maria - HEMOSM | C17: 40h | D17: seg-sex | E17: 1 | F17: =OFFSET(INDIRECT(SUBSTITUTE(_xlfn.FORMULATEXT(J17),"=","")), -6, 0) -> 0 | G17: =F17*E17 -> 0 | H17: =OFFSET(INDIRECT(SUBSTITUTE(_xlfn.FORMULATEXT(J17),"=","")), -3, 0) -> 618.08669 | I17: =H17*E17 -> 618.08669 | J17: ='Aux. Manutenção - Santa Maria'!I196 -> 3987.237 | K17: =E17*J17 -> 3987.237
A18: Recepção | B18: Santa Maria - HEMOSM | C18: 40h | D18: seg-sex | E18: 3 | F18: =OFFSET(INDIRECT(SUBSTITUTE(_xlfn.FORMULATEXT(J18),"=","")), -6, 0) -> 0 | G18: =F18*E18 -> 0 | H18: =OFFSET(INDIRECT(SUBSTITUTE(_xlfn.FORMULATEXT(J18),"=","")), -3, 0) -> 698.79435 | I18: =H18*E18 -> 2096.383 | J18: ='Recepção - Santa Maria'!I196 -> 4794.6385 | K18: =E18*J18 -> 14383.915
